Workbook

Sheet direct labour only
P1: relative | Q1: relative
B2: period 1 | N2: result | O2: result | P2: exchange | Q2: result
C3: input | K3: relative | L3: numerator | N3: in price | O3: per unit | P3: value of | Q3: per unit
B4: sector | C4: labour | D4: A | E4: B | F4: C | G4: D | H4: E | I4: output | K4: prices | L4: A | N4: =L4 -> A | O4: labour | P4: goods | Q4: labour
S5: EXPLANATION
B6: A | C6: 40 | I6: 4 | K6: 10 | L6: =K6/IF($L$4="A",$K$6,IF($L$4="B",$K$7,IF($L$4="C",$K$8,IF($L$4="D",$K$9,IF($L$4="E",$K$10,0))))) -> 1 | N6: =I6*L6*$C$20/$C$11 -> 4.3333333 | O6: =N6/C6 -> 0.10833333 | P6: =L6/$N$11 -> 0.057692308 | Q6: =O6/$O$11 -> 0.75
B7: B | C7: 30 | I7: 2 | K7: 20 | L7: =K7/IF($L$4="A",$K$6,IF($L$4="B",$K$7,IF($L$4="C",$K$8,IF($L$4="D",$K$9,IF($L$4="E",$K$10,0))))) -> 2 | N7: =I7*L7*$C$20/$C$11 -> 4.3333333 | O7: =N7/C7 -> 0.14444444 | P7: =L7/$N$11 -> 0.11538462 | Q7: =O7/$O$11 -> 1 | S7: instructions:
B8: C | C8: 30 | I8: 6 | K8: 10 | L8: =K8/IF($L$4="A",$K$6,IF($L$4="B",$K$7,IF($L$4="C",$K$8,IF($L$4="D",$K$9,IF($L$4="E",$K$10,0))))) -> 1 | N8: =I8*L8*$C$20/$C$11 -> 6.5 | O8: =N8/C8 -> 0.21666667 | P8: =L8/$N$11 -> 0.057692308 | Q8: =O8/$O$11 -> 1.5 | S8: you are free to change the values of the green marked cells
B9: D | C9: 10 | I9: 2 | K9: 5 | L9: =K9/IF($L$4="A",$K$6,IF($L$4="B",$K$7,IF($L$4="C",$K$8,IF($L$4="D",$K$9,IF($L$4="E",$K$10,0))))) -> 0.5 | N9: =I9*L9*$C$20/$C$11 -> 1.0833333 | O9: =N9/C9 -> 0.10833333 | P9: =L9/$N$11 -> 0.028846154 | Q9: =O9/$O$11 -> 0.75 | S9: these concern the input of labour, the output of commodities and their relative prices
B10: E | C10: 10 | I10: 2 | K10: 5 | L10: =K10/IF($L$4="A",$K$6,IF($L$4="B",$K$7,IF($L$4="C",$K$8,IF($L$4="D",$K$9,IF($L$4="E",$K$10,0))))) -> 0.5 | N10: =I10*L10*$C$20/$C$11 -> 1.0833333 | O10: =N10/C10 -> 0.10833333 | P10: =L10/$N$11 -> 0.028846154 | Q10: =O10/$O$11 -> 0.75 | S10: you may also choose the price of one commodity as numerator for all commodity prices
B11: totaal | C11: =SUM(C6:C10) -> 120 | N11: =SUM(N6:N10) -> 17.333333 | O11: =N11/C11 -> 0.14444444
S12: results:
B13: period 2 | S13: with direct use of labour only and
S14: irrespective the price of which commodity is chosen as numerator
B15: A | C15: 44 | I15: 5.5 | K15: 10 | L15: =K15/IF($L$4="A",$K$15,IF($L$4="B",$K$16,IF($L$4="C",$K$17,IF($L$4="D",$K$18,IF($L$4="E",$K$19,0))))) -> 1 | N15: =I15*L15 -> 5.5 | O15: =N15/C15 -> 0.125 | P15: =L15/$N$20 -> 0.042918455 | Q15: =O15/$O$20 -> 0.69742489 | S15: the twofold valuation method deterrmines the right technical change by changing labour inputs, outputs and prices
B16: B | C16: 33 | I16: 3.3 | K16: 30 | L16: =K16/IF($L$4="A",$K$15,IF($L$4="B",$K$16,IF($L$4="C",$K$17,IF($L$4="D",$K$18,IF($L$4="E",$K$19,0))))) -> 3 | N16: =I16*L16 -> 9.9 | O16: =N16/C16 -> 0.3 | P16: =L16/$N$20 -> 0.12875536 | Q16: =O16/$O$20 -> 1.6738197 | S16: regardless of the changes in the green cells the technical change rho remains fully in accordance with the directly derived rho
B17: C | C17: 33 | I17: 8.8 | K17: 5 | L17: =K17/IF($L$4="A",$K$15,IF($L$4="B",$K$16,IF($L$4="C",$K$17,IF($L$4="D",$K$18,IF($L$4="E",$K$19,0))))) -> 0.5 | N17: =I17*L17 -> 4.4 | O17: =N17/C17 -> 0.13333333 | P17: =L17/$N$20 -> 0.021459227 | Q17: =O17/$O$20 -> 0.74391989 | S17: if the total input of labour changes over time, the measurement of the technical change is automatically adjusted
B18: D | C18: 10 | I18: 2 | K18: 10 | L18: =K18/IF($L$4="A",$K$15,IF($L$4="B",$K$16,IF($L$4="C",$K$17,IF($L$4="D",$K$18,IF($L$4="E",$K$19,0))))) -> 1 | N18: =I18*L18 -> 2 | O18: =N18/C18 -> 0.2 | P18: =L18/$N$20 -> 0.042918455 | Q18: =O18/$O$20 -> 1.1158798 | S18: by a correction of the result of each sector in period 1 that equalizes total labour input in both periods
B19: E | C19: 10 | I19: 3 | K19: 5 | L19: =K19/IF($L$4="A",$K$15,IF($L$4="B",$K$16,IF($L$4="C",$K$17,IF($L$4="D",$K$18,IF($L$4="E",$K$19,0))))) -> 0.5 | N19: =I19*L19 -> 1.5 | O19: =N19/C19 -> 0.15 | P19: =L19/$N$20 -> 0.021459227 | Q19: =O19/$O$20 -> 0.83690987
B20: totaal | C20: =SUM(C15:C19) -> 130 | N20: =SUM(N15:N19) -> 23.3 | O20: =N20/C20 -> 0.17923077 | S20: restrictions:
S21: output and prices of each sector must be positive
B22: twofold valuation from period 1 to period 2
B23: period 1
B24: A | D24: 1 | E24: 0 | F24: 0 | G24: 0 | H24: 0 | L24: =P6/Q6 -> 0.076923077 | O24: =L24*D24 -> 0.076923077
B25: B | D25: 0 | E25: 1 | F25: 0 | G25: 0 | H25: 0 | L25: =P7/Q7 -> 0.11538462 | O25: =L25*E25 -> 0.11538462
B26: C | D26: 0 | E26: 0 | F26: 1 | G26: 0 | H26: 0 | L26: =P8/Q8 -> 0.038461538 | O26: =L26*F26 -> 0.038461538
B27: D | D27: 0 | E27: 0 | F27: 0 | G27: 1 | H27: 0 | L27: =P9/Q9 -> 0.038461538 | O27: =L27*G27 -> 0.038461538 | S27: rho | V27: Index of labour worked up in commodities
B28: E | D28: 0 | E28: 0 | F28: 0 | G28: 0 | H28: 1 | L28: =P10/Q10 -> 0.038461538 | O28: =L28*H28 -> 0.038461538 | S28: directly derived from | V28: period
B29: period 2 | Q29: rho | S29: production processes | V29: 1 | W29: 2
B30: A | D30: 1 | E30: 0 | F30: 0 | G30: 0 | H30: 0 | L30: =P15/Q15 -> 0.061538462 | O30: =L30*D30 -> 0.061538462 | Q30: =1-O30/O24 -> 0.2 | S30: =(C6/I6-C15/I15)/(C6/I6) -> 0.2 | V30: 100 | W30: =V30-Q30*V30 -> 80
B31: B | D31: 0 | E31: 1 | F31: 0 | G31: 0 | H31: 0 | L31: =P16/Q16 -> 0.076923077 | O31: =L31*E31 -> 0.076923077 | Q31: =1-O31/O25 -> 0.33333333 | S31: =(C7/I7-C16/I16)/(C7/I7) -> 0.33333333 | V31: 100 | W31: =V31-Q31*V31 -> 66.666667
B32: C | D32: 0 | E32: 0 | F32: 1 | G32: 0 | H32: 0 | L32: =P17/Q17 -> 0.028846154 | O32: =L32*F32 -> 0.028846154 | Q32: =1-O32/O26 -> 0.25 | S32: =(C8/I8-C17/I17)/(C8/I8) -> 0.25 | V32: 100 | W32: =V32-Q32*V32 -> 75
B33: D | D33: 0 | E33: 0 | F33: 0 | G33: 1 | H33: 0 | L33: =P18/Q18 -> 0.038461538 | O33: =L33*G33 -> 0.038461538 | Q33: =1-O33/O27 -> 0 | S33: =(C9/I9-C18/I18)/(C9/I9) -> 0 | V33: 100 | W33: =V33-Q33*V33 -> 100
B34: E | D34: 0 | E34: 0 | F34: 0 | G34: 0 | H34: 1 | L34: =P19/Q19 -> 0.025641026 | O34: =L34*H34 -> 0.025641026 | Q34: =1-O34/O28 -> 0.33333333 | S34: =(C10/I10-C19/I19)/(C10/I10) -> 0.33333333 | V34: 100 | W34: =V34-Q34*V34 -> 66.666667

Sheet intermediate step
P1: relative | Q1: relative
B2: period 1 | N2: result | O2: result | P2: exchange | Q2: result
C3: input | K3: relative | L3: numerator | N3: in price | O3: per unit | P3: value of | Q3: per unit
B4: firm | C4: labour | D4: A | E4: B | F4: C | G4: D | H4: E | I4: output | K4: prices | L4: A | N4: =L4 -> A | O4: labour | P4: goods | Q4: labour
S5: EXPLANATION
B6: A | C6: 40 | E6: 1 | F6: 1 | G6: 0 | H6: 0 | I6: 4 | K6: 10 | L6: =K6/IF($L$4="A",$K$6,IF($L$4="B",$K$7,IF($L$4="C",$K$8,IF($L$4="D",$K$9,IF($L$4="E",$K$10,0))))) -> 1 | N6: =(I6*L6-E6*L7-F6*L8-G6*L9-H6*L10)*$C$20/$C$11 -> 1.9 | O6: =N6/C6 -> 0.0475 | P6: =L6/$N$11 -> 0.095238095 | Q6: =O6/$O$11 -> 0.54285714
B7: B | C7: 30 | D7: 0 | F7: 0 | G7: 0 | H7: 0 | I7: 2 | K7: 15 | L7: =K7/IF($L$4="A",$K$6,IF($L$4="B",$K$7,IF($L$4="C",$K$8,IF($L$4="D",$K$9,IF($L$4="E",$K$10,0))))) -> 1.5 | N7: =(I7*L7-D7*L6-F7*L8-G7*L9-H7*L10)*$C$20/$C$11 -> 3 | O7: =N7/C7 -> 0.1 | P7: =L7/$N$11 -> 0.14285714 | Q7: =O7/$O$11 -> 1.1428571 | S7: instructions:
B8: C | C8: 30 | D8: 0 | E8: 0 | G8: 0 | H8: 0 | I8: 6 | K8: 6 | L8: =K8/IF($L$4="A",$K$6,IF($L$4="B",$K$7,IF($L$4="C",$K$8,IF($L$4="D",$K$9,IF($L$4="E",$K$10,0))))) -> 0.6 | N8: =(I8*L8-D8*L6-E8*L7-G8*L9-H8*L10)*$C$20/$C$11 -> 3.6 | O8: =N8/C8 -> 0.12 | P8: =L8/$N$11 -> 0.057142857 | Q8: =O8/$O$11 -> 1.3714286 | S8: in this sheet we start to take into account the intermediate deliveries of sectors
B9: D | C9: 10 | D9: 0 | E9: 0 | F9: 0 | H9: 0 | I9: 2 | K9: 5 | L9: =K9/IF($L$4="A",$K$6,IF($L$4="B",$K$7,IF($L$4="C",$K$8,IF($L$4="D",$K$9,IF($L$4="E",$K$10,0))))) -> 0.5 | N9: =(I9*L9-D9*L6-E9*L7-F9*L8-H9*L10)*$C$20/$C$11 -> 1 | O9: =N9/C9 -> 0.1 | P9: =L9/$N$11 -> 0.047619048 | Q9: =O9/$O$11 -> 1.1428571 | S9: in this intermediate step we help you first to identify the values of diagonals of both matrices
B10: E | C10: 10 | D10: 0 | E10: 0 | F10: 0 | G10: 0 | I10: 2 | K10: 5 | L10: =K10/IF($L$4="A",$K$6,IF($L$4="B",$K$7,IF($L$4="C",$K$8,IF($L$4="D",$K$9,IF($L$4="E",$K$10,0))))) -> 0.5 | N10: =(I10*L10-D10*L6-E10*L7-F10*L8-G10*L9)*$C$20/$C$11 -> 1 | O10: =N10/C10 -> 0.1 | P10: =L10/$N$11 -> 0.047619048 | Q10: =O10/$O$11 -> 1.1428571 | S10: by clicking on the diagonal values you can see the underlying formulas
B11: totaal | C11: =SUM(C6:C10) -> 120 | N11: =SUM(N6:N10) -> 10.5 | O11: =N11/C11 -> 0.0875 | S11: quite a few restrictions apply to find the correct identification yourselve
S12: so, you may also go directly to the next sheet with the full results
B13: period 2
S14: restrictions and results:
B15: A | C15: 40 | E15: 1 | F15: 1 | G15: 0 | H15: 0 | I15: 5 | K15: 10 | L15: =K15/IF($L$4="A",$K$15,IF($L$4="B",$K$16,IF($L$4="C",$K$17,IF($L$4="D",$K$18,IF($L$4="E",$K$19,0))))) -> 1 | N15: =I15*L15-E15*L16-F15*L17-G15*L18-H15*L19 -> 3.4 | O15: =N15/C15 -> 0.085 | P15: =L15/$N$20 -> 0.082644628 | Q15: =O15/$O$20 -> 0.84297521 | S15: to determine the values of the diagonal of the matrices the following restrictions apply:
B16: B | C16: 30 | D16: 0 | F16: 0 | G16: 0 | H16: 0 | I16: 2 | K16: 11 | L16: =K16/IF($L$4="A",$K$15,IF($L$4="B",$K$16,IF($L$4="C",$K$17,IF($L$4="D",$K$18,IF($L$4="E",$K$19,0))))) -> 1.1 | N16: =I16*L16-D16*L15-F16*L17-G16*L18-H16*L19 -> 2.2 | O16: =N16/C16 -> 0.073333333 | P16: =L16/$N$20 -> 0.090909091 | Q16: =O16/$O$20 -> 0.72727273 | S16: 1 | T16: technical change is only allowed in one sector that uses commodities from other sectors
B17: C | C17: 30 | D17: 0 | E17: 0 | G17: 0 | H17: 0 | I17: 6 | K17: 5 | L17: =K17/IF($L$4="A",$K$15,IF($L$4="B",$K$16,IF($L$4="C",$K$17,IF($L$4="D",$K$18,IF($L$4="E",$K$19,0))))) -> 0.5 | N17: =I17*L17-D17*L15-E17*L16-G17*L18-H17*L19 -> 3 | O17: =N17/C17 -> 0.1 | P17: =L17/$N$20 -> 0.041322314 | Q17: =O17/$O$20 -> 0.99173554 | S17: 2 | T17: in this sector no change in required inputs (labour and intermediate inputs) may occur
B18: D | C18: 10 | D18: 0 | E18: 0 | F18: 0 | H18: 0 | I18: 3 | K18: 5 | L18: =K18/IF($L$4="A",$K$15,IF($L$4="B",$K$16,IF($L$4="C",$K$17,IF($L$4="D",$K$18,IF($L$4="E",$K$19,0))))) -> 0.5 | N18: =I18*L18-D18*L15-E18*L16-F18*L17-H18*L19 -> 1.5 | O18: =N18/C18 -> 0.15 | P18: =L18/$N$20 -> 0.041322314 | Q18: =O18/$O$20 -> 1.4876033 | S18: if these restrictions are taken into account, rho is properly calculated
B19: E | C19: 10 | D19: 0 | E19: 0 | F19: 0 | G19: 0 | I19: 4 | K19: 5 | L19: =K19/IF($L$4="A",$K$15,IF($L$4="B",$K$16,IF($L$4="C",$K$17,IF($L$4="D",$K$18,IF($L$4="E",$K$19,0))))) -> 0.5 | N19: =I19*L19-D19*L15-E19*L16-F19*L17-G19*L18 -> 2 | O19: =N19/C19 -> 0.2 | P19: =L19/$N$20 -> 0.041322314 | Q19: =O19/$O$20 -> 1.9834711 | S19: otherwise, rho will deviate from the directly derived rho
B20: totaal | C20: =SUM(C15:C19) -> 120 | N20: =SUM(N15:N19) -> 12.1 | O20: =N20/C20 -> 0.10083333 | S20: in this sector no change in required inputs (labour and intermediate inputs) may occur
B22: double-sided valuation from period 1 to period 2
B23: period 1
B24: A | D24: =(I6*L6-E6*L7-F6*L8-G6*L9-H6*L10)/(I6*L6) -> 0.475 | E24: 0 | F24: 0 | G24: 0 | H24: 0 | L24: =P6/Q6 -> 0.1754386 | O24: =L24*D24+E24*E25*L25+F24*F26*L26+G24*G27*L27+H24*H28*L28 -> 0.083333333
B25: B | D25: 0 | E25: 1 | F25: 0 | G25: 0 | H25: 0 | L25: =P7/Q7 -> 0.125 | O25: =L25*E25+D25*D24*L24+F25*F26*L26+G25*G27*L27+H25*H28*L28 -> 0.125
B26: C | D26: 0 | E26: 0 | F26: =(I8*L8-D8*L6-E8*L7-G8*L9-H8*L10)/(I8*L8) -> 1 | G26: 0 | H26: 0 | L26: =P8/Q8 -> 0.041666667 | O26: =L26*F26+D26*D24*L24+E26*E25*L25+G26*G27*L27+H26*H28*L28 -> 0.041666667
B27: D | D27: 0 | E27: 0 | F27: 0 | G27: =(I9*L9-D9*L6-E9*L7-F9*L8-H9*L10)/(I9*L9) -> 1 | H27: 0 | L27: =P9/Q9 -> 0.041666667 | O27: =L27*G27+D27*D24*L24+E27*E25*L25+F27*F26*L26+H27*H28*L28 -> 0.041666667 | S27: rho | V27: Index of labour worked up in commodities
B28: E | D28: 0 | E28: 0 | F28: 0 | G28: 0 | H28: =(I10*L10-D10*L6-E10*L7-F10*L8-G10*L9)/(I10*L10) -> 1 | L28: =P10/Q10 -> 0.041666667 | O28: =L28*H28+D28*D24*L24+E28*E25*L25+F28*F26*L26+G28*G27*L27 -> 0.041666667 | S28: directly derived from | V28: period
B29: period 2 | Q29: rho | S29: production processes | V29: 1 | W29: 2
B30: A | D30: =(I15*L15-E15*L16-F15*L17-G15*L18-H15*L19)/(I15*L15) -> 0.68 | E30: 0 | F30: 0 | G30: 0 | H30: 0 | L30: =P15/Q15 -> 0.098039216 | O30: =L30*D30+E30*E31*L31+F30*F32*L32+G30*G33*L33+H30*H34*L34 -> 0.066666667 | Q30: =1-O30/O24 -> 0.2 | S30: =(((C6+(E6/I7)*C7+(F6/I8)*C8+(G6/I9)*C9+(H6/I10)*C10)/I6)-((C15+(E15/I16)*C16+(F15/I17)*C17+(G15/I18)*C18+(H15/I19)*C19)/I15))/((C6+(E6/I7)*C7+(F6/I8)*C8+(G6/I9)*C9+(H6/I10)*C10)/I6) -> 0.2 | V30: 100 | W30: =V30-Q30*V30 -> 80
B31: B | D31: 0 | E31: =(I16*L16-D16*L15-F16*L17-G16*L18-H16*L19)/(I16*L16) -> 1 | F31: 0 | G31: 0 | H31: 0 | L31: =P16/Q16 -> 0.125 | O31: =L31*E31+D31*D30*L30+F31*F32*L32+G31*G33*L33+H31*H34*L34 -> 0.125 | Q31: =1-O31/O25 -> 0 | S31: =(((C7+(D7/I6)*C6+(F7/I8)*C8+(G7/I9)*C9+(H7/I10)*C10)/I7)-((C16+(D16/I15)*C15+(F16/I17)*C17+(G16/I18)*C18+(H16/I19)*C19)/I16))/((C7+(D7/I6)*C6+(F7/I8)*C8+(G7/I9)*C9+(H7/I10)*C10)/I7) -> 0 | V31: 100 | W31: =V31-Q31*V31 -> 100
B32: C | D32: 0 | E32: 0 | F32: =(I17*L17-D17*L15-E17*L16-G17*L18-H17*L19)/(I17*L17) -> 1 | G32: 0 | H32: 0 | L32: =P17/Q17 -> 0.041666667 | O32: =L32*F32+D32*D30*L30+E32*E31*L31+G32*G33*L33+H32*H34*L34 -> 0.041666667 | Q32: =1-O32/O26 -> 0 | S32: =(((C8+(D8/I6)*C6+(E8/I7)*C7+(G8/I9)*C9+(H8/I10)*C10)/I8)-((C17+(D17/I15)*C15+(E17/I16)*C16+(G17/I18)*C18+(H17/I19)*C19)/I17))/((C8+(D8/I6)*C6+(E8/I7)*C7+(G8/I9)*C9+(H8/I10)*C10)/I8) -> 0 | V32: 100 | W32: =V32-Q32*V32 -> 100
B33: D | D33: 0 | E33: 0 | F33: 0 | G33: =(I18*L18-D18*L15-E18*L16-F18*L17-H18*L19)/(I18*L18) -> 1 | H33: 0 | L33: =P18/Q18 -> 0.027777778 | O33: =L33*G33+D33*D30*L30+E33*E31*L31+F33*F32*L32+H33*H34*L34 -> 0.027777778 | Q33: =1-O33/O27 -> 0.33333333 | S33: =(((C9+(D9/I6)*C6+(E9/I7)*C7+(F9/I8)*C8+(H9/I10)*C10)/I9)-((C18+(D18/I15)*C15+(E18/I16)*C16+(F18/I17)*C17+(H18/I19)*C19)/I18))/((C9+(D9/I6)*C6+(E9/I7)*C7+(F9/I8)*C8+(H9/I10)*C10)/I9) -> 0.33333333 | V33: 100 | W33: =V33-Q33*V33 -> 66.666667
B34: E | D34: 0 | E34: 0 | F34: 0 | G34: 0 | H34: =(I19*L19-D19*L15-E19*L16-F19*L17-G19*L18)/(I19*L19) -> 1 | L34: =P19/Q19 -> 0.020833333 | O34: =L34*H34+D34*D30*L30+E34*E31*L31+F34*F32*L32+G34*G33*L33 -> 0.020833333 | Q34: =1-O34/O28 -> 0.5 | S34: =(((C10+(D10/I6)*C6+(E10/I7)*C7+(F10/I8)*C8+(G10/I9)*C9)/I10)-((C19+(D19/I15)*C15+(E19/I16)*C16+(F19/I17)*C17+(G19/I18)*C18)/I19))/((C10+(D10/I6)*C6+(E10/I7)*C7+(F10/I8)*C8+(G10/I9)*C9)/I10) -> 0.5 | V34: 100 | W34: =V34-Q34*V34 -> 50

Sheet direct and indirect labour
N1: Uncorrected results | S1: Correction for varying total labour input
P2: relative | Q2: relative | U2: relative | V2: relative
B3: period 1 | N3: result | O3: result | P3: exchange | Q3: result | S3: result | T3: result | U3: exchange | V3: result
C4: input | K4: relative | L4: numerator | N4: in price | O4: per unit | P4: value of | Q4: per unit | S4: in price | T4: per unit | U4: value of | V4: per unit
B5: sector | C5: labour | D5: A | E5: B | F5: C | G5: D | H5: E | I5: output | K5: prices | L5: A | N5: =L5 -> A | O5: labour | P5: goods | Q5: labour | S5: =L5 -> A | T5: labour | U5: goods | V5: labour
X6: EXPLANATION
B7: A | C7: 40 | E7: 1 | F7: 0 | G7: 0 | H7: 1 | I7: 5 | K7: 10 | L7: =K7/IF($L$5="A",$K$7,IF($L$5="B",$K$8,IF($L$5="C",$K$9,IF($L$5="D",$K$10,IF($L$5="E",$K$11,0))))) -> 1 | S7: =(I7*L7-E7*L8-F7*L9-G7*L10-H7*L11)*$C$21/$C$12 -> 2.5 | T7: =S7/C7 -> 0.0625 | U7: =L7/$S$12 -> 0.09009009 | V7: =T7/$T$12 -> 0.67567568
B8: B | C8: 30 | D8: 1 | F8: 0 | G8: 1 | H8: 0 | I8: 2 | K8: 20 | L8: =K8/IF($L$5="A",$K$7,IF($L$5="B",$K$8,IF($L$5="C",$K$9,IF($L$5="D",$K$10,IF($L$5="E",$K$11,0))))) -> 2 | S8: =(I8*L8-D8*L7-F8*L9-G8*L10-H8*L11)*$C$21/$C$12 -> 2.5 | T8: =S8/C8 -> 0.083333333 | U8: =L8/$S$12 -> 0.18018018 | V8: =T8/$T$12 -> 0.9009009 | X8: instructions:
B9: C | C9: 30 | D9: 0 | E9: 0 | G9: 0 | H9: 0 | I9: 6 | K9: 6 | L9: =K9/IF($L$5="A",$K$7,IF($L$5="B",$K$8,IF($L$5="C",$K$9,IF($L$5="D",$K$10,IF($L$5="E",$K$11,0))))) -> 0.6 | S9: =(I9*L9-D9*L7-E9*L8-G9*L10-H9*L11)*$C$21/$C$12 -> 3.6 | T9: =S9/C9 -> 0.12 | U9: =L9/$S$12 -> 0.054054054 | V9: =T9/$T$12 -> 1.2972973 | X9: you are again free to change the values of the green marked cells
B10: D | C10: 10 | D10: 0.5 | E10: 0 | F10: 0 | H10: 0 | I10: 2 | K10: 5 | L10: =K10/IF($L$5="A",$K$7,IF($L$5="B",$K$8,IF($L$5="C",$K$9,IF($L$5="D",$K$10,IF($L$5="E",$K$11,0))))) -> 0.5 | S10: =(I10*L10-D10*L7-E10*L8-F10*L9-H10*L11)*$C$21/$C$12 -> 0.5 | T10: =S10/C10 -> 0.05 | U10: =L10/$S$12 -> 0.045045045 | V10: =T10/$T$12 -> 0.54054054 | X10: now, these also concern the intermediate input between sectors
B11: E | C11: 10 | D11: 0 | E11: 0 | F11: 0 | G11: 0 | I11: 4 | K11: 5 | L11: =K11/IF($L$5="A",$K$7,IF($L$5="B",$K$8,IF($L$5="C",$K$9,IF($L$5="D",$K$10,IF($L$5="E",$K$11,0))))) -> 0.5 | S11: =(I11*L11-D11*L7-E11*L8-F11*L9-G11*L10)*$C$21/$C$12 -> 2 | T11: =S11/C11 -> 0.2 | U11: =L11/$S$12 -> 0.045045045 | V11: =T11/$T$12 -> 2.1621622 | X11: of course, the production of each sector must be equal to or greater than its total of deliveries to other sectors
B12: totaal | C12: =SUM(C7:C11) -> 120 | S12: =SUM(S7:S11) -> 11.1 | T12: =S12/C12 -> 0.0925 | X12: by clicking on separate cells you can see the underlying formulas
B14: period 2 | X14: three periods are distinguished in this sheet
X15: this requires a rather complicated method to ensure a constant total of labour input over time
B16: A | C16: 40 | E16: 1 | F16: 0 | G16: 0 | H16: 1 | I16: 5 | K16: 10 | L16: =K16/IF($L$5="A",$K$16,IF($L$5="B",$K$17,IF($L$5="C",$K$18,IF($L$5="D",$K$19,IF($L$5="E",$K$20,0))))) -> 1 | N16: =I16*L16-E16*L17-F16*L18-G16*L19-H16*L20 -> 3 | O16: =N16/C16 -> 0.075 | P16: =L16/$N$21 -> 0.10989011 | Q16: =O16/$O$21 -> 0.98901099 | S16: =(I16*L16-E16*L17-F16*L18-G16*L19-H16*L20)*$C$30/$C$21 -> 3 | T16: =S16/C16 -> 0.075 | U16: =L16/$S$21 -> 0.10989011 | V16: =T16/$T$21 -> 0.98901099 | X16: for each comparison of periods asks for a comparison of corrected and uncorrected results
B17: B | C17: 30 | D17: 1 | F17: 0 | G17: 2 | H17: 0 | I17: 2 | K17: 15 | L17: =K17/IF($L$5="A",$K$16,IF($L$5="B",$K$17,IF($L$5="C",$K$18,IF($L$5="D",$K$19,IF($L$5="E",$K$20,0))))) -> 1.5 | N17: =I17*L17-D17*L16-F17*L18-G17*L19-H17*L20 -> 1.2 | O17: =N17/C17 -> 0.04 | P17: =L17/$N$21 -> 0.16483516 | Q17: =O17/$O$21 -> 0.52747253 | S17: =(I17*L17-D17*L16-F17*L18-G17*L19-H17*L20)*$C$30/$C$21 -> 1.2 | T17: =S17/C17 -> 0.04 | U17: =L17/$S$21 -> 0.16483516 | V17: =T17/$T$21 -> 0.52747253 | X17: as appears from the underlying fomulas of the relevant cells
B18: C | C18: 30 | D18: 0 | E18: 0 | G18: 0 | H18: 0 | I18: 6 | K18: 5 | L18: =K18/IF($L$5="A",$K$16,IF($L$5="B",$K$17,IF($L$5="C",$K$18,IF($L$5="D",$K$19,IF($L$5="E",$K$20,0))))) -> 0.5 | N18: =I18*L18-D18*L16-E18*L17-G18*L19-H18*L20 -> 3 | O18: =N18/C18 -> 0.1 | P18: =L18/$N$21 -> 0.054945055 | Q18: =O18/$O$21 -> 1.3186813 | S18: =(I18*L18-D18*L16-E18*L17-G18*L19-H18*L20)*$C$30/$C$21 -> 3 | T18: =S18/C18 -> 0.1 | U18: =L18/$S$21 -> 0.054945055 | V18: =T18/$T$21 -> 1.3186813
B19: D | C19: 10 | D19: 0.5 | E19: 0 | F19: 0 | H19: 0 | I19: 1 | K19: 4 | L19: =K19/IF($L$5="A",$K$16,IF($L$5="B",$K$17,IF($L$5="C",$K$18,IF($L$5="D",$K$19,IF($L$5="E",$K$20,0))))) -> 0.4 | N19: =I19*L19-D19*L16-E19*L17-F19*L18-H19*L20 -> -0.1 | O19: =N19/C19 -> -0.01 | P19: =L19/$N$21 -> 0.043956044 | Q19: =O19/$O$21 -> -0.13186813 | S19: =(I19*L19-D19*L16-E19*L17-F19*L18-H19*L20)*$C$30/$C$21 -> -0.1 | T19: =S19/C19 -> -0.01 | U19: =L19/$S$21 -> 0.043956044 | V19: =T19/$T$21 -> -0.13186813 | X19: the three periods enable to show what happens if the production of a commodity takes two year
B20: E | C20: 10 | D20: 0 | E20: 0 | F20: 0 | G20: 0 | I20: 4 | K20: 5 | L20: =K20/IF($L$5="A",$K$16,IF($L$5="B",$K$17,IF($L$5="C",$K$18,IF($L$5="D",$K$19,IF($L$5="E",$K$20,0))))) -> 0.5 | N20: =I20*L20-D20*L16-E20*L17-F20*L18-G20*L19 -> 2 | O20: =N20/C20 -> 0.2 | P20: =L20/$N$21 -> 0.054945055 | Q20: =O20/$O$21 -> 2.6373626 | S20: =(I20*L20-D20*L16-E20*L17-F20*L18-G20*L19)*$C$30/$C$21 -> 2 | T20: =S20/C20 -> 0.2 | U20: =L20/$S$21 -> 0.054945055 | V20: =T20/$T$21 -> 2.6373626 | X20: and the production starts to fluctuate over time, for instance if the sector consists of three firms, each making one commodity
B21: totaal | C21: =SUM(C16:C20) -> 120 | N21: =SUM(N16:N20) -> 9.1 | O21: =N21/C21 -> 0.075833333 | S21: =SUM(S16:S20) -> 9.1 | T21: =S21/C21 -> 0.075833333 | X21: for that reason the output of sector D falls initially from 2 in period 1 till 1 in period 2 and then return to 2 in period 3, and so on
X22: while the production processes of sector D do not change over time
B23: period 3
X24: results:
B25: A | C25: 40 | E25: 1 | F25: 0 | G25: 0 | H25: 1 | I25: 5 | K25: 10 | L25: =K25/IF($L$5="A",$K$16,IF($L$5="B",$K$17,IF($L$5="C",$K$18,IF($L$5="D",$K$19,IF($L$5="E",$K$20,0))))) -> 1 | N25: =I25*L25-E25*L26-F25*L27-G25*L28-H25*L29 -> 3 | O25: =N25/C25 -> 0.075 | P25: =L25/$N$30 -> 0.1010101 | Q25: =O25/$O$30 -> 0.90909091 | S25: =(I25*L25-E25*L26-F25*L27-G25*L28-H25*L29)*$C$30/$C$21 -> 3 | T25: =S25/C25 -> 0.075 | U25: =L25/$S$30 -> 0.1010101 | V25: =T25/$T$30 -> 0.90909091 | X25: Initially the production processes of all other sectors do not change over time
B26: B | C26: 30 | D26: 1 | F26: 0 | G26: 1 | H26: 0 | I26: 2 | K26: 15 | L26: =K26/IF($L$5="A",$K$16,IF($L$5="B",$K$17,IF($L$5="C",$K$18,IF($L$5="D",$K$19,IF($L$5="E",$K$20,0))))) -> 1.5 | N26: =I26*L26-D26*L25-F26*L27-G26*L28-H26*L29 -> 1.6 | O26: =N26/C26 -> 0.053333333 | P26: =L26/$N$30 -> 0.15151515 | Q26: =O26/$O$30 -> 0.64646465 | S26: =(I26*L26-D26*L25-F26*L27-G26*L28-H26*L29)*$C$30/$C$21 -> 1.6 | T26: =S26/C26 -> 0.053333333 | U26: =L26/$S$30 -> 0.15151515 | V26: =T26/$T$30 -> 0.64646465 | X26: the index of worked up labour of sector D will show a rise till 200 in period 2 and fall back to 100 in period 3
B27: C | C27: 30 | D27: 0 | E27: 0 | G27: 0 | H27: 0 | I27: 6 | K27: 5 | L27: =K27/IF($L$5="A",$K$16,IF($L$5="B",$K$17,IF($L$5="C",$K$18,IF($L$5="D",$K$19,IF($L$5="E",$K$20,0))))) -> 0.5 | N27: =I27*L27-D27*L25-E27*L26-G27*L28-H27*L29 -> 3 | O27: =N27/C27 -> 0.1 | P27: =L27/$N$30 -> 0.050505051 | Q27: =O27/$O$30 -> 1.2121212 | S27: =(I27*L27-D27*L25-E27*L26-G27*L28-H27*L29)*$C$30/$C$21 -> 3 | T27: =S27/C27 -> 0.1 | U27: =L27/$S$30 -> 0.050505051 | V27: =T27/$T$30 -> 1.2121212 | X27: the index of sector B that uses the commodity of sector D will also show a temporary rise
B28: D | C28: 10 | D28: 0.5 | E28: 0 | F28: 0 | H28: 0 | I28: 2 | K28: 4 | L28: =K28/IF($L$5="A",$K$16,IF($L$5="B",$K$17,IF($L$5="C",$K$18,IF($L$5="D",$K$19,IF($L$5="E",$K$20,0))))) -> 0.4 | N28: =I28*L28-D28*L25-E28*L26-F28*L27-H28*L29 -> 0.3 | O28: =N28/C28 -> 0.03 | P28: =L28/$N$30 -> 0.04040404 | Q28: =O28/$O$30 -> 0.36363636 | S28: =(I28*L28-D28*L25-E28*L26-F28*L27-H28*L29)*$C$30/$C$21 -> 0.3 | T28: =S28/C28 -> 0.03 | U28: =L28/$S$30 -> 0.04040404 | V28: =T28/$T$30 -> 0.36363636 | X28: the pattern becomes more complicated if all other sectors experience technical change
B29: E | C29: 10 | D29: 0 | E29: 0 | F29: 0 | G29: 0 | I29: 4 | K29: 5 | L29: =K29/IF($L$5="A",$K$16,IF($L$5="B",$K$17,IF($L$5="C",$K$18,IF($L$5="D",$K$19,IF($L$5="E",$K$20,0))))) -> 0.5 | N29: =I29*L29-D29*L25-E29*L26-F29*L27-G29*L28 -> 2 | O29: =N29/C29 -> 0.2 | P29: =L29/$N$30 -> 0.050505051 | Q29: =O29/$O$30 -> 2.4242424 | S29: =(I29*L29-D29*L25-E29*L26-F29*L27-G29*L28)*$C$30/$C$21 -> 2 | T29: =S29/C29 -> 0.2 | U29: =L29/$S$30 -> 0.050505051 | V29: =T29/$T$30 -> 2.4242424 | X29: as you can see by changing the values of the green marked cells
B30: totaal | C30: =SUM(C25:C29) -> 120 | N30: =SUM(N25:N29) -> 9.9 | O30: =N30/C30 -> 0.0825 | S30: =SUM(S25:S29) -> 9.9 | T30: =S30/C30 -> 0.0825
B32: twofod valuation from period 1 to period 2 and from period 2 to period 3
B33: period 1
B34: A | D34: =(I7*L7-E7*L8-F7*L9-G7*L10-H7*L11)/(I7*L7) -> 0.5 | E34: =E7/I7 -> 0.2 | F34: =F7/I7 -> 0 | G34: =G7/I7 -> 0 | H34: =H7/I7 -> 0.2 | L34: =U7/V7 -> 0.13333333 | O34: =L34*D34+E34*E35*L35+F34*F36*L36+G34*G37*L37+H34*H38*L38 -> 0.095833333
B35: B | D35: =D8/I8 -> 0.5 | E35: =(I8*L8-D8*L7-F8*L9-G8*L10-H8*L11)/(I8*L8) -> 0.625 | F35: =F8/I8 -> 0 | G35: =G8/I8 -> 0.5 | H35: =H8/I8 -> 0 | L35: =U8/V8 -> 0.2 | O35: =L35*E35+D35*D34*L34+F35*F36*L36+G35*G37*L37+H35*H38*L38 -> 0.17916667
B36: C | D36: =D9/I9 -> 0 | E36: =E9/I9 -> 0 | F36: =(I9*L9-D9*L7-E9*L8-G9*L10-H9*L11)/(I9*L9) -> 1 | G36: =G9/I9 -> 0 | H36: =H9/I9 -> 0 | L36: =U9/V9 -> 0.041666667 | O36: =L36*F36+D36*D34*L34+E36*E35*L35+G36*G37*L37+H36*H38*L38 -> 0.041666667
B37: D | D37: =D10/I10 -> 0.25 | E37: =E10/I10 -> 0 | F37: =F10/I10 -> 0 | G37: =(I10*L10-D10*L7-E10*L8-F10*L9-H10*L11)/(I10*L10) -> 0.5 | H37: =H10/I10 -> 0 | L37: =U10/V10 -> 0.083333333 | O37: =L37*G37+D37*D34*L34+E37*E35*L35+F37*F36*L36+H37*H38*L38 -> 0.058333333 | S37: rho | V37: Index of labour worked up in commodities
B38: E | D38: =D11/I11 -> 0 | E38: =E11/I11 -> 0 | F38: =F11/I11 -> 0 | G38: =G11/I11 -> 0 | H38: =(I11*L11-D11*L7-E11*L8-F11*L9-G11*L10)/(I11*L11) -> 1 | L38: =U11/V11 -> 0.020833333 | O38: =L38*H38+D38*D34*L34+E38*E35*L35+F38*F36*L36+G38*G37*L37 -> 0.020833333 | S38: directly derived from | V38: period
B39: period 2 | Q39: rho | S39: production processes | V39: 1 | W39: 2 | X39: 3
B40: A | D40: =(I16*L16-E16*L17-F16*L18-G16*L19-H16*L20)/(I16*L16) -> 0.6 | E40: =E16/I16 -> 0.2 | F40: =F16/I16 -> 0 | G40: =G16/I16 -> 0 | H40: =H16/I16 -> 0.2 | K40: =P16/Q16 -> 0.11111111 | L40: =U16/V16 -> 0.11111111 | N40: =K40*D40+E40*E41*K41+F40*F42*K42+G40*G43*K43+H40*H44*K44 -> 0.095833333 | O40: =L40*D40+E40*E41*L41+F40*F42*L42+G40*G43*L43+H40*H44*L44 -> 0.095833333 | Q40: =1-N40/O34 -> 0 | S40: =(((C7+(E7/I8)*C8+(F7/I9)*C9+(G7/I10)*C10+(H7/I11)*C11)/I7)-((C16+(E16/I17)*C17+(F16/I18)*C18+(G16/I19)*C19+(H16/I20)*C20)/I16))/((C7+(E7/I8)*C8+(F7/I9)*C9+(G7/I10)*C10+(H7/I11)*C11)/I7) -> 0 | V40: 100 | W40: =V40-S40*V40 -> 100 | X40: =W40-S46*W40 -> 100
B41: B | D41: =D17/I17 -> 0.5 | E41: =(I17*L17-D17*L16-F17*L18-G17*L19-H17*L20)/(I17*L17) -> 0.4 | F41: =F17/I17 -> 0 | G41: =G17/I17 -> 1 | H41: =H17/I17 -> 0 | K41: =P17/Q17 -> 0.3125 | L41: =U17/V17 -> 0.3125 | N41: =K41*E41+D41*D40*K40+F41*F42*K42+G41*G43*K43+H41*H44*K44 -> 0.24166667 | O41: =L41*E41+D41*D40*L40+F41*F42*L42+G41*G43*L43+H41*H44*L44 -> 0.24166667 | Q41: =1-N41/O35 -> -0.34883721 | S41: =(((C8+(D8/I7)*C7+(F8/I9)*C9+(G8/I10)*C10+(H8/I11)*C11)/I8)-((C17+(D17/I16)*C16+(F17/I18)*C18+(G17/I19)*C19+(H17/I20)*C20)/I17))/((C8+(D8/I7)*C7+(F8/I9)*C9+(G8/I10)*C10+(H8/I11)*C11)/I8) -> -0.34883721 | V41: 100 | W41: =V41-S41*V41 -> 134.88372 | X41: =W41-S47*W41 -> 100
B42: C | D42: =D18/I18 -> 0 | E42: =E18/I18 -> 0 | F42: =(I18*L18-D18*L16-E18*L17-G18*L19-H18*L20)/(I18*L18) -> 1 | G42: =G18/I18 -> 0 | H42: =H18/I18 -> 0 | K42: =P18/Q18 -> 0.041666667 | L42: =U18/V18 -> 0.041666667 | N42: =K42*F42+D42*D40*K40+E42*E41*K41+G42*G43*K43+H42*H44*K44 -> 0.041666667 | O42: =L42*F42+D42*D40*L40+E42*E41*L41+G42*G43*L43+H42*H44*L44 -> 0.041666667 | Q42: =1-N42/O36 -> 0 | S42: =(((C9+(D9/I7)*C7+(E9/I8)*C8+(G9/I10)*C10+(H9/I11)*C11)/I9)-((C18+(D18/I16)*C16+(E18/I17)*C17+(G18/I19)*C19+(H18/I20)*C20)/I18))/((C9+(D9/I7)*C7+(E9/I8)*C8+(G9/I10)*C10+(H9/I11)*C11)/I9) -> 0 | V42: 100 | W42: =V42-S42*V42 -> 100 | X42: =W42-S48*W42 -> 100
B43: D | D43: =D19/I19 -> 0.5 | E43: =E19/I19 -> 0 | F43: =F19/I19 -> 0 | G43: =(I19*L19-D19*L16-E19*L17-F19*L18-H19*L20)/(I19*L19) -> -0.25 | H43: =H19/I19 -> 0 | K43: =P19/Q19 -> -0.33333333 | L43: =U19/V19 -> -0.33333333 | N43: =K43*G43+D43*D40*K40+E43*E41*K41+F43*F42*K42+H43*H44*K44 -> 0.11666667 | O43: =L43*G43+D43*D40*L40+E43*E41*L41+F43*F42*L42+H43*H44*L44 -> 0.11666667 | Q43: =1-N43/O37 -> -1 | S43: =(((C10+(D10/I7)*C7+(E10/I8)*C8+(F10/I9)*C9+(H10/I11)*C11)/I10)-((C19+(D19/I16)*C16+(E19/I17)*C17+(F19/I18)*C18+(H19/I20)*C20)/I19))/((C10+(D10/I7)*C7+(E10/I8)*C8+(F10/I9)*C9+(H10/I11)*C11)/I10) -> -1 | V43: 100 | W43: =V43-S43*V43 -> 200 | X43: =W43-S49*W43 -> 100
B44: E | D44: =D20/I20 -> 0 | E44: =E20/I20 -> 0 | F44: =F20/I20 -> 0 | G44: =G20/I20 -> 0 | H44: =(I20*L20-D20*L16-E20*L17-F20*L18-G20*L19)/(I20*L20) -> 1 | K44: =P20/Q20 -> 0.020833333 | L44: =U20/V20 -> 0.020833333 | N44: =K44*H44+D44*D40*K40+E44*E41*K41+F44*F42*K42+G44*G43*K43 -> 0.020833333 | O44: =L44*H44+D44*D40*L40+E44*E41*L41+F44*F42*L42+G44*G43*L43 -> 0.020833333 | Q44: =1-N44/O38 -> 0 | S44: =(((C11+(D11/I7)*C7+(E11/I8)*C8+(F11/I9)*C9+(G11/I10)*C10)/I11)-((C20+(D20/I16)*C16+(E20/I17)*C17+(F20/I18)*C18+(G20/I19)*C19)/I20))/((C11+(D11/I7)*C7+(E11/I8)*C8+(F11/I9)*C9+(G11/I10)*C10)/I11) -> 0 | V44: 100 | W44: =V44-S44*V44 -> 100 | X44: =W44-S50*W44 -> 100
B45: period 3
B46: A | D46: =(I25*L25-E25*L26-F25*L27-G25*L28-H25*L29)/(I25*L25) -> 0.6 | E46: =E25/I25 -> 0.2 | F46: =F25/I25 -> 0 | G46: =G25/I25 -> 0 | H46: =H25/I25 -> 0.2 | K46: =P25/Q25 -> 0.11111111 | N46: =K46*D46+E46*E47*K47+F46*F48*K48+G46*G49*K49+H46*H50*K50 -> 0.095833333 | Q46: =1-N46/O40 -> 0 | S46: =(((C16+(E16/I17)*C17+(F16/I18)*C18+(G16/I19)*C19+(H16/I20)*C20)/I16)-((C25+(E25/I26)*C26+(F25/I27)*C27+(G25/I28)*C28+(H25/I29)*C29)/I25))/((C16+(E16/I17)*C17+(F16/I18)*C18+(G16/I19)*C19+(H16/I20)*C20)/I16) -> 0
B47: B | D47: =D26/I26 -> 0.5 | E47: =(I26*L26-D26*L25-F26*L27-G26*L28-H26*L29)/(I26*L26) -> 0.53333333 | F47: =F26/I26 -> 0 | G47: =G26/I26 -> 0.5 | H47: =H26/I26 -> 0 | K47: =P26/Q26 -> 0.234375 | N47: =K47*E47+D47*D46*K46+F47*F48*K48+G47*G49*K49+H47*H50*K50 -> 0.17916667 | Q47: =1-N47/O41 -> 0.25862069 | S47: =(((C17+(D17/I16)*C16+(F17/I18)*C18+(G17/I19)*C19+(H17/I20)*C20)/I17)-((C26+(D26/I25)*C25+(F26/I27)*C27+(G26/I28)*C28+(H26/I29)*C29)/I26))/((C17+(D17/I16)*C16+(F17/I18)*C18+(G17/I19)*C19+(H17/I20)*C20)/I17) -> 0.25862069
B48: C | D48: =D27/I27 -> 0 | E48: =E27/I27 -> 0 | F48: =(I27*L27-D27*L25-E27*L26-G27*L28-H27*L29)/(I27*L27) -> 1 | G48: =G27/I27 -> 0 | H48: =H27/I27 -> 0 | K48: =P27/Q27 -> 0.041666667 | N48: =K48*F48+D48*D46*K46+E48*E47*K47+G48*G49*K49+H48*H50*K50 -> 0.041666667 | Q48: =1-N48/O42 -> 0 | S48: =(((C18+(D18/I16)*C16+(E18/I17)*C17+(G18/I20)*C19+(H18/I20)*C20)/I18)-((C27+(D27/I25)*C25+(E27/I26)*C26+(G27/I28)*C28+(H27/I29)*C29)/I27))/((C18+(D18/I16)*C16+(E18/I17)*C17+(G18/I19)*C19+(H18/I19)*C20)/I18) -> 0
B49: D | D49: =D28/I28 -> 0.25 | E49: =E28/I28 -> 0 | F49: =F28/I28 -> 0 | G49: =(I28*L28-D28*L25-E28*L26-F28*L27-H28*L29)/(I28*L28) -> 0.375 | H49: =H28/I28 -> 0 | K49: =P28/Q28 -> 0.11111111 | N49: =K49*G49+D49*D46*K46+E49*E47*K47+F49*F48*K48+H49*H50*K50 -> 0.058333333 | Q49: =1-N49/O43 -> 0.5 | S49: =(((C19+(D19/I16)*C16+(E19/I17)*C17+(F19/I18)*C18+(H19/I20)*C20)/I19)-((C28+(D28/I25)*C25+(E28/I26)*C26+(F28/I27)*C27+(H28/I29)*C29)/I28))/((C19+(D19/I16)*C16+(E19/I17)*C17+(F19/I18)*C18+(H19/I20)*C20)/I19) -> 0.5
B50: E | D50: =D29/I29 -> 0 | E50: =E29/I29 -> 0 | F50: =F29/I29 -> 0 | G50: =G29/I29 -> 0 | H50: =(I29*L29-D29*L25-E29*L26-F29*L27-G29*L28)/(I29*L29) -> 1 | K50: =P29/Q29 -> 0.020833333 | N50: =K50*H50+D50*D46*K46+E50*E47*K47+F50*F48*K48+G50*G49*K49 -> 0.020833333 | Q50: =1-N50/O44 -> 0 | S50: =(((C20+(D20/I16)*C16+(E20/I17)*C17+(F20/I18)*C18+(G20/I19)*C19)/I20)-((C29+(D29/I25)*C25+(E29/I26)*C26+(F29/I27)*C27+(G29/I28)*C28)/I29))/((C20+(D20/I16)*C16+(E20/I17)*C17+(F20/I18)*C18+(G20/I19)*C19)/I20) -> 0

Sheet Malthus' table
A1: Malthus' original table with nine columns, supplemented with five columns to measure technical change
B3: 1. | C3: 2. | D3: 3. | E3: 4. | F3: 5. | G3: 6. | H3: 7. | I3: 8. | J3: 9.
F4: Quantity of
B5: Quarters of | C5: Yearly Corn | D5: Advances in | F5: Labour re- | I5: Value of 100 | J5: Value of the
B6: Corn produced | C6: Wages to each | D6: Corn Wages, | F6: quired to pro- | G6: Quantity of | H6: Invariable | I6: Quarters of | J6: Product of the | L6: 10 | M6: 11 | N6: 12 | O6: 13 | P6: 14
B7: by Ten Men, | C7: Labourer, de- | D7: or variable | E7: Rate of Profits | F7: duce the Wages | G7: Profits on the | H7: Value of the | I7: Corn under the | J7: Labour of Ten
B8: on varying Fer- | C8: termined by | D8: Produce com- | E8: under the | F8: of Ten men | G8: Advances of | H8: Wages of a | I8: varying Cir- | J8: Men under the | L8: price of | M8: result | N8: relative | O8: relative | P8: rho | Q8: rho
B9: tility of the | C9: the Demand | D9: manding the | E9: foregoing Cir- | F9: under the | G9: Labour. | H9: given Number | I9: cumstances | J9: Circumstances | L9: one quarter | M9: per unit | N9: exchange | O9: result | P9: compared | Q9: directly derived from
B10: Soil. | C10: and Supply. | D10: Labour of | E10: cumstances. | F10: forgoing Cir- | H10: of Men. | I10: supposed. | J10: supposed. | L10: of corn | M10: labour | N10: value of | O10: per unit | P10: to row 1 | Q10: production processes
D11: Ten Men. | F11: cumstances. | N11: corn | O11: labour
B13: qrs. | C13: qrs. | D13: qrs. | E13: pr.Ct.
A14: 1 | B14: 150 | C14: 12 | D14: =C14*10 -> 120 | E14: =100*(B14-D14)/D14 -> 25 | F14: =(D14/B14)*10 -> 8 | G14: =((B14-D14)/B14)*10 -> 2 | H14: =F14+G14 -> 10 | I14: =(100/B14)*J14 -> 8.3333333 | J14: =H14*(1+E14/100) -> 12.5 | L14: =J14/B14 -> 0.083333333 | M14: =J14/10 -> 1.25 | N14: =L14/J14 -> 0.0066666667 | O14: 1
A15: 2 | B15: 150 | C15: 13 | D15: =C15*10 -> 130 | E15: =100*(B15-D15)/D15 -> 15.384615 | F15: =(D15/B15)*10 -> 8.6666667 | G15: =((B15-D15)/B15)*10 -> 1.3333333 | H15: =F15+G15 -> 10 | I15: =(100/B15)*J15 -> 7.6923077 | J15: =H15*(1+E15/100) -> 11.538462 | L15: =J15/B15 -> 0.076923077 | M15: =J15/10 -> 1.1538462 | N15: =L15/J15 -> 0.0066666667 | O15: 1 | P15: =1-N15/$N$14 -> 0 | Q15: =(10/$B$14-10/B15)/(10/$B$14) -> 0
A16: 3 | B16: 150 | C16: 10 | D16: =C16*10 -> 100 | E16: =100*(B16-D16)/D16 -> 50 | F16: =(D16/B16)*10 -> 6.6666667 | G16: =((B16-D16)/B16)*10 -> 3.3333333 | H16: =F16+G16 -> 10 | I16: =(100/B16)*J16 -> 10 | J16: =H16*(1+E16/100) -> 15 | L16: =J16/B16 -> 0.1 | M16: =J16/10 -> 1.5 | N16: =L16/J16 -> 0.0066666667 | O16: 1 | P16: =1-N16/$N$14 -> 0 | Q16: =(10/$B$14-10/B16)/(10/$B$14) -> 0
A17: 4 | B17: 140 | C17: 12 | D17: =C17*10 -> 120 | E17: =100*(B17-D17)/D17 -> 16.666667 | F17: =(D17/B17)*10 -> 8.5714286 | G17: =((B17-D17)/B17)*10 -> 1.4285714 | H17: =F17+G17 -> 10 | I17: =(100/B17)*J17 -> 8.3333333 | J17: =H17*(1+E17/100) -> 11.666667 | L17: =J17/B17 -> 0.083333333 | M17: =J17/10 -> 1.1666667 | N17: =L17/J17 -> 0.0071428571 | O17: 1 | P17: =1-N17/$N$14 -> -0.071428571 | Q17: =(10/$B$14-10/B17)/(10/$B$14) -> -0.071428571
A18: 5 | B18: 140 | C18: 11 | D18: =C18*10 -> 110 | E18: =100*(B18-D18)/D18 -> 27.272727 | F18: =(D18/B18)*10 -> 7.8571429 | G18: =((B18-D18)/B18)*10 -> 2.1428571 | H18: =F18+G18 -> 10 | I18: =(100/B18)*J18 -> 9.0909091 | J18: =H18*(1+E18/100) -> 12.727273 | L18: =J18/B18 -> 0.090909091 | M18: =J18/10 -> 1.2727273 | N18: =L18/J18 -> 0.0071428571 | O18: 1 | P18: =1-N18/$N$14 -> -0.071428571 | Q18: =(10/$B$14-10/B18)/(10/$B$14) -> -0.071428571
A19: 6 | B19: 130 | C19: 12 | D19: =C19*10 -> 120 | E19: =100*(B19-D19)/D19 -> 8.3333333 | F19: =(D19/B19)*10 -> 9.2307692 | G19: =((B19-D19)/B19)*10 -> 0.76923077 | H19: =F19+G19 -> 10 | I19: =(100/B19)*J19 -> 8.3333333 | J19: =H19*(1+E19/100) -> 10.833333 | L19: =J19/B19 -> 0.083333333 | M19: =J19/10 -> 1.0833333 | N19: =L19/J19 -> 0.0076923077 | O19: 1 | P19: =1-N19/$N$14 -> -0.15384615 | Q19: =(10/$B$14-10/B19)/(10/$B$14) -> -0.15384615
A20: 7 | B20: 130 | C20: 10 | D20: =C20*10 -> 100 | E20: =100*(B20-D20)/D20 -> 30 | F20: =(D20/B20)*10 -> 7.6923077 | G20: =((B20-D20)/B20)*10 -> 2.3076923 | H20: =F20+G20 -> 10 | I20: =(100/B20)*J20 -> 10 | J20: =H20*(1+E20/100) -> 13 | L20: =J20/B20 -> 0.1 | M20: =J20/10 -> 1.3 | N20: =L20/J20 -> 0.0076923077 | O20: 1 | P20: =1-N20/$N$14 -> -0.15384615 | Q20: =(10/$B$14-10/B20)/(10/$B$14) -> -0.15384615
A21: 8 | B21: 120 | C21: 11 | D21: =C21*10 -> 110 | E21: =100*(B21-D21)/D21 -> 9.0909091 | F21: =(D21/B21)*10 -> 9.1666667 | G21: =((B21-D21)/B21)*10 -> 0.83333333 | H21: =F21+G21 -> 10 | I21: =(100/B21)*J21 -> 9.0909091 | J21: =H21*(1+E21/100) -> 10.909091 | L21: =J21/B21 -> 0.090909091 | M21: =J21/10 -> 1.0909091 | N21: =L21/J21 -> 0.0083333333 | O21: 1 | P21: =1-N21/$N$14 -> -0.25 | Q21: =(10/$B$14-10/B21)/(10/$B$14) -> -0.25
A22: 9 | B22: 120 | C22: 10 | D22: =C22*10 -> 100 | E22: =100*(B22-D22)/D22 -> 20 | F22: =(D22/B22)*10 -> 8.3333333 | G22: =((B22-D22)/B22)*10 -> 1.6666667 | H22: =F22+G22 -> 10 | I22: =(100/B22)*J22 -> 10 | J22: =H22*(1+E22/100) -> 12 | L22: =J22/B22 -> 0.1 | M22: =J22/10 -> 1.2 | N22: =L22/J22 -> 0.0083333333 | O22: 1 | P22: =1-N22/$N$14 -> -0.25 | Q22: =(10/$B$14-10/B22)/(10/$B$14) -> -0.25
A23: 10 | B23: 110 | C23: 10 | D23: =C23*10 -> 100 | E23: =100*(B23-D23)/D23 -> 10 | F23: =(D23/B23)*10 -> 9.0909091 | G23: =((B23-D23)/B23)*10 -> 0.90909091 | H23: =F23+G23 -> 10 | I23: =(100/B23)*J23 -> 10 | J23: =H23*(1+E23/100) -> 11 | L23: =J23/B23 -> 0.1 | M23: =J23/10 -> 1.1 | N23: =L23/J23 -> 0.0090909091 | O23: 1 | P23: =1-N23/$N$14 -> -0.36363636 | Q23: =(10/$B$14-10/B23)/(10/$B$14) -> -0.36363636
A24: 11 | B24: 110 | C24: 9 | D24: =C24*10 -> 90 | E24: =100*(B24-D24)/D24 -> 22.222222 | F24: =(D24/B24)*10 -> 8.1818182 | G24: =((B24-D24)/B24)*10 -> 1.8181818 | H24: =F24+G24 -> 10 | I24: =(100/B24)*J24 -> 11.111111 | J24: =H24*(1+E24/100) -> 12.222222 | L24: =J24/B24 -> 0.11111111 | M24: =J24/10 -> 1.2222222 | N24: =L24/J24 -> 0.0090909091 | O24: 1 | P24: =1-N24/$N$14 -> -0.36363636 | Q24: =(10/$B$14-10/B24)/(10/$B$14) -> -0.36363636
A25: 12 | B25: 100 | C25: 9 | D25: =C25*10 -> 90 | E25: =100*(B25-D25)/D25 -> 11.111111 | F25: =(D25/B25)*10 -> 9 | G25: =((B25-D25)/B25)*10 -> 1 | H25: =F25+G25 -> 10 | I25: =(100/B25)*J25 -> 11.111111 | J25: =H25*(1+E25/100) -> 11.111111 | L25: =J25/B25 -> 0.11111111 | M25: =J25/10 -> 1.1111111 | N25: =L25/J25 -> 0.01 | O25: 1 | P25: =1-N25/$N$14 -> -0.5 | Q25: =(10/$B$14-10/B25)/(10/$B$14) -> -0.5
A26: 13 | B26: 100 | C26: 8 | D26: =C26*10 -> 80 | E26: =100*(B26-D26)/D26 -> 25 | F26: =(D26/B26)*10 -> 8 | G26: =((B26-D26)/B26)*10 -> 2 | H26: =F26+G26 -> 10 | I26: =(100/B26)*J26 -> 12.5 | J26: =H26*(1+E26/100) -> 12.5 | L26: =J26/B26 -> 0.125 | M26: =J26/10 -> 1.25 | N26: =L26/J26 -> 0.01 | O26: 1 | P26: =1-N26/$N$14 -> -0.5 | Q26: =(10/$B$14-10/B26)/(10/$B$14) -> -0.5
A27: 14 | B27: 90 | C27: 8 | D27: =C27*10 -> 80 | E27: =100*(B27-D27)/D27 -> 12.5 | F27: =(D27/B27)*10 -> 8.8888889 | G27: =((B27-D27)/B27)*10 -> 1.1111111 | H27: =F27+G27 -> 10 | I27: =(100/B27)*J27 -> 12.5 | J27: =H27*(1+E27/100) -> 11.25 | L27: =J27/B27 -> 0.125 | M27: =J27/10 -> 1.125 | N27: =L27/J27 -> 0.011111111 | O27: 1 | P27: =1-N27/$N$14 -> -0.66666667 | Q27: =(10/$B$14-10/B27)/(10/$B$14) -> -0.66666667
A29: Table
A30: The production processes of row 1 and 10 are split into two firms that only differ in their output prices of one quarter of corn
A31: It shows that different output prices for firms with the same production processes do not affect the measured technical change
H32: relative | I32: relative
B33: period 1 | F33: result | G33: result | H33: exchange | I33: result
C34: input | G34: per unit | H34: value of | I34: per unit
B35: firm | C35: labour | D35: output | E35: prices | G35: labour | H35: corn | I35: labour
A37: 1 | B37: A | C37: 10 | D37: 150 | E37: 1 | F37: =E37*D37 -> 150 | G37: =F37/C37 -> 15 | H37: =E37/$F$39 -> 0.0034666667 | I37: =G37/$G$39 -> 1.04 | J37: =H37/I37 -> 0.0033333333
A38: 1 | B38: B | C38: 10 | D38: 150 | E38: =L15/L14 -> 0.92307692 | F38: =E38*D38 -> 138.46154 | G38: =F38/C38 -> 13.846154 | H38: =E38/$F$39 -> 0.0032 | I38: =G38/$G$39 -> 0.96 | J38: =H38/I38 -> 0.0033333333
C39: =C37+C38 -> 20 | F39: =F37+F38 -> 288.46154 | G39: =F39/C39 -> 14.423077
A41: 10 | B41: A | C41: 10 | D41: =B23 -> 110 | E41: 1 | F41: =E41*D41 -> 110 | G41: =F41/C41 -> 11 | H41: =E41/$F$43 -> 0.0043062201 | I41: =G41/$G$43 -> 0.94736842 | J41: =H41/I41 -> 0.0045454545
A42: 10 | B42: B | C42: 10 | D42: =B24 -> 110 | E42: =L24/L23 -> 1.1111111 | F42: =E42*D42 -> 122.22222 | G42: =F42/C42 -> 12.222222 | H42: =E42/$F$43 -> 0.004784689 | I42: =G42/$G$43 -> 1.0526316 | J42: =H42/I42 -> 0.0045454545
C43: =C41+C42 -> 20 | F43: =F41+F42 -> 232.22222 | G43: =F43/C43 -> 11.611111
J44: rho compared to row 1
J46: =1-J41/J37 -> -0.36363636
J47: =1-J42/J38 -> -0.36363636

Sheet OVERVIEW
B1: Overview of two investment approaches of the twofold valuation method
B2: What do you want to see? Choose one of the following options:
B3: A | C3: Initially no technical change over five periods
B4: B | C4: In period 2 new machines are produced by sector C that sector B allow to produce 50 per cent more. Sector C needs to expand its workforce by one-off 10 per cent
B5: C | C5: The same as option B, but here the workforce of sector C remains after period 2 at the level of period 2
B6: D | C6: Change all the parameters as you desire by changing the green cells of the columns N till V - These changes become effective by choosing option D
M8: First approach | AJ8: Second approach (investments ingnored)
B9: My option is | D9: d | F9: Results of option | J9: =D9 -> d | M9: Technical change in the commodities of sectors or firms | X9: Index of labour worked in the commodities of sectors or firms | AJ9: Index of labour worked in the commodities of sectors or firms
N10: Period | Y10: Period | AK10: Period
B11: The next tables show the results of the option chosen | M11: firm | P11: 1-2 | R11: 2-3 | T11: 3-4 | U11: 4-5 | Y11: 1 | AA11: 2 | AC11: 3 | AE11: 4 | AF11: 5 | AK11: 1 | AM11: 2 | AO11: 3 | AQ11: 4 | AS11: 5
B12: The next two sheets show the details and the formulas | M12: A | P12: ='first approach investment'!S80 -> -0.16363636 | R12: ='first approach investment'!T80 -> 0.03125 | T12: ='first approach investment'!U80 -> 0.016129032 | U12: ='first approach investment'!V80 -> 0.016393443 | X12: A | Y12: ='first approach investment'!R88 -> 100 | AA12: ='first approach investment'!S88 -> 116.36364 | AC12: ='first approach investment'!T88 -> 112.72727 | AE12: ='first approach investment'!U88 -> 110.90909 | AF12: ='first approach investment'!V88 -> 109.09091 | AJ12: A | AK12: ='second approach investment'!Q88 -> 100 | AM12: ='second approach investment'!R88 -> 116.36364 | AO12: ='second approach investment'!S88 -> 112.72727 | AQ12: ='second approach investment'!T88 -> 110.90909 | AS12: ='second approach investment'!U88 -> 109.09091
B13: that determine the results | M13: B | P13: ='first approach investment'!AF81 -> 0.097142857 | R13: ='first approach investment'!AG81 -> 0.1471519 | T13: ='first approach investment'!AH81 -> 0.04 | U13: ='first approach investment'!AI81 -> 0.074074074 | X13: B | Y13: ='first approach investment'!AE87 -> 100 | AA13: ='first approach investment'!AF87 -> 90.285714 | AC13: ='first approach investment'!AG87 -> 77 | AE13: ='first approach investment'!AH87 -> 73.92 | AF13: ='first approach investment'!AI87 -> 68.444444 | AJ13: B | AK13: ='second approach investment'!AD87 -> 100 | AM13: ='second approach investment'!AE87 -> 88.831169 | AO13: ='second approach investment'!AF87 -> 77.727273 | AQ13: ='second approach investment'!AG87 -> 74.618182 | AS13: ='second approach investment'!AH87 -> 69.090909
B14: You are not allowed to make any change on these two sheets. | M14: …B1 | P14: ='first approach investment'!S81 -> -0.49090909 | R14: ='first approach investment'!T81 -> 0.53658537 | T14: ='first approach investment'!U81 -> 0 | U14: ='first approach investment'!V81 -> -1.0526316 | X14: …B1 | Y14: ='first approach investment'!R89 -> 100 | AA14: ='first approach investment'!S89 -> 149.09091 | AC14: ='first approach investment'!T89 -> 69.090909 | AE14: ='first approach investment'!U89 -> 69.090909 | AF14: ='first approach investment'!V89 -> 141.81818 | AJ14: …B1 | AK14: ='second approach investment'!Q89 -> 100 | AM14: ='second approach investment'!R89 -> 69.090909 | AO14: ='second approach investment'!S89 -> 69.090909 | AQ14: ='second approach investment'!T89 -> 69.090909 | AS14: ='second approach investment'!U89 -> 69.090909
M15: …B2 | P15: ='first approach investment'!S82 -> -0.036363636 | R15: ='first approach investment'!T82 -> -0.36842105 | T15: ='first approach investment'!U82 -> 0.45192308 | U15: ='first approach investment'!V82 -> 0.11111111 | X15: …B2 | Y15: ='first approach investment'!R90 -> 100 | AA15: ='first approach investment'!S90 -> 103.63636 | AC15: ='first approach investment'!T90 -> 141.81818 | AE15: ='first approach investment'!U90 -> 77.727273 | AF15: ='first approach investment'!V90 -> 69.090909 | AJ15: …B2 | AK15: ='second approach investment'!Q90 -> 100 | AM15: ='second approach investment'!R90 -> 103.63636 | AO15: ='second approach investment'!S90 -> 69.090909 | AQ15: ='second approach investment'!T90 -> 77.727273 | AS15: ='second approach investment'!U90 -> 69.090909
M16: …B3 | P16: ='first approach investment'!S83 -> 0.50434783 | R16: ='first approach investment'!T83 -> 0 | T16: ='first approach investment'!U83 -> -0.53947368 | U16: ='first approach investment'!V83 -> 0.56695157 | X16: …B3 | Y16: ='first approach investment'!R91 -> 205.26316 | AA16: ='first approach investment'!S91 -> 101.73913 | AC16: ='first approach investment'!T91 -> 101.73913 | AE16: ='first approach investment'!U91 -> 156.62471 | AF16: ='first approach investment'!V91 -> 67.826087 | AJ16: …B3 | AK16: ='second approach investment'!Q91 -> 100 | AM16: ='second approach investment'!R91 -> 103.63636 | AO16: ='second approach investment'!S91 -> 103.63636 | AQ16: ='second approach investment'!T91 -> 77.727273 | AS16: ='second approach investment'!U91 -> 69.090909
M17: C | P17: ='first approach investment'!S84 -> -0.11428571 | R17: ='first approach investment'!T84 -> 0.076923077 | T17: ='first approach investment'!U84 -> 0 | U17: ='first approach investment'!V84 -> 0 | X17: C | Y17: ='first approach investment'!R92 -> 100 | AA17: ='first approach investment'!S92 -> 111.42857 | AC17: ='first approach investment'!T92 -> 102.85714 | AE17: ='first approach investment'!U92 -> 102.85714 | AF17: ='first approach investment'!V92 -> 102.85714 | AJ17: C | AK17: ='second approach investment'!Q92 -> 100 | AM17: ='second approach investment'!R92 -> 111.42857 | AO17: ='second approach investment'!S92 -> 102.85714 | AQ17: ='second approach investment'!T92 -> 102.85714 | AS17: ='second approach investment'!U92 -> 102.85714
B19: The parameters below in red are the result of your choice | N19: You are free to change the parameters below in green
B20: They are the input of the next two sheets | N20: if option D is chosen
B21: You are not allowed to change them yourself | N21: However, you should take notice of the restrictions | X21: The parameters below are of option A | AI21: The parameters below are of option B | AT21: The parameters below are of option C
B22: You can only change them by choosing another option | N22: as mentioned on earlier sheets | X22: You are not allowed to change them | AI22: You are not allowed to change them | AT22: You are not allowed to change them
B24: period 1 | I24: numerator | K24: =IF($D$9="D",V24,"A") -> B | M24: period 1 | T24: numerator | V24: B | X24: period 1 | AI24: period 1 | AT24: period 1
C25: input | K25: relative | N25: input | V25: relative | Y25: input | AG25: relative | AJ25: input | AR25: relative | AU25: input | BC25: relative
B26: firm | C26: labour | D26: A | E26: B1 | F26: B2 | G26: B3 | H26: C | I26: output | K26: prices | M26: firm | N26: labour | O26: A | P26: B1 | Q26: B2 | R26: B3 | S26: C | T26: output | V26: prices | X26: firm | Y26: labour | Z26: A | AA26: B1 | AB26: B2 | AC26: B3 | AD26: C | AE26: output | AG26: prices | AI26: firm | AJ26: labour | AK26: A | AL26: B1 | AM26: B2 | AN26: B3 | AO26: C | AP26: output | AR26: prices | AT26: firm | AU26: labour | AV26: A | AW26: B1 | AX26: B2 | AY26: B3 | AZ26: C | BA26: output | BC26: prices
B27: A | C27: =IF($D$9="D",N27,IF($D$9="A",Y27,IF($D$9="B",AJ27,IF($D$9="C",AU27,N27)))) -> 40 | E27: =IF($D$9="D",P27,IF($D$9="A",AA27,IF($D$9="B",AL27,IF($D$9="C",AW27,P27)))) -> 0.5 | F27: =IF($D$9="D",Q27,IF($D$9="A",AB27,IF($D$9="B",AM27,IF($D$9="C",AX27,Q27)))) -> 0.5 | G27: =IF($D$9="D",R27,IF($D$9="A",AC27,IF($D$9="B",AN27,IF($D$9="C",AY27,R27)))) -> 0.5 | H27: =IF($D$9="D",S27,IF($D$9="A",AD27,IF($D$9="B",AO27,IF($D$9="C",AZ27,S27)))) -> 0 | I27: =IF($D$9="D",T27,IF($D$9="A",AE27,IF($D$9="B",AP27,IF($D$9="C",BA27,T27)))) -> 6 | K27: =IF($D$9="D",V27,IF($D$9="A",AG27,IF($D$9="B",AR27,IF($D$9="C",BC27,V27)))) -> 10 | M27: A | N27: 40 | P27: 0.5 | Q27: 0.5 | R27: 0.5 | S27: 0 | T27: 6 | V27: 10 | X27: A | Y27: 40 | AA27: 0.5 | AB27: 0.5 | AC27: 0.5 | AD27: 0 | AE27: 5 | AG27: 10 | AI27: A | AJ27: 40 | AL27: 0.5 | AM27: 0.5 | AN27: 0.5 | AO27: 0 | AP27: 5 | AR27: 10 | AT27: A | AU27: 40 | AW27: 0.5 | AX27: 0.5 | AY27: 0.5 | AZ27: 0 | BA27: 5 | BC27: 10
B28: B1 | C28: =IF($D$9="D",N28,IF($D$9="A",Y28,IF($D$9="B",AJ28,IF($D$9="C",AU28,N28)))) -> 30 | D28: =IF($D$9="D",O28,IF($D$9="A",Z28,IF($D$9="B",AK28,IF($D$9="C",AV28,O28)))) -> 1 | F28: =IF($D$9="D",Q28,IF($D$9="A",AB28,IF($D$9="B",AM28,IF($D$9="C",AX28,Q28)))) -> 0 | G28: =IF($D$9="D",R28,IF($D$9="A",AC28,IF($D$9="B",AN28,IF($D$9="C",AY28,R28)))) -> 0 | H28: =IF($D$9="D",S28,IF($D$9="A",AD28,IF($D$9="B",AO28,IF($D$9="C",AZ28,S28)))) -> 0 | I28: =IF($D$9="D",T28,IF($D$9="A",AE28,IF($D$9="B",AP28,IF($D$9="C",BA28,T28)))) -> 3 | K28: =IF($D$9="D",V28,IF($D$9="A",AG28,IF($D$9="B",AR28,IF($D$9="C",BC28,V28)))) -> 12 | M28: B1 | N28: 30 | O28: 1 | Q28: 0 | R28: 0 | S28: 0 | T28: 3 | V28: 12 | X28: B1 | Y28: 30 | Z28: 1 | AB28: 0 | AC28: 0 | AD28: 0 | AE28: 3 | AG28: 12 | AI28: B1 | AJ28: 30 | AK28: 1 | AM28: 0 | AN28: 0 | AO28: 0 | AP28: 3 | AR28: 12 | AT28: B1 | AU28: 30 | AV28: 1 | AX28: 0 | AY28: 0 | AZ28: 0 | BA28: 3 | BC28: 12
B29: B2 | C29: =IF($D$9="D",N29,IF($D$9="A",Y29,IF($D$9="B",AJ29,IF($D$9="C",AU29,N29)))) -> 30 | D29: =IF($D$9="D",O29,IF($D$9="A",Z29,IF($D$9="B",AK29,IF($D$9="C",AV29,O29)))) -> 1 | E29: =IF($D$9="D",P29,IF($D$9="A",AA29,IF($D$9="B",AL29,IF($D$9="C",AW29,P29)))) -> 0 | G29: =IF($D$9="D",R29,IF($D$9="A",AC29,IF($D$9="B",AN29,IF($D$9="C",AY29,R29)))) -> 0 | H29: =IF($D$9="D",S29,IF($D$9="A",AD29,IF($D$9="B",AO29,IF($D$9="C",AZ29,S29)))) -> 0 | I29: =IF($D$9="D",T29,IF($D$9="A",AE29,IF($D$9="B",AP29,IF($D$9="C",BA29,T29)))) -> 3 | K29: =IF($D$9="D",V29,IF($D$9="A",AG29,IF($D$9="B",AR29,IF($D$9="C",BC29,V29)))) -> 12 | M29: B2 | N29: 30 | O29: 1 | P29: 0 | R29: 0 | S29: 0 | T29: 3 | V29: 12 | X29: B2 | Y29: 30 | Z29: 1 | AA29: 0 | AC29: 0 | AD29: 0 | AE29: 3 | AG29: 12 | AI29: B2 | AJ29: 30 | AK29: 1 | AL29: 0 | AN29: 0 | AO29: 0 | AP29: 3 | AR29: 12 | AT29: B2 | AU29: 30 | AV29: 1 | AW29: 0 | AY29: 0 | AZ29: 0 | BA29: 3 | BC29: 12
B30: B3 | C30: =IF($D$9="D",N30,IF($D$9="A",Y30,IF($D$9="B",AJ30,IF($D$9="C",AU30,N30)))) -> 30 | D30: =IF($D$9="D",O30,IF($D$9="A",Z30,IF($D$9="B",AK30,IF($D$9="C",AV30,O30)))) -> 1 | E30: =IF($D$9="D",P30,IF($D$9="A",AA30,IF($D$9="B",AL30,IF($D$9="C",AW30,P30)))) -> 0 | F30: =IF($D$9="D",Q30,IF($D$9="A",AB30,IF($D$9="B",AM30,IF($D$9="C",AX30,Q30)))) -> 0 | H30: =IF($D$9="D",S30,IF($D$9="A",AD30,IF($D$9="B",AO30,IF($D$9="C",AZ30,S30)))) -> 1 | I30: =IF($D$9="D",T30,IF($D$9="A",AE30,IF($D$9="B",AP30,IF($D$9="C",BA30,T30)))) -> 3 | K30: =IF($D$9="D",V30,IF($D$9="A",AG30,IF($D$9="B",AR30,IF($D$9="C",BC30,V30)))) -> 12 | M30: B3 | N30: 30 | O30: 1 | P30: 0 | Q30: 0 | S30: 1 | T30: 3 | V30: 12 | X30: B3 | Y30: 30 | Z30: 1 | AA30: 0 | AB30: 0 | AD30: 1 | AE30: 3 | AG30: 12 | AI30: B3 | AJ30: 30 | AK30: 1 | AL30: 0 | AM30: 0 | AO30: 1 | AP30: 3 | AR30: 12 | AT30: B3 | AU30: 30 | AV30: 1 | AW30: 0 | AX30: 0 | AZ30: 1 | BA30: 3 | BC30: 12
B31: C | C31: =IF($D$9="D",N31,IF($D$9="A",Y31,IF($D$9="B",AJ31,IF($D$9="C",AU31,N31)))) -> 40 | D31: =IF($D$9="D",O31,IF($D$9="A",Z31,IF($D$9="B",AK31,IF($D$9="C",AV31,O31)))) -> 1 | E31: =IF($D$9="D",P31,IF($D$9="A",AA31,IF($D$9="B",AL31,IF($D$9="C",AW31,P31)))) -> 0 | F31: =IF($D$9="D",Q31,IF($D$9="A",AB31,IF($D$9="B",AM31,IF($D$9="C",AX31,Q31)))) -> 0 | G31: =IF($D$9="D",R31,IF($D$9="A",AC31,IF($D$9="B",AN31,IF($D$9="C",AY31,R31)))) -> 0 | I31: =IF($D$9="D",T31,IF($D$9="A",AE31,IF($D$9="B",AP31,IF($D$9="C",BA31,T31)))) -> 1 | K31: =IF($D$9="D",V31,IF($D$9="A",AG31,IF($D$9="B",AR31,IF($D$9="C",BC31,V31)))) -> 40 | M31: C | N31: 40 | O31: 1 | P31: 0 | Q31: 0 | R31: 0 | T31: 1 | V31: 40 | X31: C | Y31: 40 | Z31: 1 | AA31: 0 | AB31: 0 | AC31: 0 | AE31: 1 | AG31: 40 | AI31: C | AJ31: 40 | AK31: 1 | AL31: 0 | AM31: 0 | AN31: 0 | AP31: 1 | AR31: 40 | AT31: C | AU31: 40 | AV31: 1 | AW31: 0 | AX31: 0 | AY31: 0 | BA31: 1 | BC31: 40
B32: total | C32: =SUM(C27:C31) -> 170 | M32: total | N32: =SUM(N27:N31) -> 170 | X32: total | Y32: =SUM(Y27:Y31) -> 170 | AI32: total | AJ32: =SUM(AJ27:AJ31) -> 170 | AT32: total | AU32: =SUM(AU27:AU31) -> 170
B34: period 2 | M34: period 2 | X34: period 2 | AI34: period 2 | AT34: period 2
B35: A | C35: =IF($D$9="D",N35,IF($D$9="A",Y35,IF($D$9="B",AJ35,IF($D$9="C",AU35,N35)))) -> 40 | E35: =IF($D$9="D",P35,IF($D$9="A",AA35,IF($D$9="B",AL35,IF($D$9="C",AW35,P35)))) -> 0.5 | F35: =IF($D$9="D",Q35,IF($D$9="A",AB35,IF($D$9="B",AM35,IF($D$9="C",AX35,Q35)))) -> 0.5 | G35: =IF($D$9="D",R35,IF($D$9="A",AC35,IF($D$9="B",AN35,IF($D$9="C",AY35,R35)))) -> 0.5 | H35: =IF($D$9="D",S35,IF($D$9="A",AD35,IF($D$9="B",AO35,IF($D$9="C",AZ35,S35)))) -> 0 | I35: =IF($D$9="D",T35,IF($D$9="A",AE35,IF($D$9="B",AP35,IF($D$9="C",BA35,T35)))) -> 5 | K35: =IF($D$9="D",V35,IF($D$9="A",AG35,IF($D$9="B",AR35,IF($D$9="C",BC35,V35)))) -> 10 | M35: A | N35: 40 | P35: 0.5 | Q35: 0.5 | R35: 0.5 | S35: 0 | T35: 5 | V35: 10 | X35: A | Y35: 40 | AA35: 0.5 | AB35: 0.5 | AC35: 0.5 | AD35: 0 | AE35: 5 | AG35: 10 | AI35: A | AJ35: 40 | AL35: 0.5 | AM35: 0.5 | AN35: 0.5 | AO35: 0 | AP35: 5 | AR35: 10 | AT35: A | AU35: 40 | AW35: 0.5 | AX35: 0.5 | AY35: 0.5 | AZ35: 0 | BA35: 5 | BC35: 10
B36: B1 | C36: =IF($D$9="D",N36,IF($D$9="A",Y36,IF($D$9="B",AJ36,IF($D$9="C",AU36,N36)))) -> 30 | D36: =IF($D$9="D",O36,IF($D$9="A",Z36,IF($D$9="B",AK36,IF($D$9="C",AV36,O36)))) -> 1 | F36: =IF($D$9="D",Q36,IF($D$9="A",AB36,IF($D$9="B",AM36,IF($D$9="C",AX36,Q36)))) -> 0 | G36: =IF($D$9="D",R36,IF($D$9="A",AC36,IF($D$9="B",AN36,IF($D$9="C",AY36,R36)))) -> 0 | H36: =IF($D$9="D",S36,IF($D$9="A",AD36,IF($D$9="B",AO36,IF($D$9="C",AZ36,S36)))) -> 1 | I36: =IF($D$9="D",T36,IF($D$9="A",AE36,IF($D$9="B",AP36,IF($D$9="C",BA36,T36)))) -> 4.5 | K36: =IF($D$9="D",V36,IF($D$9="A",AG36,IF($D$9="B",AR36,IF($D$9="C",BC36,V36)))) -> 12 | M36: B1 | N36: 30 | O36: 1 | Q36: 0 | R36: 0 | S36: 1 | T36: 4.5 | V36: 12 | X36: B1 | Y36: 30 | Z36: 1 | AB36: 0 | AC36: 0 | AD36: 1 | AE36: 3 | AG36: 12 | AI36: B1 | AJ36: 30 | AK36: 1 | AM36: 0 | AN36: 0 | AO36: 1 | AP36: 4.5 | AR36: 12 | AT36: B1 | AU36: 30 | AV36: 1 | AX36: 0 | AY36: 0 | AZ36: 1 | BA36: 4.5 | BC36: 12
B37: B2 | C37: =IF($D$9="D",N37,IF($D$9="A",Y37,IF($D$9="B",AJ37,IF($D$9="C",AU37,N37)))) -> 30 | D37: =IF($D$9="D",O37,IF($D$9="A",Z37,IF($D$9="B",AK37,IF($D$9="C",AV37,O37)))) -> 1 | E37: =IF($D$9="D",P37,IF($D$9="A",AA37,IF($D$9="B",AL37,IF($D$9="C",AW37,P37)))) -> 0 | G37: =IF($D$9="D",R37,IF($D$9="A",AC37,IF($D$9="B",AN37,IF($D$9="C",AY37,R37)))) -> 0 | H37: =IF($D$9="D",S37,IF($D$9="A",AD37,IF($D$9="B",AO37,IF($D$9="C",AZ37,S37)))) -> 0 | I37: =IF($D$9="D",T37,IF($D$9="A",AE37,IF($D$9="B",AP37,IF($D$9="C",BA37,T37)))) -> 3 | K37: =IF($D$9="D",V37,IF($D$9="A",AG37,IF($D$9="B",AR37,IF($D$9="C",BC37,V37)))) -> 12 | M37: B2 | N37: 30 | O37: 1 | P37: 0 | R37: 0 | S37: 0 | T37: 3 | V37: 12 | X37: B2 | Y37: 30 | Z37: 1 | AA37: 0 | AC37: 0 | AD37: 0 | AE37: 3 | AG37: 12 | AI37: B2 | AJ37: 30 | AK37: 1 | AL37: 0 | AN37: 0 | AO37: 0 | AP37: 3 | AR37: 12 | AT37: B2 | AU37: 30 | AV37: 1 | AW37: 0 | AY37: 0 | AZ37: 0 | BA37: 3 | BC37: 12
B38: B3 | C38: =IF($D$9="D",N38,IF($D$9="A",Y38,IF($D$9="B",AJ38,IF($D$9="C",AU38,N38)))) -> 30 | D38: =IF($D$9="D",O38,IF($D$9="A",Z38,IF($D$9="B",AK38,IF($D$9="C",AV38,O38)))) -> 1 | E38: =IF($D$9="D",P38,IF($D$9="A",AA38,IF($D$9="B",AL38,IF($D$9="C",AW38,P38)))) -> 0 | F38: =IF($D$9="D",Q38,IF($D$9="A",AB38,IF($D$9="B",AM38,IF($D$9="C",AX38,Q38)))) -> 0 | H38: =IF($D$9="D",S38,IF($D$9="A",AD38,IF($D$9="B",AO38,IF($D$9="C",AZ38,S38)))) -> 0 | I38: =IF($D$9="D",T38,IF($D$9="A",AE38,IF($D$9="B",AP38,IF($D$9="C",BA38,T38)))) -> 3 | K38: =IF($D$9="D",V38,IF($D$9="A",AG38,IF($D$9="B",AR38,IF($D$9="C",BC38,V38)))) -> 12 | M38: B3 | N38: 30 | O38: 1 | P38: 0 | Q38: 0 | S38: 0 | T38: 3 | V38: 12 | X38: B3 | Y38: 30 | Z38: 1 | AA38: 0 | AB38: 0 | AD38: 0 | AE38: 3 | AG38: 12 | AI38: B3 | AJ38: 30 | AK38: 1 | AL38: 0 | AM38: 0 | AO38: 0 | AP38: 3 | AR38: 12 | AT38: B3 | AU38: 30 | AV38: 1 | AW38: 0 | AX38: 0 | AZ38: 0 | BA38: 3 | BC38: 12
B39: C | C39: =IF($D$9="D",N39,IF($D$9="A",Y39,IF($D$9="B",AJ39,IF($D$9="C",AU39,N39)))) -> 44 | D39: =IF($D$9="D",O39,IF($D$9="A",Z39,IF($D$9="B",AK39,IF($D$9="C",AV39,O39)))) -> 1 | E39: =IF($D$9="D",P39,IF($D$9="A",AA39,IF($D$9="B",AL39,IF($D$9="C",AW39,P39)))) -> 0 | F39: =IF($D$9="D",Q39,IF($D$9="A",AB39,IF($D$9="B",AM39,IF($D$9="C",AX39,Q39)))) -> 0 | G39: =IF($D$9="D",R39,IF($D$9="A",AC39,IF($D$9="B",AN39,IF($D$9="C",AY39,R39)))) -> 0 | I39: =IF($D$9="D",T39,IF($D$9="A",AE39,IF($D$9="B",AP39,IF($D$9="C",BA39,T39)))) -> 1 | K39: =IF($D$9="D",V39,IF($D$9="A",AG39,IF($D$9="B",AR39,IF($D$9="C",BC39,V39)))) -> 40 | M39: C | N39: 44 | O39: 1 | P39: 0 | Q39: 0 | R39: 0 | T39: 1 | V39: 40 | X39: C | Y39: 40 | Z39: 1 | AA39: 0 | AB39: 0 | AC39: 0 | AE39: 1 | AG39: 40 | AI39: C | AJ39: 44 | AK39: 1 | AL39: 0 | AM39: 0 | AN39: 0 | AP39: 1 | AR39: 40 | AT39: C | AU39: 44 | AV39: 1 | AW39: 0 | AX39: 0 | AY39: 0 | BA39: 1 | BC39: 40
B40: total | C40: =SUM(C35:C39) -> 174 | M40: total | N40: =SUM(N35:N39) -> 174 | X40: total | Y40: =SUM(Y35:Y39) -> 170 | AI40: total | AJ40: =SUM(AJ35:AJ39) -> 174 | AT40: total | AU40: =SUM(AU35:AU39) -> 174
B42: period 3 | M42: period 3 | X42: period 3 | AI42: period 3 | AT42: period 3
B43: A | C43: =IF($D$9="D",N43,IF($D$9="A",Y43,IF($D$9="B",AJ43,IF($D$9="C",AU43,N43)))) -> 40 | E43: =IF($D$9="D",P43,IF($D$9="A",AA43,IF($D$9="B",AL43,IF($D$9="C",AW43,P43)))) -> 0.5 | F43: =IF($D$9="D",Q43,IF($D$9="A",AB43,IF($D$9="B",AM43,IF($D$9="C",AX43,Q43)))) -> 0.5 | G43: =IF($D$9="D",R43,IF($D$9="A",AC43,IF($D$9="B",AN43,IF($D$9="C",AY43,R43)))) -> 0.5 | H43: =IF($D$9="D",S43,IF($D$9="A",AD43,IF($D$9="B",AO43,IF($D$9="C",AZ43,S43)))) -> 0 | I43: =IF($D$9="D",T43,IF($D$9="A",AE43,IF($D$9="B",AP43,IF($D$9="C",BA43,T43)))) -> 5 | K43: =IF($D$9="D",V43,IF($D$9="A",AG43,IF($D$9="B",AR43,IF($D$9="C",BC43,V43)))) -> 10 | M43: A | N43: 40 | P43: 0.5 | Q43: 0.5 | R43: 0.5 | S43: 0 | T43: 5 | V43: 10 | X43: A | Y43: 40 | AA43: 0.5 | AB43: 0.5 | AC43: 0.5 | AD43: 0 | AE43: 5 | AG43: 10 | AI43: A | AJ43: 40 | AL43: 0.5 | AM43: 0.5 | AN43: 0.5 | AO43: 0 | AP43: 5 | AR43: 10 | AT43: A | AU43: 40 | AW43: 0.5 | AX43: 0.5 | AY43: 0.5 | AZ43: 0 | BA43: 5 | BC43: 10
B44: B1 | C44: =IF($D$9="D",N44,IF($D$9="A",Y44,IF($D$9="B",AJ44,IF($D$9="C",AU44,N44)))) -> 30 | D44: =IF($D$9="D",O44,IF($D$9="A",Z44,IF($D$9="B",AK44,IF($D$9="C",AV44,O44)))) -> 1 | F44: =IF($D$9="D",Q44,IF($D$9="A",AB44,IF($D$9="B",AM44,IF($D$9="C",AX44,Q44)))) -> 0 | G44: =IF($D$9="D",R44,IF($D$9="A",AC44,IF($D$9="B",AN44,IF($D$9="C",AY44,R44)))) -> 0 | H44: =IF($D$9="D",S44,IF($D$9="A",AD44,IF($D$9="B",AO44,IF($D$9="C",AZ44,S44)))) -> 0 | I44: =IF($D$9="D",T44,IF($D$9="A",AE44,IF($D$9="B",AP44,IF($D$9="C",BA44,T44)))) -> 4.5 | K44: =IF($D$9="D",V44,IF($D$9="A",AG44,IF($D$9="B",AR44,IF($D$9="C",BC44,V44)))) -> 12 | M44: B1 | N44: 30 | O44: 1 | Q44: 0 | R44: 0 | S44: 0 | T44: 4.5 | V44: 12 | X44: B1 | Y44: 30 | Z44: 1 | AB44: 0 | AC44: 0 | AD44: 0 | AE44: 3 | AG44: 12 | AI44: B1 | AJ44: 30 | AK44: 1 | AM44: 0 | AN44: 0 | AO44: 0 | AP44: 4.5 | AR44: 12 | AT44: B1 | AU44: 30 | AV44: 1 | AX44: 0 | AY44: 0 | AZ44: 0 | BA44: 4.5 | BC44: 12
B45: B2 | C45: =IF($D$9="D",N45,IF($D$9="A",Y45,IF($D$9="B",AJ45,IF($D$9="C",AU45,N45)))) -> 30 | D45: =IF($D$9="D",O45,IF($D$9="A",Z45,IF($D$9="B",AK45,IF($D$9="C",AV45,O45)))) -> 1 | E45: =IF($D$9="D",P45,IF($D$9="A",AA45,IF($D$9="B",AL45,IF($D$9="C",AW45,P45)))) -> 0 | G45: =IF($D$9="D",R45,IF($D$9="A",AC45,IF($D$9="B",AN45,IF($D$9="C",AY45,R45)))) -> 0 | H45: =IF($D$9="D",S45,IF($D$9="A",AD45,IF($D$9="B",AO45,IF($D$9="C",AZ45,S45)))) -> 1 | I45: =IF($D$9="D",T45,IF($D$9="A",AE45,IF($D$9="B",AP45,IF($D$9="C",BA45,T45)))) -> 4.5 | K45: =IF($D$9="D",V45,IF($D$9="A",AG45,IF($D$9="B",AR45,IF($D$9="C",BC45,V45)))) -> 12 | M45: B2 | N45: 30 | O45: 1 | P45: 0 | R45: 0 | S45: 1 | T45: 4.5 | V45: 12 | X45: B2 | Y45: 30 | Z45: 1 | AA45: 0 | AC45: 0 | AD45: 1 | AE45: 3 | AG45: 12 | AI45: B2 | AJ45: 30 | AK45: 1 | AL45: 0 | AN45: 0 | AO45: 1 | AP45: 4.5 | AR45: 12 | AT45: B2 | AU45: 30 | AV45: 1 | AW45: 0 | AY45: 0 | AZ45: 1 | BA45: 4.5 | BC45: 12
B46: B3 | C46: =IF($D$9="D",N46,IF($D$9="A",Y46,IF($D$9="B",AJ46,IF($D$9="C",AU46,N46)))) -> 30 | D46: =IF($D$9="D",O46,IF($D$9="A",Z46,IF($D$9="B",AK46,IF($D$9="C",AV46,O46)))) -> 1 | E46: =IF($D$9="D",P46,IF($D$9="A",AA46,IF($D$9="B",AL46,IF($D$9="C",AW46,P46)))) -> 0 | F46: =IF($D$9="D",Q46,IF($D$9="A",AB46,IF($D$9="B",AM46,IF($D$9="C",AX46,Q46)))) -> 0 | H46: =IF($D$9="D",S46,IF($D$9="A",AD46,IF($D$9="B",AO46,IF($D$9="C",AZ46,S46)))) -> 0 | I46: =IF($D$9="D",T46,IF($D$9="A",AE46,IF($D$9="B",AP46,IF($D$9="C",BA46,T46)))) -> 3 | K46: =IF($D$9="D",V46,IF($D$9="A",AG46,IF($D$9="B",AR46,IF($D$9="C",BC46,V46)))) -> 12 | M46: B3 | N46: 30 | O46: 1 | P46: 0 | Q46: 0 | S46: 0 | T46: 3 | V46: 12 | X46: B3 | Y46: 30 | Z46: 1 | AA46: 0 | AB46: 0 | AD46: 0 | AE46: 3 | AG46: 12 | AI46: B3 | AJ46: 30 | AK46: 1 | AL46: 0 | AM46: 0 | AO46: 0 | AP46: 3 | AR46: 12 | AT46: B3 | AU46: 30 | AV46: 1 | AW46: 0 | AX46: 0 | AZ46: 0 | BA46: 3 | BC46: 12
B47: C | C47: =IF($D$9="D",N47,IF($D$9="A",Y47,IF($D$9="B",AJ47,IF($D$9="C",AU47,N47)))) -> 40 | D47: =IF($D$9="D",O47,IF($D$9="A",Z47,IF($D$9="B",AK47,IF($D$9="C",AV47,O47)))) -> 1 | E47: =IF($D$9="D",P47,IF($D$9="A",AA47,IF($D$9="B",AL47,IF($D$9="C",AW47,P47)))) -> 0 | F47: =IF($D$9="D",Q47,IF($D$9="A",AB47,IF($D$9="B",AM47,IF($D$9="C",AX47,Q47)))) -> 0 | G47: =IF($D$9="D",R47,IF($D$9="A",AC47,IF($D$9="B",AN47,IF($D$9="C",AY47,R47)))) -> 0 | I47: =IF($D$9="D",T47,IF($D$9="A",AE47,IF($D$9="B",AP47,IF($D$9="C",BA47,T47)))) -> 1 | K47: =IF($D$9="D",V47,IF($D$9="A",AG47,IF($D$9="B",AR47,IF($D$9="C",BC47,V47)))) -> 40 | M47: C | N47: 40 | O47: 1 | P47: 0 | Q47: 0 | R47: 0 | T47: 1 | V47: 40 | X47: C | Y47: 40 | Z47: 1 | AA47: 0 | AB47: 0 | AC47: 0 | AE47: 1 | AG47: 40 | AI47: C | AJ47: 40 | AK47: 1 | AL47: 0 | AM47: 0 | AN47: 0 | AP47: 1 | AR47: 40 | AT47: C | AU47: 44 | AV47: 1 | AW47: 0 | AX47: 0 | AY47: 0 | BA47: 1 | BC47: 40
B48: total | C48: =SUM(C43:C47) -> 170 | M48: total | N48: =SUM(N43:N47) -> 170 | X48: total | Y48: =SUM(Y43:Y47) -> 170 | AI48: total | AJ48: =SUM(AJ43:AJ47) -> 170 | AT48: total | AU48: =SUM(AU43:AU47) -> 174
B50: period 4 | M50: period 4 | X50: period 4 | AI50: period 4 | AT50: period 4
B51: A | C51: =IF($D$9="D",N51,IF($D$9="A",Y51,IF($D$9="B",AJ51,IF($D$9="C",AU51,N51)))) -> 40 | E51: =IF($D$9="D",P51,IF($D$9="A",AA51,IF($D$9="B",AL51,IF($D$9="C",AW51,P51)))) -> 0.5 | F51: =IF($D$9="D",Q51,IF($D$9="A",AB51,IF($D$9="B",AM51,IF($D$9="C",AX51,Q51)))) -> 0.5 | G51: =IF($D$9="D",R51,IF($D$9="A",AC51,IF($D$9="B",AN51,IF($D$9="C",AY51,R51)))) -> 0.5 | H51: =IF($D$9="D",S51,IF($D$9="A",AD51,IF($D$9="B",AO51,IF($D$9="C",AZ51,S51)))) -> 0 | I51: =IF($D$9="D",T51,IF($D$9="A",AE51,IF($D$9="B",AP51,IF($D$9="C",BA51,T51)))) -> 5 | K51: =IF($D$9="D",V51,IF($D$9="A",AG51,IF($D$9="B",AR51,IF($D$9="C",BC51,V51)))) -> 10 | M51: A | N51: 40 | P51: 0.5 | Q51: 0.5 | R51: 0.5 | S51: 0 | T51: 5 | V51: 10 | X51: A | Y51: 40 | AA51: 0.5 | AB51: 0.5 | AC51: 0.5 | AD51: 0 | AE51: 5 | AG51: 10 | AI51: A | AJ51: 40 | AL51: 0.5 | AM51: 0.5 | AN51: 0.5 | AO51: 0 | AP51: 5 | AR51: 10 | AT51: A | AU51: 40 | AW51: 0.5 | AX51: 0.5 | AY51: 0.5 | AZ51: 0 | BA51: 5 | BC51: 10
B52: B1 | C52: =IF($D$9="D",N52,IF($D$9="A",Y52,IF($D$9="B",AJ52,IF($D$9="C",AU52,N52)))) -> 30 | D52: =IF($D$9="D",O52,IF($D$9="A",Z52,IF($D$9="B",AK52,IF($D$9="C",AV52,O52)))) -> 1 | F52: =IF($D$9="D",Q52,IF($D$9="A",AB52,IF($D$9="B",AM52,IF($D$9="C",AX52,Q52)))) -> 0 | G52: =IF($D$9="D",R52,IF($D$9="A",AC52,IF($D$9="B",AN52,IF($D$9="C",AY52,R52)))) -> 0 | H52: =IF($D$9="D",S52,IF($D$9="A",AD52,IF($D$9="B",AO52,IF($D$9="C",AZ52,S52)))) -> 0 | I52: =IF($D$9="D",T52,IF($D$9="A",AE52,IF($D$9="B",AP52,IF($D$9="C",BA52,T52)))) -> 4.5 | K52: =IF($D$9="D",V52,IF($D$9="A",AG52,IF($D$9="B",AR52,IF($D$9="C",BC52,V52)))) -> 12 | M52: B1 | N52: 30 | O52: 1 | Q52: 0 | R52: 0 | S52: 0 | T52: 4.5 | V52: 12 | X52: B1 | Y52: 30 | Z52: 1 | AB52: 0 | AC52: 0 | AD52: 0 | AE52: 3 | AG52: 12 | AI52: B1 | AJ52: 30 | AK52: 1 | AM52: 0 | AN52: 0 | AO52: 0 | AP52: 4.5 | AR52: 12 | AT52: B1 | AU52: 30 | AV52: 1 | AX52: 0 | AY52: 0 | AZ52: 0 | BA52: 4.5 | BC52: 12
B53: B2 | C53: =IF($D$9="D",N53,IF($D$9="A",Y53,IF($D$9="B",AJ53,IF($D$9="C",AU53,N53)))) -> 30 | D53: =IF($D$9="D",O53,IF($D$9="A",Z53,IF($D$9="B",AK53,IF($D$9="C",AV53,O53)))) -> 1 | E53: =IF($D$9="D",P53,IF($D$9="A",AA53,IF($D$9="B",AL53,IF($D$9="C",AW53,P53)))) -> 0 | G53: =IF($D$9="D",R53,IF($D$9="A",AC53,IF($D$9="B",AN53,IF($D$9="C",AY53,R53)))) -> 0 | H53: =IF($D$9="D",S53,IF($D$9="A",AD53,IF($D$9="B",AO53,IF($D$9="C",AZ53,S53)))) -> 0 | I53: =IF($D$9="D",T53,IF($D$9="A",AE53,IF($D$9="B",AP53,IF($D$9="C",BA53,T53)))) -> 4 | K53: =IF($D$9="D",V53,IF($D$9="A",AG53,IF($D$9="B",AR53,IF($D$9="C",BC53,V53)))) -> 12 | M53: B2 | N53: 30 | O53: 1 | P53: 0 | R53: 0 | S53: 0 | T53: 4 | V53: 12 | X53: B2 | Y53: 30 | Z53: 1 | AA53: 0 | AC53: 0 | AD53: 0 | AE53: 3 | AG53: 12 | AI53: B2 | AJ53: 30 | AK53: 1 | AL53: 0 | AN53: 0 | AO53: 0 | AP53: 4.5 | AR53: 12 | AT53: B2 | AU53: 30 | AV53: 1 | AW53: 0 | AY53: 0 | AZ53: 0 | BA53: 4.5 | BC53: 12
B54: B3 | C54: =IF($D$9="D",N54,IF($D$9="A",Y54,IF($D$9="B",AJ54,IF($D$9="C",AU54,N54)))) -> 30 | D54: =IF($D$9="D",O54,IF($D$9="A",Z54,IF($D$9="B",AK54,IF($D$9="C",AV54,O54)))) -> 1 | E54: =IF($D$9="D",P54,IF($D$9="A",AA54,IF($D$9="B",AL54,IF($D$9="C",AW54,P54)))) -> 0 | F54: =IF($D$9="D",Q54,IF($D$9="A",AB54,IF($D$9="B",AM54,IF($D$9="C",AX54,Q54)))) -> 0 | H54: =IF($D$9="D",S54,IF($D$9="A",AD54,IF($D$9="B",AO54,IF($D$9="C",AZ54,S54)))) -> 1 | I54: =IF($D$9="D",T54,IF($D$9="A",AE54,IF($D$9="B",AP54,IF($D$9="C",BA54,T54)))) -> 4 | K54: =IF($D$9="D",V54,IF($D$9="A",AG54,IF($D$9="B",AR54,IF($D$9="C",BC54,V54)))) -> 12 | M54: B3 | N54: 30 | O54: 1 | P54: 0 | Q54: 0 | S54: 1 | T54: 4 | V54: 12 | X54: B3 | Y54: 30 | Z54: 1 | AA54: 0 | AB54: 0 | AD54: 1 | AE54: 3 | AG54: 12 | AI54: B3 | AJ54: 30 | AK54: 1 | AL54: 0 | AM54: 0 | AO54: 1 | AP54: 4.5 | AR54: 12 | AT54: B3 | AU54: 30 | AV54: 1 | AW54: 0 | AX54: 0 | AZ54: 1 | BA54: 4.5 | BC54: 12
B55: C | C55: =IF($D$9="D",N55,IF($D$9="A",Y55,IF($D$9="B",AJ55,IF($D$9="C",AU55,N55)))) -> 40 | D55: =IF($D$9="D",O55,IF($D$9="A",Z55,IF($D$9="B",AK55,IF($D$9="C",AV55,O55)))) -> 1 | E55: =IF($D$9="D",P55,IF($D$9="A",AA55,IF($D$9="B",AL55,IF($D$9="C",AW55,P55)))) -> 0 | F55: =IF($D$9="D",Q55,IF($D$9="A",AB55,IF($D$9="B",AM55,IF($D$9="C",AX55,Q55)))) -> 0 | G55: =IF($D$9="D",R55,IF($D$9="A",AC55,IF($D$9="B",AN55,IF($D$9="C",AY55,R55)))) -> 0 | I55: =IF($D$9="D",T55,IF($D$9="A",AE55,IF($D$9="B",AP55,IF($D$9="C",BA55,T55)))) -> 1 | K55: =IF($D$9="D",V55,IF($D$9="A",AG55,IF($D$9="B",AR55,IF($D$9="C",BC55,V55)))) -> 40 | M55: C | N55: 40 | O55: 1 | P55: 0 | Q55: 0 | R55: 0 | T55: 1 | V55: 40 | X55: C | Y55: 40 | Z55: 1 | AA55: 0 | AB55: 0 | AC55: 0 | AE55: 1 | AG55: 40 | AI55: C | AJ55: 40 | AK55: 1 | AL55: 0 | AM55: 0 | AN55: 0 | AP55: 1 | AR55: 40 | AT55: C | AU55: 44 | AV55: 1 | AW55: 0 | AX55: 0 | AY55: 0 | BA55: 1 | BC55: 40
B56: total | C56: =SUM(C51:C55) -> 170 | M56: total | N56: =SUM(N51:N55) -> 170 | X56: total | Y56: =SUM(Y51:Y55) -> 170 | AI56: total | AJ56: =SUM(AJ51:AJ55) -> 170 | AT56: total | AU56: =SUM(AU51:AU55) -> 174
B58: period 5 | M58: period 5 | X58: period 5 | AI58: period 5 | AT58: period 5
B59: A | C59: =IF($D$9="D",N59,IF($D$9="A",Y59,IF($D$9="B",AJ59,IF($D$9="C",AU59,N59)))) -> 40 | E59: =IF($D$9="D",P59,IF($D$9="A",AA59,IF($D$9="B",AL59,IF($D$9="C",AW59,P59)))) -> 0.5 | F59: =IF($D$9="D",Q59,IF($D$9="A",AB59,IF($D$9="B",AM59,IF($D$9="C",AX59,Q59)))) -> 0.5 | G59: =IF($D$9="D",R59,IF($D$9="A",AC59,IF($D$9="B",AN59,IF($D$9="C",AY59,R59)))) -> 0.5 | H59: =IF($D$9="D",S59,IF($D$9="A",AD59,IF($D$9="B",AO59,IF($D$9="C",AZ59,S59)))) -> 0 | I59: =IF($D$9="D",T59,IF($D$9="A",AE59,IF($D$9="B",AP59,IF($D$9="C",BA59,T59)))) -> 5 | K59: =IF($D$9="D",V59,IF($D$9="A",AG59,IF($D$9="B",AR59,IF($D$9="C",BC59,V59)))) -> 10 | M59: A | N59: 40 | P59: 0.5 | Q59: 0.5 | R59: 0.5 | S59: 0 | T59: 5 | V59: 10 | X59: A | Y59: 40 | AA59: 0.5 | AB59: 0.5 | AC59: 0.5 | AD59: 0 | AE59: 5 | AG59: 10 | AI59: A | AJ59: 40 | AL59: 0.5 | AM59: 0.5 | AN59: 0.5 | AO59: 0 | AP59: 5 | AR59: 10 | AT59: A | AU59: 40 | AW59: 0.5 | AX59: 0.5 | AY59: 0.5 | AZ59: 0 | BA59: 5 | BC59: 10
B60: B1 | C60: =IF($D$9="D",N60,IF($D$9="A",Y60,IF($D$9="B",AJ60,IF($D$9="C",AU60,N60)))) -> 30 | D60: =IF($D$9="D",O60,IF($D$9="A",Z60,IF($D$9="B",AK60,IF($D$9="C",AV60,O60)))) -> 1 | F60: =IF($D$9="D",Q60,IF($D$9="A",AB60,IF($D$9="B",AM60,IF($D$9="C",AX60,Q60)))) -> 0 | G60: =IF($D$9="D",R60,IF($D$9="A",AC60,IF($D$9="B",AN60,IF($D$9="C",AY60,R60)))) -> 0 | H60: =IF($D$9="D",S60,IF($D$9="A",AD60,IF($D$9="B",AO60,IF($D$9="C",AZ60,S60)))) -> 1 | I60: =IF($D$9="D",T60,IF($D$9="A",AE60,IF($D$9="B",AP60,IF($D$9="C",BA60,T60)))) -> 4.5 | K60: =IF($D$9="D",V60,IF($D$9="A",AG60,IF($D$9="B",AR60,IF($D$9="C",BC60,V60)))) -> 12 | M60: B1 | N60: 30 | O60: 1 | Q60: 0 | R60: 0 | S60: 1 | T60: 4.5 | V60: 12 | X60: B1 | Y60: 30 | Z60: 1 | AB60: 0 | AC60: 0 | AD60: 1 | AE60: 3 | AG60: 12 | AI60: B1 | AJ60: 30 | AK60: 1 | AM60: 0 | AN60: 0 | AO60: 1 | AP60: 4.5 | AR60: 12 | AT60: B1 | AU60: 30 | AV60: 1 | AX60: 0 | AY60: 0 | AZ60: 1 | BA60: 4.5 | BC60: 12
B61: B2 | C61: =IF($D$9="D",N61,IF($D$9="A",Y61,IF($D$9="B",AJ61,IF($D$9="C",AU61,N61)))) -> 30 | D61: =IF($D$9="D",O61,IF($D$9="A",Z61,IF($D$9="B",AK61,IF($D$9="C",AV61,O61)))) -> 1 | E61: =IF($D$9="D",P61,IF($D$9="A",AA61,IF($D$9="B",AL61,IF($D$9="C",AW61,P61)))) -> 0 | G61: =IF($D$9="D",R61,IF($D$9="A",AC61,IF($D$9="B",AN61,IF($D$9="C",AY61,R61)))) -> 0 | H61: =IF($D$9="D",S61,IF($D$9="A",AD61,IF($D$9="B",AO61,IF($D$9="C",AZ61,S61)))) -> 0 | I61: =IF($D$9="D",T61,IF($D$9="A",AE61,IF($D$9="B",AP61,IF($D$9="C",BA61,T61)))) -> 4.5 | K61: =IF($D$9="D",V61,IF($D$9="A",AG61,IF($D$9="B",AR61,IF($D$9="C",BC61,V61)))) -> 12 | M61: B2 | N61: 30 | O61: 1 | P61: 0 | R61: 0 | S61: 0 | T61: 4.5 | V61: 12 | X61: B2 | Y61: 30 | Z61: 1 | AA61: 0 | AC61: 0 | AD61: 0 | AE61: 3 | AG61: 12 | AI61: B2 | AJ61: 30 | AK61: 1 | AL61: 0 | AN61: 0 | AO61: 0 | AP61: 4.5 | AR61: 12 | AT61: B2 | AU61: 30 | AV61: 1 | AW61: 0 | AY61: 0 | AZ61: 0 | BA61: 4.5 | BC61: 12
B62: B3 | C62: =IF($D$9="D",N62,IF($D$9="A",Y62,IF($D$9="B",AJ62,IF($D$9="C",AU62,N62)))) -> 30 | D62: =IF($D$9="D",O62,IF($D$9="A",Z62,IF($D$9="B",AK62,IF($D$9="C",AV62,O62)))) -> 1 | E62: =IF($D$9="D",P62,IF($D$9="A",AA62,IF($D$9="B",AL62,IF($D$9="C",AW62,P62)))) -> 0 | F62: =IF($D$9="D",Q62,IF($D$9="A",AB62,IF($D$9="B",AM62,IF($D$9="C",AX62,Q62)))) -> 0 | H62: =IF($D$9="D",S62,IF($D$9="A",AD62,IF($D$9="B",AO62,IF($D$9="C",AZ62,S62)))) -> 0 | I62: =IF($D$9="D",T62,IF($D$9="A",AE62,IF($D$9="B",AP62,IF($D$9="C",BA62,T62)))) -> 4.5 | K62: =IF($D$9="D",V62,IF($D$9="A",AG62,IF($D$9="B",AR62,IF($D$9="C",BC62,V62)))) -> 12 | M62: B3 | N62: 30 | O62: 1 | P62: 0 | Q62: 0 | S62: 0 | T62: 4.5 | V62: 12 | X62: B3 | Y62: 30 | Z62: 1 | AA62: 0 | AB62: 0 | AD62: 0 | AE62: 3 | AG62: 12 | AI62: B3 | AJ62: 30 | AK62: 1 | AL62: 0 | AM62: 0 | AO62: 0 | AP62: 4.5 | AR62: 12 | AT62: B3 | AU62: 30 | AV62: 1 | AW62: 0 | AX62: 0 | AZ62: 0 | BA62: 4.5 | BC62: 12
B63: C | C63: =IF($D$9="D",N63,IF($D$9="A",Y63,IF($D$9="B",AJ63,IF($D$9="C",AU63,N63)))) -> 40 | D63: =IF($D$9="D",O63,IF($D$9="A",Z63,IF($D$9="B",AK63,IF($D$9="C",AV63,O63)))) -> 1 | E63: =IF($D$9="D",P63,IF($D$9="A",AA63,IF($D$9="B",AL63,IF($D$9="C",AW63,P63)))) -> 0 | F63: =IF($D$9="D",Q63,IF($D$9="A",AB63,IF($D$9="B",AM63,IF($D$9="C",AX63,Q63)))) -> 0 | G63: =IF($D$9="D",R63,IF($D$9="A",AC63,IF($D$9="B",AN63,IF($D$9="C",AY63,R63)))) -> 0 | I63: =IF($D$9="D",T63,IF($D$9="A",AE63,IF($D$9="B",AP63,IF($D$9="C",BA63,T63)))) -> 1 | K63: =IF($D$9="D",V63,IF($D$9="A",AG63,IF($D$9="B",AR63,IF($D$9="C",BC63,V63)))) -> 40 | M63: C | N63: 40 | O63: 1 | P63: 0 | Q63: 0 | R63: 0 | T63: 1 | V63: 40 | X63: C | Y63: 40 | Z63: 1 | AA63: 0 | AB63: 0 | AC63: 0 | AE63: 1 | AG63: 40 | AI63: C | AJ63: 40 | AK63: 1 | AL63: 0 | AM63: 0 | AN63: 0 | AP63: 1 | AR63: 40 | AT63: C | AU63: 44 | AV63: 1 | AW63: 0 | AX63: 0 | AY63: 0 | BA63: 1 | BC63: 40
B64: total | C64: =SUM(C59:C63) -> 170 | M64: total | N64: =SUM(N59:N63) -> 170 | X64: total | Y64: =SUM(Y59:Y63) -> 170 | AI64: total | AJ64: =SUM(AJ59:AJ63) -> 170 | AT64: total | AU64: =SUM(AU59:AU63) -> 174

Sheet first approach investment
C1: Firm B1, B2 and B3 produce the same commodity,
C2: but replace their machinery at different times every three years | N2: Correction for varying total labour input | S2: Uncorrected results | AF2: Correction for varying total labour input | AK2: Uncorrected results
P3: relative | Q3: relative | U3: relative | V3: relative | AH3: relative | AI3: relative | AM3: relative | AN3: relative
B4: period 1 | N4: result | O4: result | P4: exchange | Q4: result | S4: result | T4: result | U4: exchange | V4: result | AF4: result | AG4: result | AH4: exchange | AI4: result | AK4: result | AL4: result | AM4: exchange | AN4: result
C5: input | K5: relative | L5: numerator | N5: in price | O5: per unit | P5: value of | Q5: per unit | S5: in price | T5: per unit | U5: value of | V5: per unit | Y5: input | AE5: relative | AF5: in price | AG5: per unit | AH5: value of | AI5: per unit | AK5: in price | AL5: per unit | AM5: value of | AN5: per unit
B6: firm | C6: labour | D6: A | E6: B1 | F6: B2 | G6: B3 | H6: C | I6: output | K6: prices | L6: =OVERVIEW!K24 -> B | N6: =L6 -> B | O6: labour | P6: goods | Q6: labour | S6: =L6 -> B | T6: labour | U6: goods | V6: labour | X6: firm | Y6: labour | Z6: A | AA6: B | AB6: C | AC6: output | AE6: prices | AF6: =L6 -> B | AG6: labour | AH6: goods | AI6: labour | AK6: =L6 -> B | AL6: labour | AM6: goods | AN6: labour
B7: A | C7: =OVERVIEW!C27 -> 40 | E7: =OVERVIEW!E27 -> 0.5 | F7: =OVERVIEW!F27 -> 0.5 | G7: =OVERVIEW!G27 -> 0.5 | H7: =OVERVIEW!H27 -> 0 | I7: =OVERVIEW!I27 -> 6 | K7: =OVERVIEW!K27 -> 10 | L7: =K7/IF($L$6="A",$K$7,IF($L$6="B",$K$8,IF($L$6="C",$K$9,IF($L$6="D",$K$10,IF($L$6="E",$K$11,0))))) -> 0.83333333 | N7: =(I7*L7-E7*L8-F7*L9-G7*L10-H7*L11)*$C$20/$C$12 -> 3.5823529 | O7: =N7/C7 -> 0.089558824 | P7: =L7/$N$12 -> 0.088819227 | Q7: =O7/$O$12 -> 1.6227273 | X7: A | Y7: =C7 -> 40 | AA7: =E7+F7+G7 -> 1.5 | AB7: =H7 -> 0 | AC7: =I7 -> 6 | AE7: =L7 -> 0.83333333 | AF7: =N7 -> 3.5823529 | AG7: =O7 -> 0.089558824 | AH7: =P7 -> 0.088819227 | AI7: =Q7 -> 1.6227273
B8: B1 | C8: =OVERVIEW!C28 -> 30 | D8: =OVERVIEW!D28 -> 1 | F8: =OVERVIEW!F28 -> 0 | G8: =OVERVIEW!G28 -> 0 | H8: =OVERVIEW!H28 -> 0 | I8: =OVERVIEW!I28 -> 3 | K8: =OVERVIEW!K28 -> 12 | L8: =K8/IF($L$6="A",$K$7,IF($L$6="B",$K$8,IF($L$6="C",$K$9,IF($L$6="D",$K$10,IF($L$6="E",$K$11,0))))) -> 1 | N8: =(I8*L8-D8*L7-F8*L9-G8*L10-H8*L11)*$C$20/$C$12 -> 2.2176471 | O8: =N8/C8 -> 0.073921569 | P8: =L8/$N$12 -> 0.10658307 | Q8: =O8/$O$12 -> 1.3393939 | X8: B | Y8: =C8+C9+C10 -> 90 | Z8: =D8+D9+D10 -> 3 | AB8: =H8+H9+H10 -> 1 | AC8: =I8+I9+I10 -> 9 | AE8: =(L8*I8+L9*I9+L10*I10)/(I8+I9+I10) -> 1 | AF8: =N8+N9+N10 -> 3.2411765 | AG8: =AF8/Y8 -> 0.036013072 | AH8: =((I8*L8+I9*L9+I10*L10)/(I8+I9+I10))/AF10 -> 0.10658307 | AI8: =AG8/AG10 -> 0.65252525
B9: B2 | C9: =OVERVIEW!C29 -> 30 | D9: =OVERVIEW!D29 -> 1 | E9: =OVERVIEW!E29 -> 0 | G9: =OVERVIEW!G29 -> 0 | H9: =OVERVIEW!H29 -> 0 | I9: =OVERVIEW!I29 -> 3 | K9: =OVERVIEW!K29 -> 12 | L9: =K9/IF($L$6="A",$K$7,IF($L$6="B",$K$8,IF($L$6="C",$K$9,IF($L$6="D",$K$10,IF($L$6="E",$K$11,0))))) -> 1 | N9: =(I9*L9-D9*L7-E9*L8-G9*L10-H9*L11)*$C$20/$C$12 -> 2.2176471 | O9: =N9/C9 -> 0.073921569 | P9: =L9/$N$12 -> 0.10658307 | Q9: =O9/$O$12 -> 1.3393939 | X9: C | Y9: =C11 -> 40 | Z9: =D11 -> 1 | AA9: =E11+F11+G11 -> 0 | AC9: =I11 -> 1 | AE9: =L11 -> 3.3333333 | AF9: =N11 -> 2.5588235 | AG9: =O11 -> 0.063970588 | AH9: =P11 -> 0.35527691 | AI9: =Q11 -> 1.1590909
B10: B3 | C10: =OVERVIEW!C30 -> 30 | D10: =OVERVIEW!D30 -> 1 | E10: =OVERVIEW!E30 -> 0 | F10: =OVERVIEW!F30 -> 0 | H10: =OVERVIEW!H30 -> 1 | I10: =OVERVIEW!I30 -> 3 | K10: =OVERVIEW!K30 -> 12 | L10: =K10/IF($L$6="A",$K$7,IF($L$6="B",$K$8,IF($L$6="C",$K$9,IF($L$6="D",$K$10,IF($L$6="E",$K$11,0))))) -> 1 | N10: =(I10*L10-D10*L7-E10*L8-F10*L9-H10*L11)*$C$20/$C$12 -> -1.1941176 | O10: =N10/C10 -> -0.039803922 | P10: =L10/$N$12 -> 0.10658307 | Q10: =O10/$O$12 -> -0.72121212 | X10: totaal | Y10: =SUM(Y7:Y9) -> 170 | AF10: =SUM(AF7:AF9) -> 9.3823529 | AG10: =AF10/Y10 -> 0.055190311
B11: C | C11: =OVERVIEW!C31 -> 40 | D11: =OVERVIEW!D31 -> 1 | E11: =OVERVIEW!E31 -> 0 | F11: =OVERVIEW!F31 -> 0 | G11: =OVERVIEW!G31 -> 0 | I11: =OVERVIEW!I31 -> 1 | K11: =OVERVIEW!K31 -> 40 | L11: =K11/IF($L$6="A",$K$7,IF($L$6="B",$K$8,IF($L$6="C",$K$9,IF($L$6="D",$K$10,IF($L$6="E",$K$11,0))))) -> 3.3333333 | N11: =(I11*L11-D11*L7-E11*L8-F11*L9-G11*L10)*$C$20/$C$12 -> 2.5588235 | O11: =N11/C11 -> 0.063970588 | P11: =L11/$N$12 -> 0.35527691 | Q11: =O11/$O$12 -> 1.1590909
B12: total | C12: =SUM(C7:C11) -> 170 | N12: =SUM(N7:N11) -> 9.3823529 | O12: =N12/C12 -> 0.055190311
B14: period 2
B15: A | C15: =OVERVIEW!C35 -> 40 | E15: =OVERVIEW!E35 -> 0.5 | F15: =OVERVIEW!F35 -> 0.5 | G15: =OVERVIEW!G35 -> 0.5 | H15: =OVERVIEW!H35 -> 0 | I15: =OVERVIEW!I35 -> 5 | K15: =OVERVIEW!K35 -> 10 | L15: =K15/IF($L$6="A",$K$15,IF($L$6="B",$K$16,IF($L$6="C",$K$17,IF($L$6="D",$K$18,IF($L$6="E",$K$19,0))))) -> 0.83333333 | N15: =(I15*L15-E15*L16-F15*L17-G15*L18-H15*L19)*$C$28/$C$20 -> 2.605364 | O15: =N15/C15 -> 0.0651341 | P15: =L15/$N$20 -> 0.086739781 | Q15: =O15/$O$20 -> 1.179661 | S15: =I15*L15-E15*L16-F15*L17-G15*L18-H15*L19 -> 2.6666667 | T15: =S15/C15 -> 0.066666667 | U15: =L15/$S$20 -> 0.084745763 | V15: =T15/$T$20 -> 1.179661 | X15: A | Y15: =C15 -> 40 | AA15: =E15+F15+G15 -> 1.5 | AB15: =H15 -> 0 | AC15: =I15 -> 5 | AE15: =L15 -> 0.83333333 | AF15: =N15 -> 2.605364 | AG15: =O15 -> 0.0651341 | AH15: =P15 -> 0.086739781 | AI15: =Q15 -> 1.179661 | AK15: =S15 -> 2.6666667 | AL15: =T15 -> 0.066666667 | AM15: =U15 -> 0.084745763 | AN15: =V15 -> 1.179661
B16: B1 | C16: =OVERVIEW!C36 -> 30 | D16: =OVERVIEW!D36 -> 1 | F16: =OVERVIEW!F36 -> 0 | G16: =OVERVIEW!G36 -> 0 | H16: =OVERVIEW!H36 -> 1 | I16: =OVERVIEW!I36 -> 4.5 | K16: =OVERVIEW!K36 -> 12 | L16: =K16/IF($L$6="A",$K$15,IF($L$6="B",$K$16,IF($L$6="C",$K$17,IF($L$6="D",$K$18,IF($L$6="E",$K$19,0))))) -> 1 | N16: =(I16*L16-D16*L15-F16*L17-G16*L18-H16*L19)*$C$28/$C$20 -> 0.3256705 | O16: =N16/C16 -> 0.010855683 | P16: =L16/$N$20 -> 0.10408774 | Q16: =O16/$O$20 -> 0.19661017 | S16: =I16*L16-D16*L15-F16*L17-G16*L18-H16*L19 -> 0.33333333 | T16: =S16/C16 -> 0.011111111 | U16: =L16/$S$20 -> 0.10169492 | V16: =T16/$T$20 -> 0.19661017 | X16: B | Y16: =C16+C17+C18 -> 90 | Z16: =D16+D17+D18 -> 3 | AB16: =H16+H17+H18 -> 1 | AC16: =I16+I17+I18 -> 10.5 | AE16: =(L16*I16+L17*I17+L18*I18)/(I16+I17+I18) -> 1 | AF16: =N16+N17+N18 -> 4.559387 | AG16: =AF16/Y16 -> 0.050659855 | AH16: =((I16*L16+I17*L17+I18*L18)/(I16+I17+I18))/AF18 -> 0.10408774 | AI16: =AG16/AG18 -> 0.91751412 | AK16: =S16+S17+S18 -> 4.6666667 | AL16: =AK16/Y16 -> 0.051851852 | AM16: =((I16*L16+I17*L17+I18*L18)/(I16+I17+I18))/AK18 -> 0.10169492 | AN16: =AL16/AL18 -> 0.91751412
B17: B2 | C17: =OVERVIEW!C37 -> 30 | D17: =OVERVIEW!D37 -> 1 | E17: =OVERVIEW!E37 -> 0 | G17: =OVERVIEW!G37 -> 0 | H17: =OVERVIEW!H37 -> 0 | I17: =OVERVIEW!I37 -> 3 | K17: =OVERVIEW!K37 -> 12 | L17: =K17/IF($L$6="A",$K$15,IF($L$6="B",$K$16,IF($L$6="C",$K$17,IF($L$6="D",$K$18,IF($L$6="E",$K$19,0))))) -> 1 | N17: =(I17*L17-D17*L15-E17*L16-G17*L18-H17*L19)*$C$28/$C$20 -> 2.1168582 | O17: =N17/C17 -> 0.070561941 | P17: =L17/$N$20 -> 0.10408774 | Q17: =O17/$O$20 -> 1.2779661 | S17: =I17*L17-D17*L15-E17*L16-G17*L18-H17*L19 -> 2.1666667 | T17: =S17/C17 -> 0.072222222 | U17: =L17/$S$20 -> 0.10169492 | V17: =T17/$T$20 -> 1.2779661 | X17: C | Y17: =C19 -> 44 | Z17: =D19 -> 1 | AA17: =E19+F19+G19 -> 0 | AC17: =I19 -> 1 | AE17: =L19 -> 3.3333333 | AF17: =N19 -> 2.4425287 | AG17: =O19 -> 0.055512017 | AH17: =P19 -> 0.34695912 | AI17: =Q19 -> 1.0053929 | AK17: =S19 -> 2.5 | AL17: =T19 -> 0.056818182 | AM17: =U19 -> 0.33898305 | AN17: =V19 -> 1.0053929
B18: B3 | C18: =OVERVIEW!C38 -> 30 | D18: =OVERVIEW!D38 -> 1 | E18: =OVERVIEW!E38 -> 0 | F18: =OVERVIEW!F38 -> 0 | H18: =OVERVIEW!H38 -> 0 | I18: =OVERVIEW!I38 -> 3 | K18: =OVERVIEW!K38 -> 12 | L18: =K18/IF($L$6="A",$K$15,IF($L$6="B",$K$16,IF($L$6="C",$K$17,IF($L$6="D",$K$18,IF($L$6="E",$K$19,0))))) -> 1 | N18: =(I18*L18-D18*L15-E18*L16-F18*L17-H18*L19)*$C$28/$C$20 -> 2.1168582 | O18: =N18/C18 -> 0.070561941 | P18: =L18/$N$20 -> 0.10408774 | Q18: =O18/$O$20 -> 1.2779661 | S18: =I18*L18-D18*L15-E18*L16-F18*L17-H18*L19 -> 2.1666667 | T18: =S18/C18 -> 0.072222222 | U18: =L18/$S$20 -> 0.10169492 | V18: =T18/$T$20 -> 1.2779661 | X18: totaal | Y18: =SUM(Y15:Y17) -> 174 | AF18: =SUM(AF15:AF17) -> 9.6072797 | AG18: =AF18/Y18 -> 0.055214251 | AK18: =SUM(AK15:AK17) -> 9.8333333 | AL18: =AK18/Y18 -> 0.05651341
B19: C | C19: =OVERVIEW!C39 -> 44 | D19: =OVERVIEW!D39 -> 1 | E19: =OVERVIEW!E39 -> 0 | F19: =OVERVIEW!F39 -> 0 | G19: =OVERVIEW!G39 -> 0 | I19: =OVERVIEW!I39 -> 1 | K19: =OVERVIEW!K39 -> 40 | L19: =K19/IF($L$6="A",$K$15,IF($L$6="B",$K$16,IF($L$6="C",$K$17,IF($L$6="D",$K$18,IF($L$6="E",$K$19,0))))) -> 3.3333333 | N19: =(I19*L19-D19*L15-E19*L16-F19*L17-G19*L18)*$C$28/$C$20 -> 2.4425287 | O19: =N19/C19 -> 0.055512017 | P19: =L19/$N$20 -> 0.34695912 | Q19: =O19/$O$20 -> 1.0053929 | S19: =I19*L19-D19*L15-E19*L16-F19*L17-G19*L18 -> 2.5 | T19: =S19/C19 -> 0.056818182 | U19: =L19/$S$20 -> 0.33898305 | V19: =T19/$T$20 -> 1.0053929
B20: total | C20: =SUM(C15:C19) -> 174 | N20: =SUM(N15:N19) -> 9.6072797 | O20: =N20/C20 -> 0.055214251 | S20: =SUM(S15:S19) -> 9.8333333 | T20: =S20/C20 -> 0.05651341
B22: period 3
B23: A | C23: =OVERVIEW!C43 -> 40 | E23: =OVERVIEW!E43 -> 0.5 | F23: =OVERVIEW!F43 -> 0.5 | G23: =OVERVIEW!G43 -> 0.5 | H23: =OVERVIEW!H43 -> 0 | I23: =OVERVIEW!I43 -> 5 | K23: =OVERVIEW!K43 -> 10 | L23: =K23/IF($L$6="A",$K$15,IF($L$6="B",$K$16,IF($L$6="C",$K$17,IF($L$6="D",$K$18,IF($L$6="E",$K$19,0))))) -> 0.83333333 | N23: =(I23*L23-E23*L24-F23*L25-G23*L26-H23*L27)*$C$36/$C$28 -> 2.6666667 | O23: =N23/C23 -> 0.066666667 | P23: =L23/$N$28 -> 0.073529412 | Q23: =O23/$O$28 -> 1 | S23: =I23*L23-E23*L24-F23*L25-G23*L26-H23*L27 -> 2.6666667 | T23: =S23/C23 -> 0.066666667 | U23: =L23/$S$28 -> 0.073529412 | V23: =T23/$T$28 -> 1 | X23: A | Y23: =C23 -> 40 | AA23: =E23+F23+G23 -> 1.5 | AB23: =H23 -> 0 | AC23: =I23 -> 5 | AE23: =L23 -> 0.83333333 | AF23: =N23 -> 2.6666667 | AG23: =O23 -> 0.066666667 | AH23: =P23 -> 0.073529412 | AI23: =Q23 -> 1 | AK23: =S23 -> 2.6666667 | AL23: =T23 -> 0.066666667 | AM23: =U23 -> 0.073529412 | AN23: =V23 -> 1
B24: B1 | C24: =OVERVIEW!C44 -> 30 | D24: =OVERVIEW!D44 -> 1 | F24: =OVERVIEW!F44 -> 0 | G24: =OVERVIEW!G44 -> 0 | H24: =OVERVIEW!H44 -> 0 | I24: =OVERVIEW!I44 -> 4.5 | K24: =OVERVIEW!K44 -> 12 | L24: =K24/IF($L$6="A",$K$15,IF($L$6="B",$K$16,IF($L$6="C",$K$17,IF($L$6="D",$K$18,IF($L$6="E",$K$19,0))))) -> 1 | N24: =(I24*L24-D24*L23-F24*L25-G24*L26-H24*L27)*$C$36/$C$28 -> 3.6666667 | O24: =N24/C24 -> 0.12222222 | P24: =L24/$N$28 -> 0.088235294 | Q24: =O24/$O$28 -> 1.8333333 | S24: =I24*L24-D24*L23-F24*L25-G24*L26-H24*L27 -> 3.6666667 | T24: =S24/C24 -> 0.12222222 | U24: =L24/$S$28 -> 0.088235294 | V24: =T24/$T$28 -> 1.8333333 | X24: B | Y24: =C24+C25+C26 -> 90 | Z24: =D24+D25+D26 -> 3 | AB24: =H24+H25+H26 -> 1 | AC24: =I24+I25+I26 -> 12 | AE24: =(L24*I24+L25*I25+L26*I26)/(I24+I25+I26) -> 1 | AF24: =N24+N25+N26 -> 6.1666667 | AG24: =AF24/Y24 -> 0.068518519 | AH24: =((I24*L24+I25*L25+I26*L26)/(I24+I25+I26))/AF26 -> 0.088235294 | AI24: =AG24/AG26 -> 1.0277778 | AK24: =S24+S25+S26 -> 6.1666667 | AL24: =AK24/Y24 -> 0.068518519 | AM24: =((I24*L24+I25*L25+I26*L26)/(I24+I25+I26))/AK26 -> 0.088235294 | AN24: =AL24/AL26 -> 1.0277778
B25: B2 | C25: =OVERVIEW!C45 -> 30 | D25: =OVERVIEW!D45 -> 1 | E25: =OVERVIEW!E45 -> 0 | G25: =OVERVIEW!G45 -> 0 | H25: =OVERVIEW!H45 -> 1 | I25: =OVERVIEW!I45 -> 4.5 | K25: =OVERVIEW!K45 -> 12 | L25: =K25/IF($L$6="A",$K$15,IF($L$6="B",$K$16,IF($L$6="C",$K$17,IF($L$6="D",$K$18,IF($L$6="E",$K$19,0))))) -> 1 | N25: =(I25*L25-D25*L23-E25*L24-G25*L26-H25*L27)*$C$36/$C$28 -> 0.33333333 | O25: =N25/C25 -> 0.011111111 | P25: =L25/$N$28 -> 0.088235294 | Q25: =O25/$O$28 -> 0.16666667 | S25: =I25*L25-D25*L23-E25*L24-G25*L26-H25*L27 -> 0.33333333 | T25: =S25/C25 -> 0.011111111 | U25: =L25/$S$28 -> 0.088235294 | V25: =T25/$T$28 -> 0.16666667 | X25: C | Y25: =C27 -> 40 | Z25: =D27 -> 1 | AA25: =E27+F27+G27 -> 0 | AC25: =I27 -> 1 | AE25: =L27 -> 3.3333333 | AF25: =N27 -> 2.5 | AG25: =O27 -> 0.0625 | AH25: =P27 -> 0.29411765 | AI25: =Q27 -> 0.9375 | AK25: =S27 -> 2.5 | AL25: =T27 -> 0.0625 | AM25: =U27 -> 0.29411765 | AN25: =V27 -> 0.9375
B26: B3 | C26: =OVERVIEW!C46 -> 30 | D26: =OVERVIEW!D46 -> 1 | E26: =OVERVIEW!E46 -> 0 | F26: =OVERVIEW!F46 -> 0 | H26: =OVERVIEW!H46 -> 0 | I26: =OVERVIEW!I46 -> 3 | K26: =OVERVIEW!K46 -> 12 | L26: =K26/IF($L$6="A",$K$15,IF($L$6="B",$K$16,IF($L$6="C",$K$17,IF($L$6="D",$K$18,IF($L$6="E",$K$19,0))))) -> 1 | N26: =(I26*L26-D26*L23-E26*L24-F26*L25-H26*L27)*$C$36/$C$28 -> 2.1666667 | O26: =N26/C26 -> 0.072222222 | P26: =L26/$N$28 -> 0.088235294 | Q26: =O26/$O$28 -> 1.0833333 | S26: =I26*L26-D26*L23-E26*L24-F26*L25-H26*L27 -> 2.1666667 | T26: =S26/C26 -> 0.072222222 | U26: =L26/$S$28 -> 0.088235294 | V26: =T26/$T$28 -> 1.0833333 | X26: totaal | Y26: =SUM(Y23:Y25) -> 170 | AF26: =SUM(AF23:AF25) -> 11.333333 | AG26: =AF26/Y26 -> 0.066666667 | AK26: =SUM(AK23:AK25) -> 11.333333 | AL26: =AK26/Y26 -> 0.066666667
B27: C | C27: =OVERVIEW!C47 -> 40 | D27: =OVERVIEW!D47 -> 1 | E27: =OVERVIEW!E47 -> 0 | F27: =OVERVIEW!F47 -> 0 | G27: =OVERVIEW!G47 -> 0 | I27: =OVERVIEW!I47 -> 1 | K27: =OVERVIEW!K47 -> 40 | L27: =K27/IF($L$6="A",$K$15,IF($L$6="B",$K$16,IF($L$6="C",$K$17,IF($L$6="D",$K$18,IF($L$6="E",$K$19,0))))) -> 3.3333333 | N27: =(I27*L27-D27*L23-E27*L24-F27*L25-G27*L26)*$C$36/$C$28 -> 2.5 | O27: =N27/C27 -> 0.0625 | P27: =L27/$N$28 -> 0.29411765 | Q27: =O27/$O$28 -> 0.9375 | S27: =I27*L27-D27*L23-E27*L24-F27*L25-G27*L26 -> 2.5 | T27: =S27/C27 -> 0.0625 | U27: =L27/$S$28 -> 0.29411765 | V27: =T27/$T$28 -> 0.9375
B28: total | C28: =SUM(C23:C27) -> 170 | N28: =SUM(N23:N27) -> 11.333333 | O28: =N28/C28 -> 0.066666667 | S28: =SUM(S23:S27) -> 11.333333 | T28: =S28/C28 -> 0.066666667
B30: period 4
B31: A | C31: =OVERVIEW!C51 -> 40 | E31: =OVERVIEW!E51 -> 0.5 | F31: =OVERVIEW!F51 -> 0.5 | G31: =OVERVIEW!G51 -> 0.5 | H31: =OVERVIEW!H51 -> 0 | I31: =OVERVIEW!I51 -> 5 | K31: =OVERVIEW!K51 -> 10 | L31: =K31/IF($L$6="A",$K$15,IF($L$6="B",$K$16,IF($L$6="C",$K$17,IF($L$6="D",$K$18,IF($L$6="E",$K$19,0))))) -> 0.83333333 | N31: =(I31*L31-E31*L32-F31*L33-G31*L34-H31*L35)*$C$44/$C$36 -> 2.6666667 | O31: =N31/C31 -> 0.066666667 | P31: =L31/$N$36 -> 0.070422535 | Q31: =O31/$O$36 -> 0.95774648 | S31: =I31*L31-E31*L32-F31*L33-G31*L34-H31*L35 -> 2.6666667 | T31: =S31/C31 -> 0.066666667 | U31: =L31/$S$36 -> 0.070422535 | V31: =T31/$T$36 -> 0.95774648 | X31: A | Y31: =C31 -> 40 | AA31: =E31+F31+G31 -> 1.5 | AB31: =H31 -> 0 | AC31: =I31 -> 5 | AE31: =L31 -> 0.83333333 | AF31: =N31 -> 2.6666667 | AG31: =O31 -> 0.066666667 | AH31: =P31 -> 0.070422535 | AI31: =Q31 -> 0.95774648 | AK31: =S31 -> 2.6666667 | AL31: =T31 -> 0.066666667 | AM31: =U31 -> 0.070422535 | AN31: =V31 -> 0.95774648
B32: B1 | C32: =OVERVIEW!C52 -> 30 | D32: =OVERVIEW!D52 -> 1 | F32: =OVERVIEW!F52 -> 0 | G32: =OVERVIEW!G52 -> 0 | H32: =OVERVIEW!H52 -> 0 | I32: =OVERVIEW!I52 -> 4.5 | K32: =OVERVIEW!K52 -> 12 | L32: =K32/IF($L$6="A",$K$15,IF($L$6="B",$K$16,IF($L$6="C",$K$17,IF($L$6="D",$K$18,IF($L$6="E",$K$19,0))))) -> 1 | N32: =(I32*L32-D32*L31-F32*L33-G32*L34-H32*L35)*$C$44/$C$36 -> 3.6666667 | O32: =N32/C32 -> 0.12222222 | P32: =L32/$N$36 -> 0.084507042 | Q32: =O32/$O$36 -> 1.7558685 | S32: =I32*L32-D32*L31-F32*L33-G32*L34-H32*L35 -> 3.6666667 | T32: =S32/C32 -> 0.12222222 | U32: =L32/$S$36 -> 0.084507042 | V32: =T32/$T$36 -> 1.7558685 | X32: B | Y32: =C32+C33+C34 -> 90 | Z32: =D32+D33+D34 -> 3 | AB32: =H32+H33+H34 -> 1 | AC32: =I32+I33+I34 -> 12.5 | AE32: =(L32*I32+L33*I33+L34*I34)/(I32+I33+I34) -> 1 | AF32: =N32+N33+N34 -> 6.6666667 | AG32: =AF32/Y32 -> 0.074074074 | AH32: =((I32*L32+I33*L33+I34*L34)/(I32+I33+I34))/AF34 -> 0.084507042 | AI32: =AG32/AG34 -> 1.0641628 | AK32: =S32+S33+S34 -> 6.6666667 | AL32: =AK32/Y32 -> 0.074074074 | AM32: =((I32*L32+I33*L33+I34*L34)/(I32+I33+I34))/AK34 -> 0.084507042 | AN32: =AL32/AL34 -> 1.0641628
B33: B2 | C33: =OVERVIEW!C53 -> 30 | D33: =OVERVIEW!D53 -> 1 | E33: =OVERVIEW!E53 -> 0 | G33: =OVERVIEW!G53 -> 0 | H33: =OVERVIEW!H53 -> 0 | I33: =OVERVIEW!I53 -> 4 | K33: =OVERVIEW!K53 -> 12 | L33: =K33/IF($L$6="A",$K$15,IF($L$6="B",$K$16,IF($L$6="C",$K$17,IF($L$6="D",$K$18,IF($L$6="E",$K$19,0))))) -> 1 | N33: =(I33*L33-D33*L31-E33*L32-G33*L34-H33*L35)*$C$44/$C$36 -> 3.1666667 | O33: =N33/C33 -> 0.10555556 | P33: =L33/$N$36 -> 0.084507042 | Q33: =O33/$O$36 -> 1.5164319 | S33: =I33*L33-D33*L31-E33*L32-G33*L34-H33*L35 -> 3.1666667 | T33: =S33/C33 -> 0.10555556 | U33: =L33/$S$36 -> 0.084507042 | V33: =T33/$T$36 -> 1.5164319 | X33: C | Y33: =C35 -> 40 | Z33: =D35 -> 1 | AA33: =E35+F35+G35 -> 0 | AC33: =I35 -> 1 | AE33: =L35 -> 3.3333333 | AF33: =N35 -> 2.5 | AG33: =O35 -> 0.0625 | AH33: =P35 -> 0.28169014 | AI33: =Q35 -> 0.89788732 | AK33: =S35 -> 2.5 | AL33: =T35 -> 0.0625 | AM33: =U35 -> 0.28169014 | AN33: =V35 -> 0.89788732
B34: B3 | C34: =OVERVIEW!C54 -> 30 | D34: =OVERVIEW!D54 -> 1 | E34: =OVERVIEW!E54 -> 0 | F34: =OVERVIEW!F54 -> 0 | H34: =OVERVIEW!H54 -> 1 | I34: =OVERVIEW!I54 -> 4 | K34: =OVERVIEW!K54 -> 12 | L34: =K34/IF($L$6="A",$K$15,IF($L$6="B",$K$16,IF($L$6="C",$K$17,IF($L$6="D",$K$18,IF($L$6="E",$K$19,0))))) -> 1 | N34: =(I34*L34-D34*L31-E34*L32-F34*L33-H34*L35)*$C$44/$C$36 -> -0.16666667 | O34: =N34/C34 -> -0.0055555556 | P34: =L34/$N$36 -> 0.084507042 | Q34: =O34/$O$36 -> -0.079812207 | S34: =I34*L34-D34*L31-E34*L32-F34*L33-H34*L35 -> -0.16666667 | T34: =S34/C34 -> -0.0055555556 | U34: =L34/$S$36 -> 0.084507042 | V34: =T34/$T$36 -> -0.079812207 | X34: totaal | Y34: =SUM(Y31:Y33) -> 170 | AF34: =SUM(AF31:AF33) -> 11.833333 | AG34: =AF34/Y34 -> 0.069607843 | AK34: =SUM(AK31:AK33) -> 11.833333 | AL34: =AK34/Y34 -> 0.069607843
B35: C | C35: =OVERVIEW!C55 -> 40 | D35: =OVERVIEW!D55 -> 1 | E35: =OVERVIEW!E55 -> 0 | F35: =OVERVIEW!F55 -> 0 | G35: =OVERVIEW!G55 -> 0 | I35: =OVERVIEW!I55 -> 1 | K35: =OVERVIEW!K55 -> 40 | L35: =K35/IF($L$6="A",$K$15,IF($L$6="B",$K$16,IF($L$6="C",$K$17,IF($L$6="D",$K$18,IF($L$6="E",$K$19,0))))) -> 3.3333333 | N35: =(I35*L35-D35*L31-E35*L32-F35*L33-G35*L34)*$C$44/$C$36 -> 2.5 | O35: =N35/C35 -> 0.0625 | P35: =L35/$N$36 -> 0.28169014 | Q35: =O35/$O$36 -> 0.89788732 | S35: =I35*L35-D35*L31-E35*L32-F35*L33-G35*L34 -> 2.5 | T35: =S35/C35 -> 0.0625 | U35: =L35/$S$36 -> 0.28169014 | V35: =T35/$T$36 -> 0.89788732
B36: total | C36: =SUM(C31:C35) -> 170 | N36: =SUM(N31:N35) -> 11.833333 | O36: =N36/C36 -> 0.069607843 | S36: =SUM(S31:S35) -> 11.833333 | T36: =S36/C36 -> 0.069607843
B38: period 5
B39: A | C39: =OVERVIEW!C59 -> 40 | E39: =OVERVIEW!E59 -> 0.5 | F39: =OVERVIEW!F59 -> 0.5 | G39: =OVERVIEW!G59 -> 0.5 | H39: =OVERVIEW!H59 -> 0 | I39: =OVERVIEW!I59 -> 5 | K39: =OVERVIEW!K59 -> 10 | L39: =K39/IF($L$6="A",$K$15,IF($L$6="B",$K$16,IF($L$6="C",$K$17,IF($L$6="D",$K$18,IF($L$6="E",$K$19,0))))) -> 0.83333333 | N39: =(I39*L39-E39*L40-F39*L41-G39*L42-H39*L43) -> 2.6666667 | O39: =N39/C39 -> 0.066666667 | P39: =L39/$N$44 -> 0.064935065 | Q39: =O39/$O$44 -> 0.88311688 | S39: =I39*L39-E39*L40-F39*L41-G39*L42-H39*L43 -> 2.6666667 | T39: =S39/C39 -> 0.066666667 | U39: =L39/$S$44 -> 0.064935065 | V39: =T39/$T$44 -> 0.88311688 | X39: A | Y39: =C39 -> 40 | AA39: =E39+F39+G39 -> 1.5 | AB39: =H39 -> 0 | AC39: =I39 -> 5 | AE39: =L39 -> 0.83333333 | AF39: =N39 -> 2.6666667 | AG39: =O39 -> 0.066666667 | AH39: =P39 -> 0.064935065 | AI39: =Q39 -> 0.88311688 | AK39: =S39 -> 2.6666667 | AL39: =T39 -> 0.066666667 | AM39: =U39 -> 0.064935065 | AN39: =V39 -> 0.88311688
B40: B1 | C40: =OVERVIEW!C60 -> 30 | D40: =OVERVIEW!D60 -> 1 | F40: =OVERVIEW!F60 -> 0 | G40: =OVERVIEW!G60 -> 0 | H40: =OVERVIEW!H60 -> 1 | I40: =OVERVIEW!I60 -> 4.5 | K40: =OVERVIEW!K60 -> 12 | L40: =K40/IF($L$6="A",$K$15,IF($L$6="B",$K$16,IF($L$6="C",$K$17,IF($L$6="D",$K$18,IF($L$6="E",$K$19,0))))) -> 1 | N40: =(I40*L40-D40*L39-F40*L41-G40*L42-H40*L43) -> 0.33333333 | O40: =N40/C40 -> 0.011111111 | P40: =L40/$N$44 -> 0.077922078 | Q40: =O40/$O$44 -> 0.14718615 | S40: =I40*L40-D40*L39-F40*L41-G40*L42-H40*L43 -> 0.33333333 | T40: =S40/C40 -> 0.011111111 | U40: =L40/$S$44 -> 0.077922078 | V40: =T40/$T$44 -> 0.14718615 | X40: B | Y40: =C40+C41+C42 -> 90 | Z40: =D40+D41+D42 -> 3 | AB40: =H40+H41+H42 -> 1 | AC40: =I40+I41+I42 -> 13.5 | AE40: =(L40*I40+L41*I41+L42*I42)/(I40+I41+I42) -> 1 | AF40: =N40+N41+N42 -> 7.6666667 | AG40: =AF40/Y40 -> 0.085185185 | AH40: =((I40*L40+I41*L41+I42*L42)/(I40+I41+I42))/AF42 -> 0.077922078 | AI40: =AG40/AG42 -> 1.1284271 | AK40: =S40+S41+S42 -> 7.6666667 | AL40: =AK40/Y40 -> 0.085185185 | AM40: =((I40*L40+I41*L41+I42*L42)/(I40+I41+I42))/AK42 -> 0.077922078 | AN40: =AL40/AL42 -> 1.1284271
B41: B2 | C41: =OVERVIEW!C61 -> 30 | D41: =OVERVIEW!D61 -> 1 | E41: =OVERVIEW!E61 -> 0 | G41: =OVERVIEW!G61 -> 0 | H41: =OVERVIEW!H61 -> 0 | I41: =OVERVIEW!I61 -> 4.5 | K41: =OVERVIEW!K61 -> 12 | L41: =K41/IF($L$6="A",$K$15,IF($L$6="B",$K$16,IF($L$6="C",$K$17,IF($L$6="D",$K$18,IF($L$6="E",$K$19,0))))) -> 1 | N41: =(I41*L41-D41*L39-E41*L40-G41*L42-H41*L43) -> 3.6666667 | O41: =N41/C41 -> 0.12222222 | P41: =L41/$N$44 -> 0.077922078 | Q41: =O41/$O$44 -> 1.6190476 | S41: =I41*L41-D41*L39-E41*L40-G41*L42-H41*L43 -> 3.6666667 | T41: =S41/C41 -> 0.12222222 | U41: =L41/$S$44 -> 0.077922078 | V41: =T41/$T$44 -> 1.6190476 | X41: C | Y41: =C43 -> 40 | Z41: =D43 -> 1 | AA41: =E43+F43+G43 -> 0 | AC41: =I43 -> 1 | AE41: =L43 -> 3.3333333 | AF41: =N43 -> 2.5 | AG41: =O43 -> 0.0625 | AH41: =P43 -> 0.25974026 | AI41: =Q43 -> 0.82792208 | AK41: =S43 -> 2.5 | AL41: =T43 -> 0.0625 | AM41: =U43 -> 0.25974026 | AN41: =V43 -> 0.82792208
B42: B3 | C42: =OVERVIEW!C62 -> 30 | D42: =OVERVIEW!D62 -> 1 | E42: =OVERVIEW!E62 -> 0 | F42: =OVERVIEW!F62 -> 0 | H42: =OVERVIEW!H62 -> 0 | I42: =OVERVIEW!I62 -> 4.5 | K42: =OVERVIEW!K62 -> 12 | L42: =K42/IF($L$6="A",$K$15,IF($L$6="B",$K$16,IF($L$6="C",$K$17,IF($L$6="D",$K$18,IF($L$6="E",$K$19,0))))) -> 1 | N42: =(I42*L42-D42*L39-E42*L40-F42*L41-H42*L43) -> 3.6666667 | O42: =N42/C42 -> 0.12222222 | P42: =L42/$N$44 -> 0.077922078 | Q42: =O42/$O$44 -> 1.6190476 | S42: =I42*L42-D42*L39-E42*L40-F42*L41-H42*L43 -> 3.6666667 | T42: =S42/C42 -> 0.12222222 | U42: =L42/$S$44 -> 0.077922078 | V42: =T42/$T$44 -> 1.6190476 | X42: totaal | Y42: =SUM(Y39:Y41) -> 170 | AF42: =SUM(AF39:AF41) -> 12.833333 | AG42: =AF42/Y42 -> 0.075490196 | AK42: =SUM(AK39:AK41) -> 12.833333 | AL42: =AK42/Y42 -> 0.075490196
B43: C | C43: =OVERVIEW!C63 -> 40 | D43: =OVERVIEW!D63 -> 1 | E43: =OVERVIEW!E63 -> 0 | F43: =OVERVIEW!F63 -> 0 | G43: =OVERVIEW!G63 -> 0 | I43: =OVERVIEW!I63 -> 1 | K43: =OVERVIEW!K63 -> 40 | L43: =K43/IF($L$6="A",$K$15,IF($L$6="B",$K$16,IF($L$6="C",$K$17,IF($L$6="D",$K$18,IF($L$6="E",$K$19,0))))) -> 3.3333333 | N43: =(I43*L43-D43*L39-E43*L40-F43*L41-G43*L42) -> 2.5 | O43: =N43/C43 -> 0.0625 | P43: =L43/$N$44 -> 0.25974026 | Q43: =O43/$O$44 -> 0.82792208 | S43: =I43*L43-D43*L39-E43*L40-F43*L41-G43*L42 -> 2.5 | T43: =S43/C43 -> 0.0625 | U43: =L43/$S$44 -> 0.25974026 | V43: =T43/$T$44 -> 0.82792208
B44: total | C44: =SUM(C39:C43) -> 170 | N44: =SUM(N39:N43) -> 12.833333 | O44: =N44/C44 -> 0.075490196 | S44: =SUM(S39:S43) -> 12.833333 | T44: =S44/C44 -> 0.075490196
B46: double-sided valuation from period 1 to period 2 and from period 2 to period 3
B47: period 1
B48: A | D48: =(I7*L7-E7*L8-F7*L9-G7*L10-H7*L11)/(I7*L7) -> 0.7 | E48: =E7/I7 -> 0.083333333 | F48: =F7/I7 -> 0.083333333 | G48: =G7/I7 -> 0.083333333 | H48: =H7/I7 -> 0 | K48: =P7/Q7 -> 0.054734537 | N48: =K48*D48+E48*E49*K49+F48*F50*K50+G48*G51*K51+H48*H52*K52 -> 0.052681992 | Y48: =(AC7*AE7-AA7*AE8-AB7*AE9)/(AC7*AE7) -> 0.7 | Z48: =AA7/AC7 -> 0.25 | AA48: =AB7/AC7 -> 0 | AB48: =AH7/AI7 -> 0.054734537 | AE48: =AB48*Y48+Z48*Z49*AB49+AA48*AA50*AB50 -> 0.052681992
B49: B1 | D49: =D8/I8 -> 0.33333333 | E49: =(I8*L8-D8*L7-F8*L9-G8*L10-H8*L11)/(I8*L8) -> 0.72222222 | F49: =F8/I8 -> 0 | G49: =G8/I8 -> 0 | H49: =H8/I8 -> 0 | K49: =P8/Q8 -> 0.079575597 | N49: =K49*E49+D49*D48*K48+F49*F50*K50+G49*G51*K51+H49*H52*K52 -> 0.070242656 | Y49: =Z8/AC8 -> 0.33333333 | Z49: =(AC8*AE8-Z8*AE7-AB8*AE9)/(AC8*AE8) -> 0.35185185 | AA49: =AB8/AC8 -> 0.11111111 | AB49: =AH8/AI8 -> 0.16333938 | AE49: =AB49*Z49+Y48*AB48*Y49+AB50*AA50*AA49 -> 0.095785441
B50: B2 | D50: =D9/I9 -> 0.33333333 | E50: =E9/I9 -> 0 | F50: =(I9*L9-D9*L7-E9*L8-G9*L10-H9*L11)/(I9*L9) -> 0.72222222 | G50: =G9/I9 -> 0 | H50: =H9/I9 -> 0 | K50: =P9/Q9 -> 0.079575597 | N50: =K50*F50+D50*D48*K48+E50*E49*K49+G50*G51*K51+H50*H52*K52 -> 0.070242656 | Y50: =Z9/AC9 -> 1 | Z50: =AA9/AC9 -> 0 | AA50: =(AC9*AE9-Z9*AE7-AA9*AE8)/(AC9*AE9) -> 0.75 | AB50: =AH9/AI9 -> 0.30651341 | AE50: =AB50*AA50+Y48*AB48*Y50+Z49*AB49*Z50 -> 0.26819923
B51: B3 | D51: =D10/I10 -> 0.33333333 | E51: =E10/I10 -> 0 | F51: =F10/I10 -> 0 | G51: =(I10*L10-D10*L7-E10*L8-F10*L9-H10*L11)/(I10*L10) -> -0.38888889 | H51: =H10/I10 -> 0.33333333 | K51: =P10/Q10 -> -0.14778325 | N51: =K51*G51+D51*D48*K48+E51*E49*K49+F51*F50*K50+H51*H52*K52 -> 0.14687101 | S51: rho
B52: C | D52: =D11/I11 -> 1 | E52: =E11/I11 -> 0 | F52: =F11/I11 -> 0 | G52: =G11/I11 -> 0 | H52: =(I11*L11-D11*L7-E11*L8-F11*L9-G11*L10)/(I11*L11) -> 0.75 | K52: =P11/Q11 -> 0.30651341 | N52: =K52*H52+D52*D48*K48+E52*E49*K49+F52*F50*K50+G52*G51*K51 -> 0.26819923 | S52: directly derived from
B53: period 2 | Q53: rho | S53: production processes | AH53: rho
B54: A | D54: =(I15*L15-E15*L16-F15*L17-G15*L18-H15*L19)/(I15*L15) -> 0.64 | E54: =E15/I15 -> 0.1 | F54: =F15/I15 -> 0.1 | G54: =G15/I15 -> 0.1 | H54: =H15/I15 -> 0 | K54: =P15/Q15 -> 0.073529412 | L54: =U15/V15 -> 0.07183908 | N54: =K54*D54+E54*E55*K55+F54*F56*K56+G54*G57*K57+H54*H58*K58 -> 0.062745098 | O54: =L54*D54+E54*E55*L55+F54*F56*L56+G54*G57*L57+H54*H58*L58 -> 0.061302682 | Q54: =1-O54/N48 -> -0.16363636 | S54: =(((C7+(E7/I8)*C8+(F7/I9)*C9+(G7/I10)*C10+(H7/I11)*C11)/I7)-((C15+(E15/I16)*C16+(F15/I17)*C17+(G15/I18)*C18+(H15/I19)*C19)/I15))/((C7+(E7/I8)*C8+(F7/I9)*C9+(G7/I10)*C10+(H7/I11)*C11)/I7) -> -0.16363636 | Y54: =(AC15*AE15-AA15*AE16-AB15*AE17)/(AC15*AE15) -> 0.64 | Z54: =AA15/AC15 -> 0.3 | AA54: =AB15/AC15 -> 0 | AB54: =AH15/AI15 -> 0.073529412 | AC54: =AM15/AN15 -> 0.07183908 | AE54: =AB54*Y54+Z54*Z55*AB55+AA54*AA56*AB56 -> 0.062184874 | AF54: =AC54*Y54+Z54*Z55*AC55+AA54*AA56*AC56 -> 0.060755337 | AH54: =1-AF54/AE48 -> -0.15324675
B55: B1 | D55: =D16/I16 -> 0.22222222 | E55: =(I16*L16-D16*L15-F16*L17-G16*L18-H16*L19)/(I16*L16) -> 0.074074074 | F55: =F16/I16 -> 0 | G55: =G16/I16 -> 0 | H55: =H16/I16 -> 0.22222222 | K55: =P16/Q16 -> 0.52941176 | L55: =U16/V16 -> 0.51724138 | N55: =K55*E55+D55*D54*K54+F55*F56*K56+G55*G57*K57+H55*H58*K58 -> 0.10718954 | O55: =L55*E55+D55*D54*L54+F55*F56*L56+G55*G57*L57+H55*H58*L58 -> 0.10472542 | Q55: =1-O55/N49 -> -0.49090909 | S55: =(((C8+(D8/I7)*C7+(F8/I9)*C9+(G8/I10)*C10+(H8/I11)*C11)/I8)-((C16+(D16/I15)*C15+(F16/I17)*C17+(G16/I18)*C18+(H16/I19)*C19)/I16))/((C8+(D8/I7)*C7+(F8/I9)*C9+(G8/I10)*C10+(H8/I11)*C11)/I8) -> -0.49090909 | Y55: =Z16/AC16 -> 0.28571429 | Z55: =(AC16*AE16-Z16*AE15-AB16*AE17)/(AC16*AE16) -> 0.44444444 | AA55: =AB16/AC16 -> 0.095238095 | AB55: =AH16/AI16 -> 0.11344538 | AC55: =AM16/AN16 -> 0.11083744 | AE55: =AB55*Z55+Y54*AB54*Y55+AB56*AA56*AA55 -> 0.088515406 | AF55: =AC55*Z55+Y54*AC54*Y55+AC56*AA56*AA55 -> 0.086480569 | AH55: =1-AF55/AE49 -> 0.097142857
B56: B2 | D56: =D17/I17 -> 0.33333333 | E56: =E17/I17 -> 0 | F56: =(I17*L17-D17*L15-E17*L16-G17*L18-H17*L19)/(I17*L17) -> 0.72222222 | G56: =G17/I17 -> 0 | H56: =H17/I17 -> 0 | K56: =P17/Q17 -> 0.081447964 | L56: =U17/V17 -> 0.079575597 | N56: =K56*F56+D56*D54*K54+E56*E55*K55+G56*G57*K57+H56*H58*K58 -> 0.074509804 | O56: =L56*F56+D56*D54*L54+E56*E55*L55+G56*G57*L57+H56*H58*L58 -> 0.072796935 | Q56: =1-O56/N50 -> -0.036363636 | S56: =(((C9+(D9/I7)*C7+(E9/I8)*C8+(G9/I10)*C10+(H9/I11)*C11)/I9)-((C17+(D17/I15)*C15+(E17/I16)*C16+(G17/I18)*C18+(H17/I19)*C19)/I17))/((C9+(D9/I7)*C7+(E9/I8)*C8+(G9/I10)*C10+(H9/I11)*C11)/I9) -> -0.036363636 | Y56: =Z17/AC17 -> 1 | Z56: =AA17/AC17 -> 0 | AA56: =(AC17*AE17-Z17*AE15-AA17*AE16)/(AC17*AE17) -> 0.75 | AB56: =AH17/AI17 -> 0.34509804 | AC56: =AM17/AN17 -> 0.33716475 | AE56: =AB56*AA56+Y54*AB54*Y56+Z55*AB55*Z56 -> 0.30588235 | AF56: =AC56*AA56+Y54*AC54*Y56+Z55*AC55*Z56 -> 0.29885057 | AH56: =1-AF56/AE50 -> -0.11428571
B57: B3 | D57: =D18/I18 -> 0.33333333 | E57: =E18/I18 -> 0 | F57: =F18/I18 -> 0 | G57: =(I18*L18-D18*L15-E18*L16-F18*L17-H18*L19)/(I18*L18) -> 0.72222222 | H57: =H18/I18 -> 0 | K57: =P18/Q18 -> 0.081447964 | L57: =U18/V18 -> 0.079575597 | N57: =K57*G57+D57*D54*K54+E57*E55*K55+F57*F56*K56+H57*H58*K58 -> 0.074509804 | O57: =L57*G57+D57*D54*L54+E57*E55*L55+F57*F56*L56+H57*H58*L58 -> 0.072796935 | Q57: =1-O57/N51 -> 0.50434783 | S57: =(((C10+(D10/I7)*C7+(E10/I8)*C8+(F10/I9)*C9+(H10/I11)*C11)/I10)-((C18+(D18/I15)*C15+(E18/I16)*C16+(F18/I17)*C17+(H18/I19)*C19)/I18))/((C10+(D10/I7)*C7+(E10/I8)*C8+(F10/I9)*C9+(H10/I11)*C11)/I10) -> 0.50434783
B58: C | D58: =D19/I19 -> 1 | E58: =E19/I19 -> 0 | F58: =F19/I19 -> 0 | G58: =G19/I19 -> 0 | H58: =(I19*L19-D19*L15-E19*L16-F19*L17-G19*L18)/(I19*L19) -> 0.75 | K58: =P19/Q19 -> 0.34509804 | L58: =U19/V19 -> 0.33716475 | N58: =K58*H58+D58*D54*K54+E58*E55*K55+F58*F56*K56+G58*G57*K57 -> 0.30588235 | O58: =L58*H58+D58*D54*L54+E58*E55*L55+F58*F56*L56+G58*G57*L57 -> 0.29885057 | Q58: =1-O58/N52 -> -0.11428571 | S58: =(((C11+(D11/I7)*C7+(E11/I8)*C8+(F11/I9)*C9+(G11/I10)*C10)/I11)-((C19+(D19/I15)*C15+(E19/I16)*C16+(F19/I17)*C17+(G19/I18)*C18)/I19))/((C11+(D11/I7)*C7+(E11/I8)*C8+(F11/I9)*C9+(G11/I10)*C10)/I11) -> -0.11428571
B59: period 3
B60: A | D60: =(I23*L23-E23*L24-F23*L25-G23*L26-H23*L27)/(I23*L23) -> 0.64 | E60: =E23/I23 -> 0.1 | F60: =F23/I23 -> 0.1 | G60: =G23/I23 -> 0.1 | H60: =H23/I23 -> 0 | K60: =P23/Q23 -> 0.073529412 | L60: =U23/V23 -> 0.073529412 | N60: =K60*D60+E60*E61*K61+F60*F62*K62+G60*G63*K63+H60*H64*K64 -> 0.060784314 | O60: =L60*D60+E60*E61*L61+F60*F62*L62+G60*G63*L63+H60*H64*L64 -> 0.060784314 | Q60: =1-O60/N54 -> 0.03125 | S60: =(((C15+(E15/I16)*C16+(F15/I17)*C17+(G15/I18)*C18+(H15/I19)*C19)/I15)-((C23+(E23/I24)*C24+(F23/I25)*C25+(G23/I26)*C26+(H23/I27)*C27)/I23))/((C15+(E15/I16)*C16+(F15/I17)*C17+(G15/I18)*C18+(H15/I19)*C19)/I15) -> 0.03125 | Y60: =(AC23*AE23-AA23*AE24-AB23*AE25)/(AC23*AE23) -> 0.64 | Z60: =AA23/AC23 -> 0.3 | AA60: =AB23/AC23 -> 0 | AB60: =AH23/AI23 -> 0.073529412 | AC60: =AM23/AN23 -> 0.073529412 | AE60: =AB60*Y60+Z60*Z61*AB61+AA60*AA62*AB62 -> 0.060294118 | AF60: =AC60*Y60+Z60*Z61*AC61+AA60*AA62*AC62 -> 0.060294118 | AH60: =1-AF60/AE54 -> 0.030405405
B61: B1 | D61: =D24/I24 -> 0.22222222 | E61: =(I24*L24-D24*L23-F24*L25-G24*L26-H24*L27)/(I24*L24) -> 0.81481481 | F61: =F24/I24 -> 0 | G61: =G24/I24 -> 0 | H61: =H24/I24 -> 0 | K61: =P24/Q24 -> 0.048128342 | L61: =U24/V24 -> 0.048128342 | N61: =K61*E61+D61*D60*K60+F61*F62*K62+G61*G63*K63+H61*H64*K64 -> 0.049673203 | O61: =L61*E61+D61*D60*L60+F61*F62*L62+G61*G63*L63+H61*H64*L64 -> 0.049673203 | Q61: =1-O61/N55 -> 0.53658537 | S61: =(((C16+(D16/I15)*C15+(F16/I17)*C17+(G16/I18)*C18+(H16/I19)*C19)/I16)-((C24+(D24/I23)*C23+(F24/I25)*C25+(G24/I26)*C26+(H24/I27)*C27)/I24))/((C16+(D16/I15)*C15+(F16/I17)*C17+(G16/I18)*C18+(H16/I19)*C19)/I16) -> 0.53658537 | Y61: =Z24/AC24 -> 0.25 | Z61: =(AC24*AE24-Z24*AE23-AB24*AE25)/(AC24*AE24) -> 0.51388889 | AA61: =AB24/AC24 -> 0.083333333 | AB61: =AH24/AI24 -> 0.085850556 | AC61: =AM24/AN24 -> 0.085850556 | AE61: =AB61*Z61+Y60*AB60*Y61+AB62*AA62*AA61 -> 0.075490196 | AF61: =AC61*Z61+Y60*AC60*Y61+AC62*AA62*AA61 -> 0.075490196 | AH61: =1-AF61/AE55 -> 0.1471519
B62: B2 | D62: =D25/I25 -> 0.22222222 | E62: =E25/I25 -> 0 | F62: =(I25*L25-D25*L23-E25*L24-G25*L26-H25*L27)/(I25*L25) -> 0.074074074 | G62: =G25/I25 -> 0 | H62: =H25/I25 -> 0.22222222 | K62: =P25/Q25 -> 0.52941176 | L62: =U25/V25 -> 0.52941176 | N62: =K62*F62+D62*D60*K60+E62*E61*K61+G62*G63*K63+H62*H64*K64 -> 0.10196078 | O62: =L62*F62+D62*D60*L60+E62*E61*L61+G62*G63*L63+H62*H64*L64 -> 0.10196078 | Q62: =1-O62/N56 -> -0.36842105 | S62: =(((C17+(D17/I15)*C15+(E17/I16)*C16+(G17/I19)*C18+(H17/I19)*C19)/I17)-((C25+(D25/I23)*C23+(E25/I24)*C24+(G25/I26)*C26+(H25/I27)*C27)/I25))/((C17+(D17/I15)*C15+(E17/I16)*C16+(G17/I18)*C18+(H17/I18)*C19)/I17) -> -0.36842105 | Y62: =Z25/AC25 -> 1 | Z62: =AA25/AC25 -> 0 | AA62: =(AC25*AE25-Z25*AE23-AA25*AE24)/(AC25*AE25) -> 0.75 | AB62: =AH25/AI25 -> 0.31372549 | AC62: =AM25/AN25 -> 0.31372549 | AE62: =AB62*AA62+Y60*AB60*Y62+Z61*AB61*Z62 -> 0.28235294 | AF62: =AC62*AA62+Y60*AC60*Y62+Z61*AC61*Z62 -> 0.28235294 | AH62: =1-AF62/AE56 -> 0.076923077
B63: B3 | D63: =D26/I26 -> 0.33333333 | E63: =E26/I26 -> 0 | F63: =F26/I26 -> 0 | G63: =(I26*L26-D26*L23-E26*L24-F26*L25-H26*L27)/(I26*L26) -> 0.72222222 | H63: =H26/I26 -> 0 | K63: =P26/Q26 -> 0.081447964 | L63: =U26/V26 -> 0.081447964 | N63: =K63*G63+D63*D60*K60+E63*E61*K61+F63*F62*K62+H63*H64*K64 -> 0.074509804 | O63: =L63*G63+D63*D60*L60+E63*E61*L61+F63*F62*L62+H63*H64*L64 -> 0.074509804 | Q63: =1-O63/N57 -> 0 | S63: =(((C18+(D18/I15)*C15+(E18/I16)*C16+(F18/I17)*C17+(H18/I19)*C19)/I18)-((C26+(D26/I23)*C23+(E26/I24)*C24+(F26/I25)*C25+(H26/I27)*C27)/I26))/((C18+(D18/I15)*C15+(E18/I16)*C16+(F18/I17)*C17+(H18/I19)*C19)/I18) -> 0
B64: C | D64: =D27/I27 -> 1 | E64: =E27/I27 -> 0 | F64: =F27/I27 -> 0 | G64: =G27/I27 -> 0 | H64: =(I27*L27-D27*L23-E27*L24-F27*L25-G27*L26)/(I27*L27) -> 0.75 | K64: =P27/Q27 -> 0.31372549 | L64: =U27/V27 -> 0.31372549 | N64: =K64*H64+D64*D60*K60+E64*E61*K61+F64*F62*K62+G64*G63*K63 -> 0.28235294 | O64: =L64*H64+D64*D60*L60+E64*E61*L61+F64*F62*L62+G64*G63*L63 -> 0.28235294 | Q64: =1-O64/N58 -> 0.076923077 | S64: =(((C19+(D19/I15)*C15+(E19/I16)*C16+(F19/I17)*C17+(G19/I18)*C18)/I19)-((C27+(D27/I23)*C23+(E27/I24)*C24+(F27/I25)*C25+(G27/I26)*C26)/I27))/((C19+(D19/I15)*C15+(E19/I16)*C16+(F19/I17)*C17+(G19/I18)*C18)/I19) -> 0.076923077
B65: period 4
B66: A | D66: =(I31*L31-E31*L32-F31*L33-G31*L34-H31*L35)/(I31*L31) -> 0.64 | E66: =E31/I31 -> 0.1 | F66: =F31/I31 -> 0.1 | G66: =G31/I31 -> 0.1 | H66: =H31/I31 -> 0 | K66: =P31/Q31 -> 0.073529412 | L66: =U31/V31 -> 0.073529412 | N66: =K66*D66+E66*E67*K67+F66*F68*K68+G66*G69*K69+H66*H70*K70 -> 0.059803922 | O66: =L66*D66+E66*E67*L67+F66*F68*L68+G66*G69*L69+H66*H70*L70 -> 0.059803922 | Q66: =1-O66/N60 -> 0.016129032 | S66: =(((C23+(E23/I24)*C24+(F23/I25)*C25+(G23/I26)*C26+(H23/I27)*C27)/I23)-((C31+(E31/I32)*C32+(F31/I33)*C33+(G31/I34)*C34+(H31/I35)*C35)/I31))/((C23+(E23/I24)*C24+(F23/I25)*C25+(G23/I26)*C26+(H23/I27)*C27)/I23) -> 0.016129032 | Y66: =(AC31*AE31-AA31*AE32-AB31*AE33)/(AC31*AE31) -> 0.64 | Z66: =AA31/AC31 -> 0.3 | AA66: =AB31/AC31 -> 0 | AB66: =AH31/AI31 -> 0.073529412 | AC66: =AM31/AN31 -> 0.073529412 | AE66: =AB66*Y66+Z66*Z67*AB67+AA66*AA68*AB68 -> 0.059764706 | AF66: =AC66*Y66+Z66*Z67*AC67+AA66*AA68*AC68 -> 0.059764706 | AH66: =1-AF66/AE60 -> 0.0087804878
B67: B1 | D67: =D32/I32 -> 0.22222222 | E67: =(I32*L32-D32*L31-F32*L33-G32*L34-H32*L35)/(I32*L32) -> 0.81481481 | F67: =F32/I32 -> 0 | G67: =G32/I32 -> 0 | H67: =H32/I32 -> 0 | K67: =P32/Q32 -> 0.048128342 | L67: =U32/V32 -> 0.048128342 | N67: =K67*E67+D67*D66*K66+F67*F68*K68+G67*G69*K69+H67*H70*K70 -> 0.049673203 | O67: =L67*E67+D67*D66*L66+F67*F68*L68+G67*G69*L69+H67*H70*L70 -> 0.049673203 | Q67: =1-O67/N61 -> 0 | S67: =(((C24+(D24/I23)*C23+(F24/I25)*C25+(G24/I26)*C26+(H24/I27)*C27)/I24)-((C32+(D32/I31)*C31+(F32/I33)*C33+(G32/I34)*C34+(H32/I35)*C35)/I32))/((C24+(D24/I23)*C23+(F24/I25)*C25+(G24/I26)*C26+(H24/I27)*C27)/I24) -> 0 | Y67: =Z32/AC32 -> 0.24 | Z67: =(AC32*AE32-Z32*AE31-AB32*AE33)/(AC32*AE32) -> 0.53333333 | AA67: =AB32/AC32 -> 0.08 | AB67: =AH32/AI32 -> 0.079411765 | AC67: =AM32/AN32 -> 0.079411765 | AE67: =AB67*Z67+Y66*AB66*Y67+AB68*AA68*AA67 -> 0.072470588 | AF67: =AC67*Z67+Y66*AC66*Y67+AC68*AA68*AA67 -> 0.072470588 | AH67: =1-AF67/AE61 -> 0.04
B68: B2 | D68: =D33/I33 -> 0.25 | E68: =E33/I33 -> 0 | F68: =(I33*L33-D33*L31-E33*L32-G33*L34-H33*L35)/(I33*L33) -> 0.79166667 | G68: =G33/I33 -> 0 | H68: =H33/I33 -> 0 | K68: =P33/Q33 -> 0.055727554 | L68: =U33/V33 -> 0.055727554 | N68: =K68*F68+D68*D66*K66+E68*E67*K67+G68*G69*K69+H68*H70*K70 -> 0.055882353 | O68: =L68*F68+D68*D66*L66+E68*E67*L67+G68*G69*L69+H68*H70*L70 -> 0.055882353 | Q68: =1-O68/N62 -> 0.45192308 | S68: =(((C25+(D25/I23)*C23+(E25/I24)*C24+(G25/I27)*C26+(H25/I27)*C27)/I25)-((C33+(D33/I31)*C31+(E33/I32)*C32+(G33/I34)*C34+(H33/I35)*C35)/I33))/((C25+(D25/I23)*C23+(E25/I24)*C24+(G25/I26)*C26+(H25/I27)*C27)/I25) -> 0.45192308 | Y68: =Z33/AC33 -> 1 | Z68: =AA33/AC33 -> 0 | AA68: =(AC33*AE33-Z33*AE31-AA33*AE32)/(AC33*AE33) -> 0.75 | AB68: =AH33/AI33 -> 0.31372549 | AC68: =AM33/AN33 -> 0.31372549 | AE68: =AB68*AA68+Y66*AB66*Y68+Z67*AB67*Z68 -> 0.28235294 | AF68: =AC68*AA68+Y66*AC66*Y68+Z67*AC67*Z68 -> 0.28235294 | AH68: =1-AF68/AE62 -> 0
B69: B3 | D69: =D34/I34 -> 0.25 | E69: =E34/I34 -> 0 | F69: =F34/I34 -> 0 | G69: =(I34*L34-D34*L31-E34*L32-F34*L33-H34*L35)/(I34*L34) -> -0.041666667 | H69: =H34/I34 -> 0.25 | K69: =P34/Q34 -> -1.0588235 | L69: =U34/V34 -> -1.0588235 | N69: =K69*G69+D69*D66*K66+E69*E67*K67+F69*F68*K68+H69*H70*K70 -> 0.11470588 | O69: =L69*G69+D69*D66*L66+E69*E67*L67+F69*F68*L68+H69*H70*L70 -> 0.11470588 | Q69: =1-O69/N63 -> -0.53947368 | S69: =(((C26+(D26/I23)*C23+(E26/I24)*C24+(F26/I25)*C25+(H26/I27)*C27)/I26)-((C34+(D34/I31)*C31+(E34/I32)*C32+(F34/I33)*C33+(H34/I35)*C35)/I34))/((C26+(D26/I23)*C23+(E26/I24)*C24+(F26/I25)*C25+(H26/I27)*C27)/I26) -> -0.53947368
B70: C | D70: =D35/I35 -> 1 | E70: =E35/I35 -> 0 | F70: =F35/I35 -> 0 | G70: =G35/I35 -> 0 | H70: =(I35*L35-D35*L31-E35*L32-F35*L33-G35*L34)/(I35*L35) -> 0.75 | K70: =P35/Q35 -> 0.31372549 | L70: =U35/V35 -> 0.31372549 | N70: =K70*H70+D70*D66*K66+E70*E67*K67+F70*F68*K68+G70*G69*K69 -> 0.28235294 | O70: =L70*H70+D70*D66*L66+E70*E67*L67+F70*F68*L68+G70*G69*L69 -> 0.28235294 | Q70: =1-O70/N64 -> 0 | S70: =(((C27+(D27/I23)*C23+(E27/I24)*C24+(F27/I25)*C25+(G27/I26)*C26)/I27)-((C35+(D35/I31)*C31+(E35/I32)*C32+(F35/I33)*C33+(G35/I34)*C34)/I35))/((C27+(D27/I23)*C23+(E27/I24)*C24+(F27/I25)*C25+(G27/I26)*C26)/I27) -> 0
B71: period 5
B72: A | D72: =(I39*L39-E39*L40-F39*L41-G39*L42-H39*L43)/(I39*L39) -> 0.64 | E72: =E39/I39 -> 0.1 | F72: =F39/I39 -> 0.1 | G72: =G39/I39 -> 0.1 | H72: =H39/I39 -> 0 | K72: =P39/Q39 -> 0.073529412 | L72: =U39/V39 -> 0.073529412 | N72: =K72*D72+E72*E73*K73+F72*F74*K74+G72*G75*K75+H72*H76*K76 -> 0.058823529 | O72: =L72*D72+E72*E73*L73+F72*F74*L74+G72*G75*L75+H72*H76*L76 -> 0.058823529 | Q72: =1-O72/N66 -> 0.016393443 | S72: =(((C31+(E31/I32)*C32+(F31/I33)*C33+(G31/I34)*C34+(H31/I35)*C35)/I31)-((C39+(E39/I40)*C40+(F39/I41)*C41+(G39/I42)*C42+(H39/I43)*C43)/I39))/((C31+(E31/I32)*C32+(F31/I33)*C33+(G31/I34)*C34+(H31/I35)*C35)/I31) -> 0.016393443 | Y72: =(AC39*AE39-AA39*AE40-AB39*AE41)/(AC39*AE39) -> 0.64 | Z72: =AA39/AC39 -> 0.3 | AA72: =AB39/AC39 -> 0 | AB72: =AH39/AI39 -> 0.073529412 | AC72: =AM39/AN39 -> 0.073529412 | AE72: =AB72*Y72+Z72*Z73*AB73+AA72*AA74*AB74 -> 0.058823529 | AF72: =AC72*Y72+Z72*Z73*AC73+AA72*AA74*AC74 -> 0.058823529 | AH72: =1-AF72/AE66 -> 0.015748031
B73: B1 | D73: =D40/I40 -> 0.22222222 | E73: =(I40*L40-D40*L39-F40*L41-G40*L42-H40*L43)/(I40*L40) -> 0.074074074 | F73: =F40/I40 -> 0 | G73: =G40/I40 -> 0 | H73: =H40/I40 -> 0.22222222 | K73: =P40/Q40 -> 0.52941176 | L73: =U40/V40 -> 0.52941176 | N73: =K73*E73+D73*D72*K72+F73*F74*K74+G73*G75*K75+H73*H76*K76 -> 0.10196078 | O73: =L73*E73+D73*D72*L72+F73*F74*L74+G73*G75*L75+H73*H76*L76 -> 0.10196078 | Q73: =1-O73/N67 -> -1.0526316 | S73: =(((C32+(D32/I31)*C31+(F32/I33)*C33+(G32/I34)*C34+(H32/I35)*C35)/I32)-((C40+(D40/I39)*C39+(F40/I41)*C41+(G40/I42)*C42+(H40/I43)*C43)/I40))/((C32+(D32/I31)*C31+(F32/I33)*C33+(G32/I34)*C34+(H32/I35)*C35)/I32) -> -1.0526316 | Y73: =Z40/AC40 -> 0.22222222 | Z73: =(AC40*AE40-Z40*AE39-AB40*AE41)/(AC40*AE40) -> 0.56790123 | AA73: =AB40/AC40 -> 0.074074074 | AB73: =AH40/AI40 -> 0.069053708 | AC73: =AM40/AN40 -> 0.069053708 | AE73: =AB73*Z73+Y72*AB72*Y73+AB74*AA74*AA73 -> 0.067102397 | AF73: =AC73*Z73+Y72*AC72*Y73+AC74*AA74*AA73 -> 0.067102397 | AH73: =1-AF73/AE67 -> 0.074074074
B74: B2 | D74: =D41/I41 -> 0.22222222 | E74: =E41/I41 -> 0 | F74: =(I41*L41-D41*L39-E41*L40-G41*L42-H41*L43)/(I41*L41) -> 0.81481481 | G74: =G41/I41 -> 0 | H74: =H41/I41 -> 0 | K74: =P41/Q41 -> 0.048128342 | L74: =U41/V41 -> 0.048128342 | N74: =K74*F74+D74*D72*K72+E74*E73*K73+G74*G75*K75+H74*H76*K76 -> 0.049673203 | O74: =L74*F74+D74*D72*L72+E74*E73*L73+G74*G75*L75+H74*H76*L76 -> 0.049673203 | Q74: =1-O74/N68 -> 0.11111111 | S74: =(((C33+(D33/I31)*C31+(E33/I32)*C32+(G33/I35)*C34+(H33/I35)*C35)/I33)-((C41+(D41/I39)*C39+(E41/I40)*C40+(G41/I42)*C42+(H41/I43)*C43)/I41))/((C33+(D33/I31)*C31+(E33/I32)*C32+(G33/I34)*C34+(H33/I34)*C35)/I33) -> 0.11111111 | Y74: =Z41/AC41 -> 1 | Z74: =AA41/AC41 -> 0 | AA74: =(AC41*AE41-Z41*AE39-AA41*AE40)/(AC41*AE41) -> 0.75 | AB74: =AH41/AI41 -> 0.31372549 | AC74: =AM41/AN41 -> 0.31372549 | AE74: =AB74*AA74+Y72*AB72*Y74+Z73*AB73*Z74 -> 0.28235294 | AF74: =AC74*AA74+Y72*AC72*Y74+Z73*AC73*Z74 -> 0.28235294 | AH74: =1-AF74/AE68 -> 0
B75: B3 | D75: =D42/I42 -> 0.22222222 | E75: =E42/I42 -> 0 | F75: =F42/I42 -> 0 | G75: =(I42*L42-D42*L39-E42*L40-F42*L41-H42*L43)/(I42*L42) -> 0.81481481 | H75: =H42/I42 -> 0 | K75: =P42/Q42 -> 0.048128342 | L75: =U42/V42 -> 0.048128342 | N75: =K75*G75+D75*D72*K72+E75*E73*K73+F75*F74*K74+H75*H76*K76 -> 0.049673203 | O75: =L75*G75+D75*D72*L72+E75*E73*L73+F75*F74*L74+H75*H76*L76 -> 0.049673203 | Q75: =1-O75/N69 -> 0.56695157 | S75: =(((C34+(D34/I31)*C31+(E34/I32)*C32+(F34/I33)*C33+(H34/I35)*C35)/I34)-((C42+(D42/I39)*C39+(E42/I40)*C40+(F42/I41)*C41+(H42/I43)*C43)/I42))/((C34+(D34/I31)*C31+(E34/I32)*C32+(F34/I33)*C33+(H34/I35)*C35)/I34) -> 0.56695157
B76: C | D76: =D43/I43 -> 1 | E76: =E43/I43 -> 0 | F76: =F43/I43 -> 0 | G76: =G43/I43 -> 0 | H76: =(I43*L43-D43*L39-E43*L40-F43*L41-G43*L42)/(I43*L43) -> 0.75 | K76: =P43/Q43 -> 0.31372549 | L76: =U43/V43 -> 0.31372549 | N76: =K76*H76+D76*D72*K72+E76*E73*K73+F76*F74*K74+G76*G75*K75 -> 0.28235294 | O76: =L76*H76+D76*D72*L72+E76*E73*L73+F76*F74*L74+G76*G75*L75 -> 0.28235294 | Q76: =1-O76/N70 -> 0 | S76: =(((C35+(D35/I31)*C31+(E35/I32)*C32+(F35/I33)*C33+(G35/I34)*C34)/I35)-((C43+(D43/I39)*C39+(E43/I40)*C40+(F43/I41)*C41+(G43/I42)*C42)/I43))/((C35+(D35/I31)*C31+(E35/I32)*C32+(F35/I33)*C33+(G35/I34)*C34)/I35) -> 0
S79: 1-2 | T79: 2-3 | U79: 3-4 | V79: 4-5 | AF79: 1-2 | AG79: 2-3 | AH79: 3-4 | AI79: 4-5
Q80: A | S80: =Q54 -> -0.16363636 | T80: =Q60 -> 0.03125 | U80: =Q66 -> 0.016129032 | V80: =Q72 -> 0.016393443 | AD80: A | AF80: =AH54 -> -0.15324675 | AG80: =AH60 -> 0.030405405 | AH80: =AH66 -> 0.0087804878 | AI80: =AH72 -> 0.015748031
Q81: B1 | S81: =Q55 -> -0.49090909 | T81: =Q61 -> 0.53658537 | U81: =Q67 -> 0 | V81: =Q73 -> -1.0526316 | AD81: B | AF81: =AH55 -> 0.097142857 | AG81: =AH61 -> 0.1471519 | AH81: =AH67 -> 0.04 | AI81: =AH73 -> 0.074074074
Q82: B2 | S82: =Q56 -> -0.036363636 | T82: =Q62 -> -0.36842105 | U82: =Q68 -> 0.45192308 | V82: =Q74 -> 0.11111111 | AD82: C | AF82: =AH56 -> -0.11428571 | AG82: =AH62 -> 0.076923077 | AH82: =AH68 -> 0 | AI82: =AH74 -> 0
Q83: B3 | S83: =Q57 -> 0.50434783 | T83: =Q63 -> 0 | U83: =Q69 -> -0.53947368 | V83: =Q75 -> 0.56695157
Q84: C | S84: =Q58 -> -0.11428571 | T84: =Q64 -> 0.076923077 | U84: =Q70 -> 0 | V84: =Q76 -> 0 | AE84: 1 | AF84: 2 | AG84: 3 | AH84: 4 | AI84: 5
R86: 1 | S86: 2 | T86: 3 | U86: 4 | V86: 5 | AD86: A | AE86: 100 | AF86: =AE86-AF80*AE86 -> 115.32468 | AG86: =AF86-AG80*AF86 -> 111.81818 | AH86: =AG86-AH80*AG86 -> 110.83636 | AI86: =AH86-AI80*AH86 -> 109.09091
AD87: B | AE87: 100 | AF87: =AE87-AF81*AE87 -> 90.285714 | AG87: =AF87-AG81*AF87 -> 77 | AH87: =AG87-AH81*AG87 -> 73.92 | AI87: =AH87-AI81*AH87 -> 68.444444
Q88: A | R88: 100 | S88: =R88-S80*R88 -> 116.36364 | T88: =S88-T80*S88 -> 112.72727 | U88: =T88-U80*T88 -> 110.90909 | V88: =U88-V80*U88 -> 109.09091 | AD88: C | AE88: 100 | AF88: =AE88-AF82*AE88 -> 111.42857 | AG88: =AF88-AG82*AF88 -> 102.85714 | AH88: =AG88-AH82*AG88 -> 102.85714 | AI88: =AH88-AI82*AH88 -> 102.85714
Q89: B1 | R89: 100 | S89: =R89-S81*R89 -> 149.09091 | T89: =S89-T81*S89 -> 69.090909 | U89: =T89-U81*T89 -> 69.090909 | V89: =U89-V81*U89 -> 141.81818
Q90: B2 | R90: 100 | S90: =R90-S82*R90 -> 103.63636 | T90: =S90-T82*S90 -> 141.81818 | U90: =T90-U82*T90 -> 77.727273 | V90: =U90-V82*U90 -> 69.090909
Q91: B3 | R91: 205.26316 | S91: =R91-S83*R91 -> 101.73913 | T91: =S91-T83*S91 -> 101.73913 | U91: =T91-U83*T91 -> 156.62471 | V91: =U91-V83*U91 -> 67.826087
Q92: C | R92: 100 | S92: =R92-S84*R92 -> 111.42857 | T92: =S92-T84*S92 -> 102.85714 | U92: =T92-U84*T92 -> 102.85714 | V92: =U92-V84*U92 -> 102.85714

Sheet second approach investment
C1: Firm B1, B2 and B3 produce the same commodity,
C2: but replace their machinery at different times every three years | N2: Correction for varying total labour input | S2: Uncorrected results | AF2: Correction for varying total labour input | AK2: Uncorrected results
P3: relative | Q3: relative | U3: relative | V3: relative | AH3: relative | AI3: relative | AM3: relative | AN3: relative
B4: period 1 | N4: result | O4: result | P4: exchange | Q4: result | S4: result | T4: result | U4: exchange | V4: result | AF4: result | AG4: result | AH4: exchange | AI4: result | AK4: result | AL4: result | AM4: exchange | AN4: result
C5: input | K5: relative | L5: numerator | N5: in price | O5: per unit | P5: value of | Q5: per unit | S5: in price | T5: per unit | U5: value of | V5: per unit | Y5: input | AE5: relative | AF5: in price | AG5: per unit | AH5: value of | AI5: per unit | AK5: in price | AL5: per unit | AM5: value of | AN5: per unit
B6: firm | C6: labour | D6: A | E6: B1 | F6: B2 | G6: B3 | H6: C | I6: output | K6: prices | L6: A | N6: =L6 -> A | O6: labour | P6: goods | Q6: labour | S6: =L6 -> A | T6: labour | U6: goods | V6: labour | X6: firm | Y6: labour | Z6: A | AA6: B | AB6: C | AC6: output | AE6: prices | AF6: =L6 -> A | AG6: labour | AH6: goods | AI6: labour | AK6: =L6 -> A | AL6: labour | AM6: goods | AN6: labour
B7: A | C7: ='first approach investment'!C7 -> 40 | E7: ='first approach investment'!E7 -> 0.5 | F7: ='first approach investment'!F7 -> 0.5 | G7: ='first approach investment'!G7 -> 0.5 | H7: ='first approach investment'!H7 -> 0 | I7: ='first approach investment'!I7 -> 6 | K7: ='first approach investment'!K7 -> 10 | L7: =K7/IF($L$6="A",$K$7,IF($L$6="B",$K$8,IF($L$6="C",$K$9,IF($L$6="D",$K$10,IF($L$6="E",$K$11,0))))) -> 1 | N7: =(I7*L7-E7*L8-F7*L9-G7*L10-H7*L11)*$C$20/$C$12 -> 4.2988235 | O7: =N7/C7 -> 0.10747059 | P7: =L7/$N$12 -> 0.0651341 | Q7: =O7/$O$12 -> 1.19 | X7: A | Y7: =C7 -> 40 | AA7: =E7+F7+G7 -> 1.5 | AB7: =H7 -> 0 | AC7: =I7 -> 6 | AE7: =L7 -> 1 | AF7: =N7 -> 4.2988235 | AG7: =O7 -> 0.10747059 | AH7: =P7 -> 0.0651341 | AI7: =Q7 -> 1.19
B8: B1 | C8: ='first approach investment'!C8 -> 30 | D8: ='first approach investment'!D8 -> 1 | F8: ='first approach investment'!F8 -> 0 | G8: ='first approach investment'!G8 -> 0 | H8: ='first approach investment'!H8 -> 0 | I8: ='first approach investment'!I8 -> 3 | K8: ='first approach investment'!K8 -> 12 | L8: =K8/IF($L$6="A",$K$7,IF($L$6="B",$K$8,IF($L$6="C",$K$9,IF($L$6="D",$K$10,IF($L$6="E",$K$11,0))))) -> 1.2 | N8: =(I8*L8-D8*L7-F8*L9-G8*L10)*$C$20/$C$12 -> 2.6611765 | O8: =N8/C8 -> 0.088705882 | P8: =L8/$N$12 -> 0.07816092 | Q8: =O8/$O$12 -> 0.98222222 | X8: B | Y8: =C8+C9+C10 -> 90 | Z8: =D8+D9+D10 -> 3 | AB8: =H8+H9+H10 -> 0 | AC8: =I8+I9+I10 -> 9 | AE8: =(L8*I8+L9*I9+L10*I10)/(I8+I9+I10) -> 1.2 | AF8: =N8+N9+N10 -> 7.9835294 | AG8: =AF8/Y8 -> 0.088705882 | AH8: =((I8*L8+I9*L9+I10*L10)/(I8+I9+I10))/AF10 -> 0.07816092 | AI8: =AG8/AG10 -> 0.98222222
B9: B2 | C9: ='first approach investment'!C9 -> 30 | D9: ='first approach investment'!D9 -> 1 | E9: ='first approach investment'!E9 -> 0 | G9: ='first approach investment'!G9 -> 0 | H9: ='first approach investment'!H9 -> 0 | I9: ='first approach investment'!I9 -> 3 | K9: ='first approach investment'!K9 -> 12 | L9: =K9/IF($L$6="A",$K$7,IF($L$6="B",$K$8,IF($L$6="C",$K$9,IF($L$6="D",$K$10,IF($L$6="E",$K$11,0))))) -> 1.2 | N9: =(I9*L9-D9*L7-E9*L8-G9*L10)*$C$20/$C$12 -> 2.6611765 | O9: =N9/C9 -> 0.088705882 | P9: =L9/$N$12 -> 0.07816092 | Q9: =O9/$O$12 -> 0.98222222 | X9: C | Y9: =C11 -> 40 | Z9: =D11 -> 1 | AA9: =E11+F11+G11 -> 0 | AC9: =I11 -> 1 | AE9: =L11 -> 4 | AF9: =N11 -> 3.0705882 | AG9: =O11 -> 0.076764706 | AH9: =P11 -> 0.2605364 | AI9: =Q11 -> 0.85
B10: B3 | C10: ='first approach investment'!C10 -> 30 | D10: ='first approach investment'!D10 -> 1 | E10: ='first approach investment'!E10 -> 0 | F10: ='first approach investment'!F10 -> 0 | H10: 0 | I10: ='first approach investment'!I10 -> 3 | K10: ='first approach investment'!K10 -> 12 | L10: =K10/IF($L$6="A",$K$7,IF($L$6="B",$K$8,IF($L$6="C",$K$9,IF($L$6="D",$K$10,IF($L$6="E",$K$11,0))))) -> 1.2 | N10: =(I10*L10-D10*L7-E10*L8-F10*L9)*$C$20/$C$12 -> 2.6611765 | O10: =N10/C10 -> 0.088705882 | P10: =L10/$N$12 -> 0.07816092 | Q10: =O10/$O$12 -> 0.98222222 | X10: totaal | Y10: =SUM(Y7:Y9) -> 170 | AF10: =SUM(AF7:AF9) -> 15.352941 | AG10: =AF10/Y10 -> 0.090311419
B11: C | C11: ='first approach investment'!C11 -> 40 | D11: ='first approach investment'!D11 -> 1 | E11: ='first approach investment'!E11 -> 0 | F11: ='first approach investment'!F11 -> 0 | G11: ='first approach investment'!G11 -> 0 | I11: ='first approach investment'!I11 -> 1 | K11: ='first approach investment'!K11 -> 40 | L11: =K11/IF($L$6="A",$K$7,IF($L$6="B",$K$8,IF($L$6="C",$K$9,IF($L$6="D",$K$10,IF($L$6="E",$K$11,0))))) -> 4 | N11: =(I11*L11-D11*L7-E11*L8-F11*L9-G11*L10)*$C$20/$C$12 -> 3.0705882 | O11: =N11/C11 -> 0.076764706 | P11: =L11/$N$12 -> 0.2605364 | Q11: =O11/$O$12 -> 0.85
B12: total | C12: =SUM(C7:C11) -> 170 | N12: =SUM(N7:N11) -> 15.352941 | O12: =N12/C12 -> 0.090311419
B14: period 2
B15: A | C15: ='first approach investment'!C15 -> 40 | E15: ='first approach investment'!E15 -> 0.5 | F15: ='first approach investment'!F15 -> 0.5 | G15: ='first approach investment'!G15 -> 0.5 | H15: ='first approach investment'!H15 -> 0 | I15: ='first approach investment'!I15 -> 5 | K15: ='first approach investment'!K15 -> 10 | L15: =K15/IF($L$6="A",$K$15,IF($L$6="B",$K$16,IF($L$6="C",$K$17,IF($L$6="D",$K$18,IF($L$6="E",$K$19,0))))) -> 1 | N15: =(I15*L15-E15*L16-F15*L17-G15*L18-H15*L19)*$C$28/$C$20 -> 3.1264368 | O15: =N15/C15 -> 0.07816092 | P15: =L15/$N$20 -> 0.064780343 | Q15: =O15/$O$20 -> 0.88101266 | S15: =I15*L15-E15*L16-F15*L17-G15*L18-H15*L19 -> 3.2 | T15: =S15/C15 -> 0.08 | U15: =L15/$S$20 -> 0.063291139 | V15: =T15/$T$20 -> 0.88101266 | X15: A | Y15: =C15 -> 40 | AA15: =E15+F15+G15 -> 1.5 | AB15: =H15 -> 0 | AC15: =I15 -> 5 | AE15: =L15 -> 1 | AF15: =N15 -> 3.1264368 | AG15: =O15 -> 0.07816092 | AH15: =P15 -> 0.064780343 | AI15: =Q15 -> 0.88101266 | AK15: =S15 -> 3.2 | AL15: =T15 -> 0.08 | AM15: =U15 -> 0.063291139 | AN15: =V15 -> 0.88101266
B16: B1 | C16: ='first approach investment'!C16 -> 30 | D16: ='first approach investment'!D16 -> 1 | F16: ='first approach investment'!F16 -> 0 | G16: ='first approach investment'!G16 -> 0 | H16: 0 | I16: ='first approach investment'!I16 -> 4.5 | K16: ='first approach investment'!K16 -> 12 | L16: =K16/IF($L$6="A",$K$15,IF($L$6="B",$K$16,IF($L$6="C",$K$17,IF($L$6="D",$K$18,IF($L$6="E",$K$19,0))))) -> 1.2 | N16: =(I16*L16-D16*L15-F16*L17-G16*L18)*$C$28/$C$20 -> 4.2988506 | O16: =N16/C16 -> 0.14329502 | P16: =L16/$N$20 -> 0.077736411 | Q16: =O16/$O$20 -> 1.6151899 | S16: =I16*L16-D16*L15-F16*L17-G16*L18 -> 4.4 | T16: =S16/C16 -> 0.14666667 | U16: =L16/$S$20 -> 0.075949367 | V16: =T16/$T$20 -> 1.6151899 | X16: B | Y16: =C16+C17+C18 -> 90 | Z16: =D16+D17+D18 -> 3 | AB16: =H16+H17+H18 -> 0 | AC16: =I16+I17+I18 -> 10.5 | AE16: =(L16*I16+L17*I17+L18*I18)/(I16+I17+I18) -> 1.2 | AF16: =N16+N17+N18 -> 9.3793103 | AG16: =AF16/Y16 -> 0.10421456 | AH16: =((I16*L16+I17*L17+I18*L18)/(I16+I17+I18))/AF18 -> 0.077736411 | AI16: =AG16/AG18 -> 1.1746835 | AK16: =S16+S17+S18 -> 9.6 | AL16: =AK16/Y16 -> 0.10666667 | AM16: =((I16*L16+I17*L17+I18*L18)/(I16+I17+I18))/AK18 -> 0.075949367 | AN16: =AL16/AL18 -> 1.1746835
B17: B2 | C17: ='first approach investment'!C17 -> 30 | D17: ='first approach investment'!D17 -> 1 | E17: ='first approach investment'!E17 -> 0 | G17: ='first approach investment'!G17 -> 0 | H17: ='first approach investment'!H17 -> 0 | I17: ='first approach investment'!I17 -> 3 | K17: ='first approach investment'!K17 -> 12 | L17: =K17/IF($L$6="A",$K$15,IF($L$6="B",$K$16,IF($L$6="C",$K$17,IF($L$6="D",$K$18,IF($L$6="E",$K$19,0))))) -> 1.2 | N17: =(I17*L17-D17*L15-E17*L16-G17*L18)*$C$28/$C$20 -> 2.5402299 | O17: =N17/C17 -> 0.08467433 | P17: =L17/$N$20 -> 0.077736411 | Q17: =O17/$O$20 -> 0.95443038 | S17: =I17*L17-D17*L15-E17*L16-G17*L18 -> 2.6 | T17: =S17/C17 -> 0.086666667 | U17: =L17/$S$20 -> 0.075949367 | V17: =T17/$T$20 -> 0.95443038 | X17: C | Y17: =C19 -> 44 | Z17: =D19 -> 1 | AA17: =E19+F19+G19 -> 0 | AC17: =I19 -> 1 | AE17: =L19 -> 4 | AF17: =N19 -> 2.9310345 | AG17: =O19 -> 0.06661442 | AH17: =P19 -> 0.25912137 | AI17: =Q19 -> 0.75086306 | AK17: =S19 -> 3 | AL17: =T19 -> 0.068181818 | AM17: =U19 -> 0.25316456 | AN17: =V19 -> 0.75086306
B18: B3 | C18: ='first approach investment'!C18 -> 30 | D18: ='first approach investment'!D18 -> 1 | E18: ='first approach investment'!E18 -> 0 | F18: ='first approach investment'!F18 -> 0 | H18: ='first approach investment'!H18 -> 0 | I18: ='first approach investment'!I18 -> 3 | K18: ='first approach investment'!K18 -> 12 | L18: =K18/IF($L$6="A",$K$15,IF($L$6="B",$K$16,IF($L$6="C",$K$17,IF($L$6="D",$K$18,IF($L$6="E",$K$19,0))))) -> 1.2 | N18: =(I18*L18-D18*L15-E18*L16-F18*L17)*$C$28/$C$20 -> 2.5402299 | O18: =N18/C18 -> 0.08467433 | P18: =L18/$N$20 -> 0.077736411 | Q18: =O18/$O$20 -> 0.95443038 | S18: =I18*L18-D18*L15-E18*L16-F18*L17 -> 2.6 | T18: =S18/C18 -> 0.086666667 | U18: =L18/$S$20 -> 0.075949367 | V18: =T18/$T$20 -> 0.95443038 | X18: totaal | Y18: =SUM(Y15:Y17) -> 174 | AF18: =SUM(AF15:AF17) -> 15.436782 | AG18: =AF18/Y18 -> 0.088717136 | AK18: =SUM(AK15:AK17) -> 15.8 | AL18: =AK18/Y18 -> 0.090804598
B19: C | C19: ='first approach investment'!C19 -> 44 | D19: ='first approach investment'!D19 -> 1 | E19: ='first approach investment'!E19 -> 0 | F19: ='first approach investment'!F19 -> 0 | G19: ='first approach investment'!G19 -> 0 | I19: ='first approach investment'!I19 -> 1 | K19: ='first approach investment'!K19 -> 40 | L19: =K19/IF($L$6="A",$K$15,IF($L$6="B",$K$16,IF($L$6="C",$K$17,IF($L$6="D",$K$18,IF($L$6="E",$K$19,0))))) -> 4 | N19: =(I19*L19-D19*L15-E19*L16-F19*L17-G19*L18)*$C$28/$C$20 -> 2.9310345 | O19: =N19/C19 -> 0.06661442 | P19: =L19/$N$20 -> 0.25912137 | Q19: =O19/$O$20 -> 0.75086306 | S19: =I19*L19-D19*L15-E19*L16-F19*L17-G19*L18 -> 3 | T19: =S19/C19 -> 0.068181818 | U19: =L19/$S$20 -> 0.25316456 | V19: =T19/$T$20 -> 0.75086306
B20: total | C20: =SUM(C15:C19) -> 174 | N20: =SUM(N15:N19) -> 15.436782 | O20: =N20/C20 -> 0.088717136 | S20: =SUM(S15:S19) -> 15.8 | T20: =S20/C20 -> 0.090804598
B22: period 3
B23: A | C23: ='first approach investment'!C23 -> 40 | E23: ='first approach investment'!E23 -> 0.5 | F23: ='first approach investment'!F23 -> 0.5 | G23: ='first approach investment'!G23 -> 0.5 | H23: ='first approach investment'!H23 -> 0 | I23: ='first approach investment'!I23 -> 5 | K23: ='first approach investment'!K23 -> 10 | L23: =K23/IF($L$6="A",$K$15,IF($L$6="B",$K$16,IF($L$6="C",$K$17,IF($L$6="D",$K$18,IF($L$6="E",$K$19,0))))) -> 1 | N23: =(I23*L23-E23*L24-F23*L25-G23*L26-H23*L27)*$C$36/$C$28 -> 3.2 | O23: =N23/C23 -> 0.08 | P23: =L23/$N$28 -> 0.056818182 | Q23: =O23/$O$28 -> 0.77272727 | S23: =I23*L23-E23*L24-F23*L25-G23*L26-H23*L27 -> 3.2 | T23: =S23/C23 -> 0.08 | U23: =L23/$S$28 -> 0.056818182 | V23: =T23/$T$28 -> 0.77272727 | X23: A | Y23: =C23 -> 40 | AA23: =E23+F23+G23 -> 1.5 | AB23: =H23 -> 0 | AC23: =I23 -> 5 | AE23: =L23 -> 1 | AF23: =N23 -> 3.2 | AG23: =O23 -> 0.08 | AH23: =P23 -> 0.056818182 | AI23: =Q23 -> 0.77272727 | AK23: =S23 -> 3.2 | AL23: =T23 -> 0.08 | AM23: =U23 -> 0.056818182 | AN23: =V23 -> 0.77272727
B24: B1 | C24: ='first approach investment'!C24 -> 30 | D24: ='first approach investment'!D24 -> 1 | F24: ='first approach investment'!F24 -> 0 | G24: ='first approach investment'!G24 -> 0 | H24: ='first approach investment'!H24 -> 0 | I24: ='first approach investment'!I24 -> 4.5 | K24: ='first approach investment'!K24 -> 12 | L24: =K24/IF($L$6="A",$K$15,IF($L$6="B",$K$16,IF($L$6="C",$K$17,IF($L$6="D",$K$18,IF($L$6="E",$K$19,0))))) -> 1.2 | N24: =(I24*L24-D24*L23-F24*L25-G24*L26-H24*L27)*$C$36/$C$28 -> 4.4 | O24: =N24/C24 -> 0.14666667 | P24: =L24/$N$28 -> 0.068181818 | Q24: =O24/$O$28 -> 1.4166667 | S24: =I24*L24-D24*L23-F24*L25-G24*L26-H24*L27 -> 4.4 | T24: =S24/C24 -> 0.14666667 | U24: =L24/$S$28 -> 0.068181818 | V24: =T24/$T$28 -> 1.4166667 | X24: B | Y24: =C24+C25+C26 -> 90 | Z24: =D24+D25+D26 -> 3 | AB24: =H24+H25+H26 -> 0 | AC24: =I24+I25+I26 -> 12 | AE24: =(L24*I24+L25*I25+L26*I26)/(I24+I25+I26) -> 1.2 | AF24: =N24+N25+N26 -> 11.4 | AG24: =AF24/Y24 -> 0.12666667 | AH24: =((I24*L24+I25*L25+I26*L26)/(I24+I25+I26))/AF26 -> 0.068181818 | AI24: =AG24/AG26 -> 1.2234848 | AK24: =S24+S25+S26 -> 11.4 | AL24: =AK24/Y24 -> 0.12666667 | AM24: =((I24*L24+I25*L25+I26*L26)/(I24+I25+I26))/AK26 -> 0.068181818 | AN24: =AL24/AL26 -> 1.2234848
B25: B2 | C25: ='first approach investment'!C25 -> 30 | D25: ='first approach investment'!D25 -> 1 | E25: ='first approach investment'!E25 -> 0 | G25: ='first approach investment'!G25 -> 0 | H25: 0 | I25: ='first approach investment'!I25 -> 4.5 | K25: ='first approach investment'!K25 -> 12 | L25: =K25/IF($L$6="A",$K$15,IF($L$6="B",$K$16,IF($L$6="C",$K$17,IF($L$6="D",$K$18,IF($L$6="E",$K$19,0))))) -> 1.2 | N25: =(I25*L25-D25*L23-E25*L24-G25*L26-H25*L27)*$C$36/$C$28 -> 4.4 | O25: =N25/C25 -> 0.14666667 | P25: =L25/$N$28 -> 0.068181818 | Q25: =O25/$O$28 -> 1.4166667 | S25: =I25*L25-D25*L23-E25*L24-G25*L26-H25*L27 -> 4.4 | T25: =S25/C25 -> 0.14666667 | U25: =L25/$S$28 -> 0.068181818 | V25: =T25/$T$28 -> 1.4166667 | X25: C | Y25: =C27 -> 40 | Z25: =D27 -> 1 | AA25: =E27+F27+G27 -> 0 | AC25: =I27 -> 1 | AE25: =L27 -> 4 | AF25: =N27 -> 3 | AG25: =O27 -> 0.075 | AH25: =P27 -> 0.22727273 | AI25: =Q27 -> 0.72443182 | AK25: =S27 -> 3 | AL25: =T27 -> 0.075 | AM25: =U27 -> 0.22727273 | AN25: =V27 -> 0.72443182
B26: B3 | C26: ='first approach investment'!C26 -> 30 | D26: ='first approach investment'!D26 -> 1 | E26: ='first approach investment'!E26 -> 0 | F26: ='first approach investment'!F26 -> 0 | H26: ='first approach investment'!H26 -> 0 | I26: ='first approach investment'!I26 -> 3 | K26: ='first approach investment'!K26 -> 12 | L26: =K26/IF($L$6="A",$K$15,IF($L$6="B",$K$16,IF($L$6="C",$K$17,IF($L$6="D",$K$18,IF($L$6="E",$K$19,0))))) -> 1.2 | N26: =(I26*L26-D26*L23-E26*L24-F26*L25-H26*L27)*$C$36/$C$28 -> 2.6 | O26: =N26/C26 -> 0.086666667 | P26: =L26/$N$28 -> 0.068181818 | Q26: =O26/$O$28 -> 0.83712121 | S26: =I26*L26-D26*L23-E26*L24-F26*L25-H26*L27 -> 2.6 | T26: =S26/C26 -> 0.086666667 | U26: =L26/$S$28 -> 0.068181818 | V26: =T26/$T$28 -> 0.83712121 | X26: totaal | Y26: =SUM(Y23:Y25) -> 170 | AF26: =SUM(AF23:AF25) -> 17.6 | AG26: =AF26/Y26 -> 0.10352941 | AK26: =SUM(AK23:AK25) -> 17.6 | AL26: =AK26/Y26 -> 0.10352941
B27: C | C27: ='first approach investment'!C27 -> 40 | D27: ='first approach investment'!D27 -> 1 | E27: ='first approach investment'!E27 -> 0 | F27: ='first approach investment'!F27 -> 0 | G27: ='first approach investment'!G27 -> 0 | I27: ='first approach investment'!I27 -> 1 | K27: ='first approach investment'!K27 -> 40 | L27: =K27/IF($L$6="A",$K$15,IF($L$6="B",$K$16,IF($L$6="C",$K$17,IF($L$6="D",$K$18,IF($L$6="E",$K$19,0))))) -> 4 | N27: =(I27*L27-D27*L23-E27*L24-F27*L25-G27*L26)*$C$36/$C$28 -> 3 | O27: =N27/C27 -> 0.075 | P27: =L27/$N$28 -> 0.22727273 | Q27: =O27/$O$28 -> 0.72443182 | S27: =I27*L27-D27*L23-E27*L24-F27*L25-G27*L26 -> 3 | T27: =S27/C27 -> 0.075 | U27: =L27/$S$28 -> 0.22727273 | V27: =T27/$T$28 -> 0.72443182
B28: total | C28: =SUM(C23:C27) -> 170 | N28: =SUM(N23:N27) -> 17.6 | O28: =N28/C28 -> 0.10352941 | S28: =SUM(S23:S27) -> 17.6 | T28: =S28/C28 -> 0.10352941
B30: period 4
B31: A | C31: ='first approach investment'!C31 -> 40 | E31: ='first approach investment'!E31 -> 0.5 | F31: ='first approach investment'!F31 -> 0.5 | G31: ='first approach investment'!G31 -> 0.5 | H31: ='first approach investment'!H31 -> 0 | I31: ='first approach investment'!I31 -> 5 | K31: ='first approach investment'!K31 -> 10 | L31: =K31/IF($L$6="A",$K$15,IF($L$6="B",$K$16,IF($L$6="C",$K$17,IF($L$6="D",$K$18,IF($L$6="E",$K$19,0))))) -> 1 | N31: =(I31*L31-E31*L32-F31*L33-G31*L34-H31*L35)*$C$44/$C$36 -> 3.2 | O31: =N31/C31 -> 0.08 | P31: =L31/$N$36 -> 0.054945055 | Q31: =O31/$O$36 -> 0.74725275 | S31: =I31*L31-E31*L32-F31*L33-G31*L34-H31*L35 -> 3.2 | T31: =S31/C31 -> 0.08 | U31: =L31/$S$36 -> 0.054945055 | V31: =T31/$T$36 -> 0.74725275 | X31: A | Y31: =C31 -> 40 | AA31: =E31+F31+G31 -> 1.5 | AB31: =H31 -> 0 | AC31: =I31 -> 5 | AE31: =L31 -> 1 | AF31: =N31 -> 3.2 | AG31: =O31 -> 0.08 | AH31: =P31 -> 0.054945055 | AI31: =Q31 -> 0.74725275 | AK31: =S31 -> 3.2 | AL31: =T31 -> 0.08 | AM31: =U31 -> 0.054945055 | AN31: =V31 -> 0.74725275
B32: B1 | C32: ='first approach investment'!C32 -> 30 | D32: ='first approach investment'!D32 -> 1 | F32: ='first approach investment'!F32 -> 0 | G32: ='first approach investment'!G32 -> 0 | H32: ='first approach investment'!H32 -> 0 | I32: ='first approach investment'!I32 -> 4.5 | K32: ='first approach investment'!K32 -> 12 | L32: =K32/IF($L$6="A",$K$15,IF($L$6="B",$K$16,IF($L$6="C",$K$17,IF($L$6="D",$K$18,IF($L$6="E",$K$19,0))))) -> 1.2 | N32: =(I32*L32-D32*L31-F32*L33-G32*L34-H32*L35)*$C$44/$C$36 -> 4.4 | O32: =N32/C32 -> 0.14666667 | P32: =L32/$N$36 -> 0.065934066 | Q32: =O32/$O$36 -> 1.3699634 | S32: =I32*L32-D32*L31-F32*L33-G32*L34-H32*L35 -> 4.4 | T32: =S32/C32 -> 0.14666667 | U32: =L32/$S$36 -> 0.065934066 | V32: =T32/$T$36 -> 1.3699634 | X32: B | Y32: =C32+C33+C34 -> 90 | Z32: =D32+D33+D34 -> 3 | AB32: =H32+H33+H34 -> 0 | AC32: =I32+I33+I34 -> 12.5 | AE32: =(L32*I32+L33*I33+L34*I34)/(I32+I33+I34) -> 1.2 | AF32: =N32+N33+N34 -> 12 | AG32: =AF32/Y32 -> 0.13333333 | AH32: =((I32*L32+I33*L33+I34*L34)/(I32+I33+I34))/AF34 -> 0.065934066 | AI32: =AG32/AG34 -> 1.2454212 | AK32: =S32+S33+S34 -> 12 | AL32: =AK32/Y32 -> 0.13333333 | AM32: =((I32*L32+I33*L33+I34*L34)/(I32+I33+I34))/AK34 -> 0.065934066 | AN32: =AL32/AL34 -> 1.2454212
B33: B2 | C33: ='first approach investment'!C33 -> 30 | D33: ='first approach investment'!D33 -> 1 | E33: ='first approach investment'!E33 -> 0 | G33: ='first approach investment'!G33 -> 0 | H33: ='first approach investment'!H33 -> 0 | I33: ='first approach investment'!I33 -> 4 | K33: ='first approach investment'!K33 -> 12 | L33: =K33/IF($L$6="A",$K$15,IF($L$6="B",$K$16,IF($L$6="C",$K$17,IF($L$6="D",$K$18,IF($L$6="E",$K$19,0))))) -> 1.2 | N33: =(I33*L33-D33*L31-E33*L32-G33*L34-H33*L35)*$C$44/$C$36 -> 3.8 | O33: =N33/C33 -> 0.12666667 | P33: =L33/$N$36 -> 0.065934066 | Q33: =O33/$O$36 -> 1.1831502 | S33: =I33*L33-D33*L31-E33*L32-G33*L34-H33*L35 -> 3.8 | T33: =S33/C33 -> 0.12666667 | U33: =L33/$S$36 -> 0.065934066 | V33: =T33/$T$36 -> 1.1831502 | X33: C | Y33: =C35 -> 40 | Z33: =D35 -> 1 | AA33: =E35+F35+G35 -> 0 | AC33: =I35 -> 1 | AE33: =L35 -> 4 | AF33: =N35 -> 3 | AG33: =O35 -> 0.075 | AH33: =P35 -> 0.21978022 | AI33: =Q35 -> 0.70054945 | AK33: =S35 -> 3 | AL33: =T35 -> 0.075 | AM33: =U35 -> 0.21978022 | AN33: =V35 -> 0.70054945
B34: B3 | C34: ='first approach investment'!C34 -> 30 | D34: ='first approach investment'!D34 -> 1 | E34: ='first approach investment'!E34 -> 0 | F34: ='first approach investment'!F34 -> 0 | H34: 0 | I34: ='first approach investment'!I34 -> 4 | K34: ='first approach investment'!K34 -> 12 | L34: =K34/IF($L$6="A",$K$15,IF($L$6="B",$K$16,IF($L$6="C",$K$17,IF($L$6="D",$K$18,IF($L$6="E",$K$19,0))))) -> 1.2 | N34: =(I34*L34-D34*L31-E34*L32-F34*L33-H34*L35)*$C$44/$C$36 -> 3.8 | O34: =N34/C34 -> 0.12666667 | P34: =L34/$N$36 -> 0.065934066 | Q34: =O34/$O$36 -> 1.1831502 | S34: =I34*L34-D34*L31-E34*L32-F34*L33-H34*L35 -> 3.8 | T34: =S34/C34 -> 0.12666667 | U34: =L34/$S$36 -> 0.065934066 | V34: =T34/$T$36 -> 1.1831502 | X34: totaal | Y34: =SUM(Y31:Y33) -> 170 | AF34: =SUM(AF31:AF33) -> 18.2 | AG34: =AF34/Y34 -> 0.10705882 | AK34: =SUM(AK31:AK33) -> 18.2 | AL34: =AK34/Y34 -> 0.10705882
B35: C | C35: ='first approach investment'!C35 -> 40 | D35: ='first approach investment'!D35 -> 1 | E35: ='first approach investment'!E35 -> 0 | F35: ='first approach investment'!F35 -> 0 | G35: ='first approach investment'!G35 -> 0 | I35: ='first approach investment'!I35 -> 1 | K35: ='first approach investment'!K35 -> 40 | L35: =K35/IF($L$6="A",$K$15,IF($L$6="B",$K$16,IF($L$6="C",$K$17,IF($L$6="D",$K$18,IF($L$6="E",$K$19,0))))) -> 4 | N35: =(I35*L35-D35*L31-E35*L32-F35*L33-G35*L34)*$C$44/$C$36 -> 3 | O35: =N35/C35 -> 0.075 | P35: =L35/$N$36 -> 0.21978022 | Q35: =O35/$O$36 -> 0.70054945 | S35: =I35*L35-D35*L31-E35*L32-F35*L33-G35*L34 -> 3 | T35: =S35/C35 -> 0.075 | U35: =L35/$S$36 -> 0.21978022 | V35: =T35/$T$36 -> 0.70054945
B36: total | C36: =SUM(C31:C35) -> 170 | N36: =SUM(N31:N35) -> 18.2 | O36: =N36/C36 -> 0.10705882 | S36: =SUM(S31:S35) -> 18.2 | T36: =S36/C36 -> 0.10705882
B38: period 5
B39: A | C39: ='first approach investment'!C39 -> 40 | E39: ='first approach investment'!E39 -> 0.5 | F39: ='first approach investment'!F39 -> 0.5 | G39: ='first approach investment'!G39 -> 0.5 | H39: ='first approach investment'!H39 -> 0 | I39: ='first approach investment'!I39 -> 5 | K39: ='first approach investment'!K39 -> 10 | L39: =K39/IF($L$6="A",$K$15,IF($L$6="B",$K$16,IF($L$6="C",$K$17,IF($L$6="D",$K$18,IF($L$6="E",$K$19,0))))) -> 1 | N39: =(I39*L39-E39*L40-F39*L41-G39*L42-H39*L43) -> 3.2 | O39: =N39/C39 -> 0.08 | P39: =L39/$N$44 -> 0.051546392 | Q39: =O39/$O$44 -> 0.70103093 | S39: =I39*L39-E39*L40-F39*L41-G39*L42-H39*L43 -> 3.2 | T39: =S39/C39 -> 0.08 | U39: =L39/$S$44 -> 0.051546392 | V39: =T39/$T$44 -> 0.70103093 | X39: A | Y39: =C39 -> 40 | AA39: =E39+F39+G39 -> 1.5 | AB39: =H39 -> 0 | AC39: =I39 -> 5 | AE39: =L39 -> 1 | AF39: =N39 -> 3.2 | AG39: =O39 -> 0.08 | AH39: =P39 -> 0.051546392 | AI39: =Q39 -> 0.70103093 | AK39: =S39 -> 3.2 | AL39: =T39 -> 0.08 | AM39: =U39 -> 0.051546392 | AN39: =V39 -> 0.70103093
B40: B1 | C40: ='first approach investment'!C40 -> 30 | D40: ='first approach investment'!D40 -> 1 | F40: ='first approach investment'!F40 -> 0 | G40: ='first approach investment'!G40 -> 0 | H40: 0 | I40: ='first approach investment'!I40 -> 4.5 | K40: ='first approach investment'!K40 -> 12 | L40: =K40/IF($L$6="A",$K$15,IF($L$6="B",$K$16,IF($L$6="C",$K$17,IF($L$6="D",$K$18,IF($L$6="E",$K$19,0))))) -> 1.2 | N40: =(I40*L40-D40*L39-F40*L41-G40*L42-H40*L43) -> 4.4 | O40: =N40/C40 -> 0.14666667 | P40: =L40/$N$44 -> 0.06185567 | Q40: =O40/$O$44 -> 1.2852234 | S40: =I40*L40-D40*L39-F40*L41-G40*L42-H40*L43 -> 4.4 | T40: =S40/C40 -> 0.14666667 | U40: =L40/$S$44 -> 0.06185567 | V40: =T40/$T$44 -> 1.2852234 | X40: B | Y40: =C40+C41+C42 -> 90 | Z40: =D40+D41+D42 -> 3 | AB40: =H40+H41+H42 -> 0 | AC40: =I40+I41+I42 -> 13.5 | AE40: =(L40*I40+L41*I41+L42*I42)/(I40+I41+I42) -> 1.2 | AF40: =N40+N41+N42 -> 13.2 | AG40: =AF40/Y40 -> 0.14666667 | AH40: =((I40*L40+I41*L41+I42*L42)/(I40+I41+I42))/AF42 -> 0.06185567 | AI40: =AG40/AG42 -> 1.2852234 | AK40: =S40+S41+S42 -> 13.2 | AL40: =AK40/Y40 -> 0.14666667 | AM40: =((I40*L40+I41*L41+I42*L42)/(I40+I41+I42))/AK42 -> 0.06185567 | AN40: =AL40/AL42 -> 1.2852234
B41: B2 | C41: ='first approach investment'!C41 -> 30 | D41: ='first approach investment'!D41 -> 1 | E41: ='first approach investment'!E41 -> 0 | G41: ='first approach investment'!G41 -> 0 | H41: ='first approach investment'!H41 -> 0 | I41: ='first approach investment'!I41 -> 4.5 | K41: ='first approach investment'!K41 -> 12 | L41: =K41/IF($L$6="A",$K$15,IF($L$6="B",$K$16,IF($L$6="C",$K$17,IF($L$6="D",$K$18,IF($L$6="E",$K$19,0))))) -> 1.2 | N41: =(I41*L41-D41*L39-E41*L40-G41*L42-H41*L43) -> 4.4 | O41: =N41/C41 -> 0.14666667 | P41: =L41/$N$44 -> 0.06185567 | Q41: =O41/$O$44 -> 1.2852234 | S41: =I41*L41-D41*L39-E41*L40-G41*L42-H41*L43 -> 4.4 | T41: =S41/C41 -> 0.14666667 | U41: =L41/$S$44 -> 0.06185567 | V41: =T41/$T$44 -> 1.2852234 | X41: C | Y41: =C43 -> 40 | Z41: =D43 -> 1 | AA41: =E43+F43+G43 -> 0 | AC41: =I43 -> 1 | AE41: =L43 -> 4 | AF41: =N43 -> 3 | AG41: =O43 -> 0.075 | AH41: =P43 -> 0.20618557 | AI41: =Q43 -> 0.65721649 | AK41: =S43 -> 3 | AL41: =T43 -> 0.075 | AM41: =U43 -> 0.20618557 | AN41: =V43 -> 0.65721649
B42: B3 | C42: ='first approach investment'!C42 -> 30 | D42: ='first approach investment'!D42 -> 1 | E42: ='first approach investment'!E42 -> 0 | F42: ='first approach investment'!F42 -> 0 | H42: ='first approach investment'!H42 -> 0 | I42: ='first approach investment'!I42 -> 4.5 | K42: ='first approach investment'!K42 -> 12 | L42: =K42/IF($L$6="A",$K$15,IF($L$6="B",$K$16,IF($L$6="C",$K$17,IF($L$6="D",$K$18,IF($L$6="E",$K$19,0))))) -> 1.2 | N42: =(I42*L42-D42*L39-E42*L40-F42*L41-H42*L43) -> 4.4 | O42: =N42/C42 -> 0.14666667 | P42: =L42/$N$44 -> 0.06185567 | Q42: =O42/$O$44 -> 1.2852234 | S42: =I42*L42-D42*L39-E42*L40-F42*L41-H42*L43 -> 4.4 | T42: =S42/C42 -> 0.14666667 | U42: =L42/$S$44 -> 0.06185567 | V42: =T42/$T$44 -> 1.2852234 | X42: totaal | Y42: =SUM(Y39:Y41) -> 170 | AF42: =SUM(AF39:AF41) -> 19.4 | AG42: =AF42/Y42 -> 0.11411765 | AK42: =SUM(AK39:AK41) -> 19.4 | AL42: =AK42/Y42 -> 0.11411765
B43: C | C43: ='first approach investment'!C43 -> 40 | D43: ='first approach investment'!D43 -> 1 | E43: ='first approach investment'!E43 -> 0 | F43: ='first approach investment'!F43 -> 0 | G43: ='first approach investment'!G43 -> 0 | I43: ='first approach investment'!I43 -> 1 | K43: ='first approach investment'!K43 -> 40 | L43: =K43/IF($L$6="A",$K$15,IF($L$6="B",$K$16,IF($L$6="C",$K$17,IF($L$6="D",$K$18,IF($L$6="E",$K$19,0))))) -> 4 | N43: =(I43*L43-D43*L39-E43*L40-F43*L41-G43*L42) -> 3 | O43: =N43/C43 -> 0.075 | P43: =L43/$N$44 -> 0.20618557 | Q43: =O43/$O$44 -> 0.65721649 | S43: =I43*L43-D43*L39-E43*L40-F43*L41-G43*L42 -> 3 | T43: =S43/C43 -> 0.075 | U43: =L43/$S$44 -> 0.20618557 | V43: =T43/$T$44 -> 0.65721649
B44: total | C44: =SUM(C39:C43) -> 170 | N44: =SUM(N39:N43) -> 19.4 | O44: =N44/C44 -> 0.11411765 | S44: =SUM(S39:S43) -> 19.4 | T44: =S44/C44 -> 0.11411765
B46: double-sided valuation from period 1 to period 2 and from period 2 to period 3
B47: period 1
B48: A | D48: =(I7*L7-E7*L8-F7*L9-G7*L10-H7*L11)/(I7*L7) -> 0.7 | E48: =E7/I7 -> 0.083333333 | F48: =F7/I7 -> 0.083333333 | G48: =G7/I7 -> 0.083333333 | H48: =H7/I7 -> 0 | J48: =P7/Q7 -> 0.054734537 | M48: =J48*D48+E48*E49*J49+F48*F50*J50+G48*G51*J51+H48*H52*J52 -> 0.052681992 | X48: =(AC7*AE7-AA7*AE8-AB7*AE9)/(AC7*AE7) -> 0.7 | Y48: =AA7/AC7 -> 0.25 | Z48: =AB7/AC7 -> 0 | AA48: =AH7/AI7 -> 0.054734537 | AD48: =AA48*X48+Y48*Y49*AA49+Z48*Z50*AA50 -> 0.052681992
B49: B1 | D49: =D8/I8 -> 0.33333333 | E49: =(I8*L8-D8*L7-F8*L9-G8*L10-H8*L11)/(I8*L8) -> 0.72222222 | F49: =F8/I8 -> 0 | G49: =G8/I8 -> 0 | H49: =H8/I8 -> 0 | J49: =P8/Q8 -> 0.079575597 | M49: =J49*E49+D49*D48*J48+F49*F50*J50+G49*G51*J51+H49*H52*J52 -> 0.070242656 | X49: =Z8/AC8 -> 0.33333333 | Y49: =(AC8*AE8-Z8*AE7-AB8*AE9)/(AC8*AE8) -> 0.72222222 | Z49: =AB8/AC8 -> 0 | AA49: =AH8/AI8 -> 0.079575597 | AD49: =AA49*Y49+X48*AA48*X49+AA50*Z50*Z49 -> 0.070242656
B50: B2 | D50: =D9/I9 -> 0.33333333 | E50: =E9/I9 -> 0 | F50: =(I9*L9-D9*L7-E9*L8-G9*L10-H9*L11)/(I9*L9) -> 0.72222222 | G50: =G9/I9 -> 0 | H50: =H9/I9 -> 0 | J50: =P9/Q9 -> 0.079575597 | M50: =J50*F50+D50*D48*J48+E50*E49*J49+G50*G51*J51+H50*H52*J52 -> 0.070242656 | X50: =Z9/AC9 -> 1 | Y50: =AA9/AC9 -> 0 | Z50: =(AC9*AE9-Z9*AE7-AA9*AE8)/(AC9*AE9) -> 0.75 | AA50: =AH9/AI9 -> 0.30651341 | AD50: =AA50*Z50+X48*AA48*X50+Y49*AA49*Y50 -> 0.26819923
B51: B3 | D51: =D10/I10 -> 0.33333333 | E51: =E10/I10 -> 0 | F51: =F10/I10 -> 0 | G51: =(I10*L10-D10*L7-E10*L8-F10*L9-H10*L11)/(I10*L10) -> 0.72222222 | H51: =H10/I10 -> 0 | J51: =P10/Q10 -> 0.079575597 | M51: =J51*G51+D51*D48*J48+E51*E49*J49+F51*F50*J50+H51*H52*J52 -> 0.070242656 | R51: rho
B52: C | D52: =D11/I11 -> 1 | E52: =E11/I11 -> 0 | F52: =F11/I11 -> 0 | G52: =G11/I11 -> 0 | H52: =(I11*L11-D11*L7-E11*L8-F11*L9-G11*L10)/(I11*L11) -> 0.75 | J52: =P11/Q11 -> 0.30651341 | M52: =J52*H52+D52*D48*J48+E52*E49*J49+F52*F50*J50+G52*G51*J51 -> 0.26819923 | R52: directly derived from
B53: period 2 | P53: rho | R53: production processes | AG53: rho
B54: A | D54: =(I15*L15-E15*L16-F15*L17-G15*L18-H15*L19)/(I15*L15) -> 0.64 | E54: =E15/I15 -> 0.1 | F54: =F15/I15 -> 0.1 | G54: =G15/I15 -> 0.1 | H54: =H15/I15 -> 0 | J54: =P15/Q15 -> 0.073529412 | K54: =U15/V15 -> 0.07183908 | M54: =J54*D54+E54*E55*J55+F54*F56*J56+G54*G57*J57+H54*H58*J58 -> 0.062745098 | N54: =K54*D54+E54*E55*K55+F54*F56*K56+G54*G57*K57+H54*H58*K58 -> 0.061302682 | P54: =1-N54/M48 -> -0.16363636 | R54: =(((C7+(E7/I8)*C8+(F7/I9)*C9+(G7/I10)*C10+(H7/I11)*C11)/I7)-((C15+(E15/I16)*C16+(F15/I17)*C17+(G15/I18)*C18+(H15/I19)*C19)/I15))/((C7+(E7/I8)*C8+(F7/I9)*C9+(G7/I10)*C10+(H7/I11)*C11)/I7) -> -0.16363636 | X54: =(AC15*AE15-AA15*AE16-AB15*AE17)/(AC15*AE15) -> 0.64 | Y54: =AA15/AC15 -> 0.3 | Z54: =AB15/AC15 -> 0 | AA54: =AH15/AI15 -> 0.073529412 | AB54: =AM15/AN15 -> 0.07183908 | AD54: =AA54*X54+Y54*Y55*AA55+Z54*Z56*AA56 -> 0.062184874 | AE54: =AB54*X54+Y54*Y55*AB55+Z54*Z56*AB56 -> 0.060755337 | AG54: =1-AE54/AD48 -> -0.15324675
B55: B1 | D55: =D16/I16 -> 0.22222222 | E55: =(I16*L16-D16*L15-F16*L17-G16*L18-H16*L19)/(I16*L16) -> 0.81481481 | F55: =F16/I16 -> 0 | G55: =G16/I16 -> 0 | H55: =H16/I16 -> 0 | J55: =P16/Q16 -> 0.048128342 | K55: =U16/V16 -> 0.047021944 | M55: =J55*E55+D55*D54*J54+F55*F56*J56+G55*G57*J57+H55*H58*J58 -> 0.049673203 | N55: =K55*E55+D55*D54*K54+F55*F56*K56+G55*G57*K57+H55*H58*K58 -> 0.04853129 | P55: =1-N55/M49 -> 0.30909091 | R55: =(((C8+(D8/I7)*C7+(F8/I9)*C9+(G8/I10)*C10+(H8/I11)*C11)/I8)-((C16+(D16/I15)*C15+(F16/I17)*C17+(G16/I18)*C18+(H16/I19)*C19)/I16))/((C8+(D8/I7)*C7+(F8/I9)*C9+(G8/I10)*C10+(H8/I11)*C11)/I8) -> 0.30909091 | X55: =Z16/AC16 -> 0.28571429 | Y55: =(AC16*AE16-Z16*AE15-AB16*AE17)/(AC16*AE16) -> 0.76190476 | Z55: =AB16/AC16 -> 0 | AA55: =AH16/AI16 -> 0.066176471 | AB55: =AM16/AN16 -> 0.064655172 | AD55: =AA55*Y55+X54*AA54*X55+AA56*Z56*Z55 -> 0.063865546 | AE55: =AB55*Y55+X54*AB54*X55+AB56*Z56*Z55 -> 0.062397373 | AG55: =1-AE55/AD49 -> 0.11168831
B56: B2 | D56: =D17/I17 -> 0.33333333 | E56: =E17/I17 -> 0 | F56: =(I17*L17-D17*L15-E17*L16-G17*L18-H17*L19)/(I17*L17) -> 0.72222222 | G56: =G17/I17 -> 0 | H56: =H17/I17 -> 0 | J56: =P17/Q17 -> 0.081447964 | K56: =U17/V17 -> 0.079575597 | M56: =J56*F56+D56*D54*J54+E56*E55*J55+G56*G57*J57+H56*H58*J58 -> 0.074509804 | N56: =K56*F56+D56*D54*K54+E56*E55*K55+G56*G57*K57+H56*H58*K58 -> 0.072796935 | P56: =1-N56/M50 -> -0.036363636 | R56: =(((C9+(D9/I7)*C7+(E9/I8)*C8+(G9/I10)*C10+(H9/I11)*C11)/I9)-((C17+(D17/I15)*C15+(E17/I16)*C16+(G17/I18)*C18+(H17/I19)*C19)/I17))/((C9+(D9/I7)*C7+(E9/I8)*C8+(G9/I10)*C10+(H9/I11)*C11)/I9) -> -0.036363636 | X56: =Z17/AC17 -> 1 | Y56: =AA17/AC17 -> 0 | Z56: =(AC17*AE17-Z17*AE15-AA17*AE16)/(AC17*AE17) -> 0.75 | AA56: =AH17/AI17 -> 0.34509804 | AB56: =AM17/AN17 -> 0.33716475 | AD56: =AA56*Z56+X54*AA54*X56+Y55*AA55*Y56 -> 0.30588235 | AE56: =AB56*Z56+X54*AB54*X56+Y55*AB55*Y56 -> 0.29885057 | AG56: =1-AE56/AD50 -> -0.11428571
B57: B3 | D57: =D18/I18 -> 0.33333333 | E57: =E18/I18 -> 0 | F57: =F18/I18 -> 0 | G57: =(I18*L18-D18*L15-E18*L16-F18*L17-H18*L19)/(I18*L18) -> 0.72222222 | H57: =H18/I18 -> 0 | J57: =P18/Q18 -> 0.081447964 | K57: =U18/V18 -> 0.079575597 | M57: =J57*G57+D57*D54*J54+E57*E55*J55+F57*F56*J56+H57*H58*J58 -> 0.074509804 | N57: =K57*G57+D57*D54*K54+E57*E55*K55+F57*F56*K56+H57*H58*K58 -> 0.072796935 | P57: =1-N57/M51 -> -0.036363636 | R57: =(((C10+(D10/I7)*C7+(E10/I8)*C8+(F10/I9)*C9+(H10/I11)*C11)/I10)-((C18+(D18/I15)*C15+(E18/I16)*C16+(F18/I17)*C17+(H18/I19)*C19)/I18))/((C10+(D10/I7)*C7+(E10/I8)*C8+(F10/I9)*C9+(H10/I11)*C11)/I10) -> -0.036363636
B58: C | D58: =D19/I19 -> 1 | E58: =E19/I19 -> 0 | F58: =F19/I19 -> 0 | G58: =G19/I19 -> 0 | H58: =(I19*L19-D19*L15-E19*L16-F19*L17-G19*L18)/(I19*L19) -> 0.75 | J58: =P19/Q19 -> 0.34509804 | K58: =U19/V19 -> 0.33716475 | M58: =J58*H58+D58*D54*J54+E58*E55*J55+F58*F56*J56+G58*G57*J57 -> 0.30588235 | N58: =K58*H58+D58*D54*K54+E58*E55*K55+F58*F56*K56+G58*G57*K57 -> 0.29885057 | P58: =1-N58/M52 -> -0.11428571 | R58: =(((C11+(D11/I7)*C7+(E11/I8)*C8+(F11/I9)*C9+(G11/I10)*C10)/I11)-((C19+(D19/I15)*C15+(E19/I16)*C16+(F19/I17)*C17+(G19/I18)*C18)/I19))/((C11+(D11/I7)*C7+(E11/I8)*C8+(F11/I9)*C9+(G11/I10)*C10)/I11) -> -0.11428571
B59: period 3
B60: A | D60: =(I23*L23-E23*L24-F23*L25-G23*L26-H23*L27)/(I23*L23) -> 0.64 | E60: =E23/I23 -> 0.1 | F60: =F23/I23 -> 0.1 | G60: =G23/I23 -> 0.1 | H60: =H23/I23 -> 0 | J60: =P23/Q23 -> 0.073529412 | K60: =U23/V23 -> 0.073529412 | M60: =J60*D60+E60*E61*J61+F60*F62*J62+G60*G63*J63+H60*H64*J64 -> 0.060784314 | N60: =K60*D60+E60*E61*K61+F60*F62*K62+G60*G63*K63+H60*H64*K64 -> 0.060784314 | P60: =1-N60/M54 -> 0.03125 | R60: =(((C15+(E15/I16)*C16+(F15/I17)*C17+(G15/I18)*C18+(H15/I19)*C19)/I15)-((C23+(E23/I24)*C24+(F23/I25)*C25+(G23/I26)*C26+(H23/I27)*C27)/I23))/((C15+(E15/I16)*C16+(F15/I17)*C17+(G15/I18)*C18+(H15/I19)*C19)/I15) -> 0.03125 | X60: =(AC23*AE23-AA23*AE24-AB23*AE25)/(AC23*AE23) -> 0.64 | Y60: =AA23/AC23 -> 0.3 | Z60: =AB23/AC23 -> 0 | AA60: =AH23/AI23 -> 0.073529412 | AB60: =AM23/AN23 -> 0.073529412 | AD60: =AA60*X60+Y60*Y61*AA61+Z60*Z62*AA62 -> 0.060294118 | AE60: =AB60*X60+Y60*Y61*AB61+Z60*Z62*AB62 -> 0.060294118 | AG60: =1-AE60/AD54 -> 0.030405405
B61: B1 | D61: =D24/I24 -> 0.22222222 | E61: =(I24*L24-D24*L23-F24*L25-G24*L26-H24*L27)/(I24*L24) -> 0.81481481 | F61: =F24/I24 -> 0 | G61: =G24/I24 -> 0 | H61: =H24/I24 -> 0 | J61: =P24/Q24 -> 0.048128342 | K61: =U24/V24 -> 0.048128342 | M61: =J61*E61+D61*D60*J60+F61*F62*J62+G61*G63*J63+H61*H64*J64 -> 0.049673203 | N61: =K61*E61+D61*D60*K60+F61*F62*K62+G61*G63*K63+H61*H64*K64 -> 0.049673203 | P61: =1-N61/M55 -> 0 | R61: =(((C16+(D16/I15)*C15+(F16/I17)*C17+(G16/I18)*C18+(H16/I19)*C19)/I16)-((C24+(D24/I23)*C23+(F24/I25)*C25+(G24/I26)*C26+(H24/I27)*C27)/I24))/((C16+(D16/I15)*C15+(F16/I17)*C17+(G16/I18)*C18+(H16/I19)*C19)/I16) -> 0 | X61: =Z24/AC24 -> 0.25 | Y61: =(AC24*AE24-Z24*AE23-AB24*AE25)/(AC24*AE24) -> 0.79166667 | Z61: =AB24/AC24 -> 0 | AA61: =AH24/AI24 -> 0.055727554 | AB61: =AM24/AN24 -> 0.055727554 | AD61: =AA61*Y61+X60*AA60*X61+AA62*Z62*Z61 -> 0.055882353 | AE61: =AB61*Y61+X60*AB60*X61+AB62*Z62*Z61 -> 0.055882353 | AG61: =1-AE61/AD55 -> 0.125
B62: B2 | D62: =D25/I25 -> 0.22222222 | E62: =E25/I25 -> 0 | F62: =(I25*L25-D25*L23-E25*L24-G25*L26-H25*L27)/(I25*L25) -> 0.81481481 | G62: =G25/I25 -> 0 | H62: =H25/I25 -> 0 | J62: =P25/Q25 -> 0.048128342 | K62: =U25/V25 -> 0.048128342 | M62: =J62*F62+D62*D60*J60+E62*E61*J61+G62*G63*J63+H62*H64*J64 -> 0.049673203 | N62: =K62*F62+D62*D60*K60+E62*E61*K61+G62*G63*K63+H62*H64*K64 -> 0.049673203 | P62: =1-N62/M56 -> 0.33333333 | R62: =(((C17+(D17/I15)*C15+(E17/I16)*C16+(G17/I19)*C18+(H17/I19)*C19)/I17)-((C25+(D25/I23)*C23+(E25/I24)*C24+(G25/I26)*C26+(H25/I27)*C27)/I25))/((C17+(D17/I15)*C15+(E17/I16)*C16+(G17/I18)*C18+(H17/I18)*C19)/I17) -> 0.33333333 | X62: =Z25/AC25 -> 1 | Y62: =AA25/AC25 -> 0 | Z62: =(AC25*AE25-Z25*AE23-AA25*AE24)/(AC25*AE25) -> 0.75 | AA62: =AH25/AI25 -> 0.31372549 | AB62: =AM25/AN25 -> 0.31372549 | AD62: =AA62*Z62+X60*AA60*X62+Y61*AA61*Y62 -> 0.28235294 | AE62: =AB62*Z62+X60*AB60*X62+Y61*AB61*Y62 -> 0.28235294 | AG62: =1-AE62/AD56 -> 0.076923077
B63: B3 | D63: =D26/I26 -> 0.33333333 | E63: =E26/I26 -> 0 | F63: =F26/I26 -> 0 | G63: =(I26*L26-D26*L23-E26*L24-F26*L25-H26*L27)/(I26*L26) -> 0.72222222 | H63: =H26/I26 -> 0 | J63: =P26/Q26 -> 0.081447964 | K63: =U26/V26 -> 0.081447964 | M63: =J63*G63+D63*D60*J60+E63*E61*J61+F63*F62*J62+H63*H64*J64 -> 0.074509804 | N63: =K63*G63+D63*D60*K60+E63*E61*K61+F63*F62*K62+H63*H64*K64 -> 0.074509804 | P63: =1-N63/M57 -> 0 | R63: =(((C18+(D18/I15)*C15+(E18/I16)*C16+(F18/I17)*C17+(H18/I19)*C19)/I18)-((C26+(D26/I23)*C23+(E26/I24)*C24+(F26/I25)*C25+(H26/I27)*C27)/I26))/((C18+(D18/I15)*C15+(E18/I16)*C16+(F18/I17)*C17+(H18/I19)*C19)/I18) -> 0
B64: C | D64: =D27/I27 -> 1 | E64: =E27/I27 -> 0 | F64: =F27/I27 -> 0 | G64: =G27/I27 -> 0 | H64: =(I27*L27-D27*L23-E27*L24-F27*L25-G27*L26)/(I27*L27) -> 0.75 | J64: =P27/Q27 -> 0.31372549 | K64: =U27/V27 -> 0.31372549 | M64: =J64*H64+D64*D60*J60+E64*E61*J61+F64*F62*J62+G64*G63*J63 -> 0.28235294 | N64: =K64*H64+D64*D60*K60+E64*E61*K61+F64*F62*K62+G64*G63*K63 -> 0.28235294 | P64: =1-N64/M58 -> 0.076923077 | R64: =(((C19+(D19/I15)*C15+(E19/I16)*C16+(F19/I17)*C17+(G19/I18)*C18)/I19)-((C27+(D27/I23)*C23+(E27/I24)*C24+(F27/I25)*C25+(G27/I26)*C26)/I27))/((C19+(D19/I15)*C15+(E19/I16)*C16+(F19/I17)*C17+(G19/I18)*C18)/I19) -> 0.076923077
B65: period 4
B66: A | D66: =(I31*L31-E31*L32-F31*L33-G31*L34-H31*L35)/(I31*L31) -> 0.64 | E66: =E31/I31 -> 0.1 | F66: =F31/I31 -> 0.1 | G66: =G31/I31 -> 0.1 | H66: =H31/I31 -> 0 | J66: =P31/Q31 -> 0.073529412 | K66: =U31/V31 -> 0.073529412 | M66: =J66*D66+E66*E67*J67+F66*F68*J68+G66*G69*J69+H66*H70*J70 -> 0.059803922 | N66: =K66*D66+E66*E67*K67+F66*F68*K68+G66*G69*K69+H66*H70*K70 -> 0.059803922 | P66: =1-N66/M60 -> 0.016129032 | R66: =(((C23+(E23/I24)*C24+(F23/I25)*C25+(G23/I26)*C26+(H23/I27)*C27)/I23)-((C31+(E31/I32)*C32+(F31/I33)*C33+(G31/I34)*C34+(H31/I35)*C35)/I31))/((C23+(E23/I24)*C24+(F23/I25)*C25+(G23/I26)*C26+(H23/I27)*C27)/I23) -> 0.016129032 | X66: =(AC31*AE31-AA31*AE32-AB31*AE33)/(AC31*AE31) -> 0.64 | Y66: =AA31/AC31 -> 0.3 | Z66: =AB31/AC31 -> 0 | AA66: =AH31/AI31 -> 0.073529412 | AB66: =AM31/AN31 -> 0.073529412 | AD66: =AA66*X66+Y66*Y67*AA67+Z66*Z68*AA68 -> 0.059764706 | AE66: =AB66*X66+Y66*Y67*AB67+Z66*Z68*AB68 -> 0.059764706 | AG66: =1-AE66/AD60 -> 0.0087804878
B67: B1 | D67: =D32/I32 -> 0.22222222 | E67: =(I32*L32-D32*L31-F32*L33-G32*L34-H32*L35)/(I32*L32) -> 0.81481481 | F67: =F32/I32 -> 0 | G67: =G32/I32 -> 0 | H67: =H32/I32 -> 0 | J67: =P32/Q32 -> 0.048128342 | K67: =U32/V32 -> 0.048128342 | M67: =J67*E67+D67*D66*J66+F67*F68*J68+G67*G69*J69+H67*H70*J70 -> 0.049673203 | N67: =K67*E67+D67*D66*K66+F67*F68*K68+G67*G69*K69+H67*H70*K70 -> 0.049673203 | P67: =1-N67/M61 -> 0 | R67: =(((C24+(D24/I23)*C23+(F24/I25)*C25+(G24/I26)*C26+(H24/I27)*C27)/I24)-((C32+(D32/I31)*C31+(F32/I33)*C33+(G32/I34)*C34+(H32/I35)*C35)/I32))/((C24+(D24/I23)*C23+(F24/I25)*C25+(G24/I26)*C26+(H24/I27)*C27)/I24) -> 0 | X67: =Z32/AC32 -> 0.24 | Y67: =(AC32*AE32-Z32*AE31-AB32*AE33)/(AC32*AE32) -> 0.8 | Z67: =AB32/AC32 -> 0 | AA67: =AH32/AI32 -> 0.052941176 | AB67: =AM32/AN32 -> 0.052941176 | AD67: =AA67*Y67+X66*AA66*X67+AA68*Z68*Z67 -> 0.053647059 | AE67: =AB67*Y67+X66*AB66*X67+AB68*Z68*Z67 -> 0.053647059 | AG67: =1-AE67/AD61 -> 0.04
B68: B2 | D68: =D33/I33 -> 0.25 | E68: =E33/I33 -> 0 | F68: =(I33*L33-D33*L31-E33*L32-G33*L34-H33*L35)/(I33*L33) -> 0.79166667 | G68: =G33/I33 -> 0 | H68: =H33/I33 -> 0 | J68: =P33/Q33 -> 0.055727554 | K68: =U33/V33 -> 0.055727554 | M68: =J68*F68+D68*D66*J66+E68*E67*J67+G68*G69*J69+H68*H70*J70 -> 0.055882353 | N68: =K68*F68+D68*D66*K66+E68*E67*K67+G68*G69*K69+H68*H70*K70 -> 0.055882353 | P68: =1-N68/M62 -> -0.125 | R68: =(((C25+(D25/I23)*C23+(E25/I24)*C24+(G25/I27)*C26+(H25/I27)*C27)/I25)-((C33+(D33/I31)*C31+(E33/I32)*C32+(G33/I34)*C34+(H33/I35)*C35)/I33))/((C25+(D25/I23)*C23+(E25/I24)*C24+(G25/I26)*C26+(H25/I27)*C27)/I25) -> -0.125 | X68: =Z33/AC33 -> 1 | Y68: =AA33/AC33 -> 0 | Z68: =(AC33*AE33-Z33*AE31-AA33*AE32)/(AC33*AE33) -> 0.75 | AA68: =AH33/AI33 -> 0.31372549 | AB68: =AM33/AN33 -> 0.31372549 | AD68: =AA68*Z68+X66*AA66*X68+Y67*AA67*Y68 -> 0.28235294 | AE68: =AB68*Z68+X66*AB66*X68+Y67*AB67*Y68 -> 0.28235294 | AG68: =1-AE68/AD62 -> 0
B69: B3 | D69: =D34/I34 -> 0.25 | E69: =E34/I34 -> 0 | F69: =F34/I34 -> 0 | G69: =(I34*L34-D34*L31-E34*L32-F34*L33-H34*L35)/(I34*L34) -> 0.79166667 | H69: =H34/I34 -> 0 | J69: =P34/Q34 -> 0.055727554 | K69: =U34/V34 -> 0.055727554 | M69: =J69*G69+D69*D66*J66+E69*E67*J67+F69*F68*J68+H69*H70*J70 -> 0.055882353 | N69: =K69*G69+D69*D66*K66+E69*E67*K67+F69*F68*K68+H69*H70*K70 -> 0.055882353 | P69: =1-N69/M63 -> 0.25 | R69: =(((C26+(D26/I23)*C23+(E26/I24)*C24+(F26/I25)*C25+(H26/I27)*C27)/I26)-((C34+(D34/I31)*C31+(E34/I32)*C32+(F34/I33)*C33+(H34/I35)*C35)/I34))/((C26+(D26/I23)*C23+(E26/I24)*C24+(F26/I25)*C25+(H26/I27)*C27)/I26) -> 0.25
B70: C | D70: =D35/I35 -> 1 | E70: =E35/I35 -> 0 | F70: =F35/I35 -> 0 | G70: =G35/I35 -> 0 | H70: =(I35*L35-D35*L31-E35*L32-F35*L33-G35*L34)/(I35*L35) -> 0.75 | J70: =P35/Q35 -> 0.31372549 | K70: =U35/V35 -> 0.31372549 | M70: =J70*H70+D70*D66*J66+E70*E67*J67+F70*F68*J68+G70*G69*J69 -> 0.28235294 | N70: =K70*H70+D70*D66*K66+E70*E67*K67+F70*F68*K68+G70*G69*K69 -> 0.28235294 | P70: =1-N70/M64 -> 0 | R70: =(((C27+(D27/I23)*C23+(E27/I24)*C24+(F27/I25)*C25+(G27/I26)*C26)/I27)-((C35+(D35/I31)*C31+(E35/I32)*C32+(F35/I33)*C33+(G35/I34)*C34)/I35))/((C27+(D27/I23)*C23+(E27/I24)*C24+(F27/I25)*C25+(G27/I26)*C26)/I27) -> 0
B71: period 5
B72: A | D72: =(I39*L39-E39*L40-F39*L41-G39*L42-H39*L43)/(I39*L39) -> 0.64 | E72: =E39/I39 -> 0.1 | F72: =F39/I39 -> 0.1 | G72: =G39/I39 -> 0.1 | H72: =H39/I39 -> 0 | J72: =P39/Q39 -> 0.073529412 | K72: =U39/V39 -> 0.073529412 | M72: =J72*D72+E72*E73*J73+F72*F74*J74+G72*G75*J75+H72*H76*J76 -> 0.058823529 | N72: =K72*D72+E72*E73*K73+F72*F74*K74+G72*G75*K75+H72*H76*K76 -> 0.058823529 | P72: =1-N72/M66 -> 0.016393443 | R72: =(((C31+(E31/I32)*C32+(F31/I33)*C33+(G31/I34)*C34+(H31/I35)*C35)/I31)-((C39+(E39/I40)*C40+(F39/I41)*C41+(G39/I42)*C42+(H39/I43)*C43)/I39))/((C31+(E31/I32)*C32+(F31/I33)*C33+(G31/I34)*C34+(H31/I35)*C35)/I31) -> 0.016393443 | X72: =(AC39*AE39-AA39*AE40-AB39*AE41)/(AC39*AE39) -> 0.64 | Y72: =AA39/AC39 -> 0.3 | Z72: =AB39/AC39 -> 0 | AA72: =AH39/AI39 -> 0.073529412 | AB72: =AM39/AN39 -> 0.073529412 | AD72: =AA72*X72+Y72*Y73*AA73+Z72*Z74*AA74 -> 0.058823529 | AE72: =AB72*X72+Y72*Y73*AB73+Z72*Z74*AB74 -> 0.058823529 | AG72: =1-AE72/AD66 -> 0.015748031
B73: B1 | D73: =D40/I40 -> 0.22222222 | E73: =(I40*L40-D40*L39-F40*L41-G40*L42-H40*L43)/(I40*L40) -> 0.81481481 | F73: =F40/I40 -> 0 | G73: =G40/I40 -> 0 | H73: =H40/I40 -> 0 | J73: =P40/Q40 -> 0.048128342 | K73: =U40/V40 -> 0.048128342 | M73: =J73*E73+D73*D72*J72+F73*F74*J74+G73*G75*J75+H73*H76*J76 -> 0.049673203 | N73: =K73*E73+D73*D72*K72+F73*F74*K74+G73*G75*K75+H73*H76*K76 -> 0.049673203 | P73: =1-N73/M67 -> 0 | R73: =(((C32+(D32/I31)*C31+(F32/I33)*C33+(G32/I34)*C34+(H32/I35)*C35)/I32)-((C40+(D40/I39)*C39+(F40/I41)*C41+(G40/I42)*C42+(H40/I43)*C43)/I40))/((C32+(D32/I31)*C31+(F32/I33)*C33+(G32/I34)*C34+(H32/I35)*C35)/I32) -> 0 | X73: =Z40/AC40 -> 0.22222222 | Y73: =(AC40*AE40-Z40*AE39-AB40*AE41)/(AC40*AE40) -> 0.81481481 | Z73: =AB40/AC40 -> 0 | AA73: =AH40/AI40 -> 0.048128342 | AB73: =AM40/AN40 -> 0.048128342 | AD73: =AA73*Y73+X72*AA72*X73+AA74*Z74*Z73 -> 0.049673203 | AE73: =AB73*Y73+X72*AB72*X73+AB74*Z74*Z73 -> 0.049673203 | AG73: =1-AE73/AD67 -> 0.074074074
B74: B2 | D74: =D41/I41 -> 0.22222222 | E74: =E41/I41 -> 0 | F74: =(I41*L41-D41*L39-E41*L40-G41*L42-H41*L43)/(I41*L41) -> 0.81481481 | G74: =G41/I41 -> 0 | H74: =H41/I41 -> 0 | J74: =P41/Q41 -> 0.048128342 | K74: =U41/V41 -> 0.048128342 | M74: =J74*F74+D74*D72*J72+E74*E73*J73+G74*G75*J75+H74*H76*J76 -> 0.049673203 | N74: =K74*F74+D74*D72*K72+E74*E73*K73+G74*G75*K75+H74*H76*K76 -> 0.049673203 | P74: =1-N74/M68 -> 0.11111111 | R74: =(((C33+(D33/I31)*C31+(E33/I32)*C32+(G33/I35)*C34+(H33/I35)*C35)/I33)-((C41+(D41/I39)*C39+(E41/I40)*C40+(G41/I42)*C42+(H41/I43)*C43)/I41))/((C33+(D33/I31)*C31+(E33/I32)*C32+(G33/I34)*C34+(H33/I34)*C35)/I33) -> 0.11111111 | X74: =Z41/AC41 -> 1 | Y74: =AA41/AC41 -> 0 | Z74: =(AC41*AE41-Z41*AE39-AA41*AE40)/(AC41*AE41) -> 0.75 | AA74: =AH41/AI41 -> 0.31372549 | AB74: =AM41/AN41 -> 0.31372549 | AD74: =AA74*Z74+X72*AA72*X74+Y73*AA73*Y74 -> 0.28235294 | AE74: =AB74*Z74+X72*AB72*X74+Y73*AB73*Y74 -> 0.28235294 | AG74: =1-AE74/AD68 -> 0
B75: B3 | D75: =D42/I42 -> 0.22222222 | E75: =E42/I42 -> 0 | F75: =F42/I42 -> 0 | G75: =(I42*L42-D42*L39-E42*L40-F42*L41-H42*L43)/(I42*L42) -> 0.81481481 | H75: =H42/I42 -> 0 | J75: =P42/Q42 -> 0.048128342 | K75: =U42/V42 -> 0.048128342 | M75: =J75*G75+D75*D72*J72+E75*E73*J73+F75*F74*J74+H75*H76*J76 -> 0.049673203 | N75: =K75*G75+D75*D72*K72+E75*E73*K73+F75*F74*K74+H75*H76*K76 -> 0.049673203 | P75: =1-N75/M69 -> 0.11111111 | R75: =(((C34+(D34/I31)*C31+(E34/I32)*C32+(F34/I33)*C33+(H34/I35)*C35)/I34)-((C42+(D42/I39)*C39+(E42/I40)*C40+(F42/I41)*C41+(H42/I43)*C43)/I42))/((C34+(D34/I31)*C31+(E34/I32)*C32+(F34/I33)*C33+(H34/I35)*C35)/I34) -> 0.11111111
B76: C | D76: =D43/I43 -> 1 | E76: =E43/I43 -> 0 | F76: =F43/I43 -> 0 | G76: =G43/I43 -> 0 | H76: =(I43*L43-D43*L39-E43*L40-F43*L41-G43*L42)/(I43*L43) -> 0.75 | J76: =P43/Q43 -> 0.31372549 | K76: =U43/V43 -> 0.31372549 | M76: =J76*H76+D76*D72*J72+E76*E73*J73+F76*F74*J74+G76*G75*J75 -> 0.28235294 | N76: =K76*H76+D76*D72*K72+E76*E73*K73+F76*F74*K74+G76*G75*K75 -> 0.28235294 | P76: =1-N76/M70 -> 0 | R76: =(((C35+(D35/I31)*C31+(E35/I32)*C32+(F35/I33)*C33+(G35/I34)*C34)/I35)-((C43+(D43/I39)*C39+(E43/I40)*C40+(F43/I41)*C41+(G43/I42)*C42)/I43))/((C35+(D35/I31)*C31+(E35/I32)*C32+(F35/I33)*C33+(G35/I34)*C34)/I35) -> 0
R79: 1-2 | S79: 2-3 | T79: 3-4 | U79: 4-5 | AE79: 1-2 | AF79: 2-3 | AG79: 3-4 | AH79: 4-5
P80: A | R80: =P54 -> -0.16363636 | S80: =P60 -> 0.03125 | T80: =P66 -> 0.016129032 | U80: =P72 -> 0.016393443 | AC80: A | AE80: =AG54 -> -0.15324675 | AF80: =AG60 -> 0.030405405 | AG80: =AG66 -> 0.0087804878 | AH80: =AG72 -> 0.015748031
P81: B1 | R81: =P55 -> 0.30909091 | S81: =P61 -> 0 | T81: =P67 -> 0 | U81: =P73 -> 0 | AC81: B | AE81: =AG55 -> 0.11168831 | AF81: =AG61 -> 0.125 | AG81: =AG67 -> 0.04 | AH81: =AG73 -> 0.074074074
P82: B2 | R82: =P56 -> -0.036363636 | S82: =P62 -> 0.33333333 | T82: =P68 -> -0.125 | U82: =P74 -> 0.11111111 | AC82: C | AE82: =AG56 -> -0.11428571 | AF82: =AG62 -> 0.076923077 | AG82: =AG68 -> 0 | AH82: =AG74 -> 0
P83: B3 | R83: =P57 -> -0.036363636 | S83: =P63 -> 0 | T83: =P69 -> 0.25 | U83: =P75 -> 0.11111111
P84: C | R84: =P58 -> -0.11428571 | S84: =P64 -> 0.076923077 | T84: =P70 -> 0 | U84: =P76 -> 0 | AD84: 1 | AE84: 2 | AF84: 3 | AG84: 4 | AH84: 5
Q86: 1 | R86: 2 | S86: 3 | T86: 4 | U86: 5 | AC86: A | AD86: 100 | AE86: =AD86-AE80*AD86 -> 115.32468 | AF86: =AE86-AF80*AE86 -> 111.81818 | AG86: =AF86-AG80*AF86 -> 110.83636 | AH86: =AG86-AH80*AG86 -> 109.09091
AC87: B | AD87: 100 | AE87: =AD87-AE81*AD87 -> 88.831169 | AF87: =AE87-AF81*AE87 -> 77.727273 | AG87: =AF87-AG81*AF87 -> 74.618182 | AH87: =AG87-AH81*AG87 -> 69.090909
P88: A | Q88: 100 | R88: =Q88-R80*Q88 -> 116.36364 | S88: =R88-S80*R88 -> 112.72727 | T88: =S88-T80*S88 -> 110.90909 | U88: =T88-U80*T88 -> 109.09091 | AC88: C | AD88: 100 | AE88: =AD88-AE82*AD88 -> 111.42857 | AF88: =AE88-AF82*AE88 -> 102.85714 | AG88: =AF88-AG82*AF88 -> 102.85714 | AH88: =AG88-AH82*AG88 -> 102.85714
P89: B1 | Q89: 100 | R89: =Q89-R81*Q89 -> 69.090909 | S89: =R89-S81*R89 -> 69.090909 | T89: =S89-T81*S89 -> 69.090909 | U89: =T89-U81*T89 -> 69.090909
P90: B2 | Q90: 100 | R90: =Q90-R82*Q90 -> 103.63636 | S90: =R90-S82*R90 -> 69.090909 | T90: =S90-T82*S90 -> 77.727273 | U90: =T90-U82*T90 -> 69.090909
P91: B3 | Q91: 100 | R91: =Q91-R83*Q91 -> 103.63636 | S91: =R91-S83*R91 -> 103.63636 | T91: =S91-T83*S91 -> 77.727273 | U91: =T91-U83*T91 -> 69.090909
P92: C | Q92: 100 | R92: =Q92-R84*Q92 -> 111.42857 | S92: =R92-S84*R92 -> 102.85714 | T92: =S92-T84*S92 -> 102.85714 | U92: =T92-U84*T92 -> 102.85714
